Workbook

Sheet Company Data
A1: NM Operator Data | J1: NAICS.COM Match Fields | N1: NAICS.COM Appended Record Firmographics | BH1: NAICS.COM Global Ultimate Parent Firmagraphics | CS1: Small Business Administration (SBA) Size Definitions | DD1: (MSCF) | DE1: (BBLS)
A2: COMPANY NAME | B2: PRIMARY ADDRESS | C2: PO BOX | D2: PRIMARY CITY | E2: PRIMARY STATE | F2: PRIMARY ZIP | G2: PRIMARY COUNTRY | H2: PRIMARY PHONE | I2: Input Sequence | J2: Bemfab | K2: Match Method | L2: Match Grade | M2: Confidence Code | N2: DUNS # | O2: Business Name | P2: Tradestyle Name | Q2: Street Address | R2: City Name | S2: State/ Province | T2: Postal Code | U2: Country | V2: Telephone # | W2: Sales Volume | X2: Employees on Site | Y2: Total Employees | Z2: Year Started | AA2: Location Type | AB2: CEO Name | AC2: CEO Title | AD2: Line of Business | AE2: Primary SIC 1 | AF2: Primary SIC 1 Description | AG2: SIC 2 | AH2: SIC 2 Description | AI2: Eight Digit SIC 1 | AJ2: Eight Digit SIC 1 Description | AK2: Eight Digit SIC 2 | AL2: Eight Digit SIC 2 Description | AM2: Primary NAICS 1 Code | AN2: Primary NAICS 1 Description | AO2: NAICS 2 Code | AP2: NAICS 2 Description | AQ2: Subsidiary Indicator | AR2: Global Ult DUNS # | AS2: Global Ult Name | AT2: Global Ult Indicator | AU2: Global Ult State/Prov Abbreviation | AV2: Global Ult Country | AW2: Domestic Ult DUNS # | AX2: Domestic Ult Name | AY2: Domestic Ult State/Prov Abbreviation | AZ2: Domestic Ult Country | BA2: Parent DUNS # | BB2: HQ DUNS # | BC2: HQ/Parent Name | BD2: Hq/Parent State/Prov Abbreviation | BE2: HQ/PARENT COUNTRY | BF2: Hierarchy Code | BG2: Number Of Family Members | BH2: Global DUNS # | BI2: Business Name | BJ2: Tradestyle Name | BK2: Street Address | BL2: City Name | BM2: State/ Province | BN2: Postal Code | BO2: Country | BP2: Telephone # | BQ2: Sales Volume | BR2: Employees on Site | BS2: Total Employees | BT2: Year Started | BU2: Location Type | BV2: CEO Name | BW2: CEO Title | BX2: Line of Business | BY2: Primary SIC 1 | BZ2: Primary SIC 1 Description | CA2: SIC 2 | CB2: SIC 2 Description | CC2: Eight Digit SIC 1 | CD2: Eight Digit SIC 1 Description | CE2: Eight Digit SIC 2 | CF2: Eight Digit SIC 2 Description | CG2: Primary NAICS 1 Code | CH2: Primary NAICS 1 Description | CI2: NAICS 2 Code | CJ2: NAICS 2 Description | CK2: Global Ultimate Parent (GULT) Revenue | CL2: GULT Employment | CM2: NAICS Associated with highest level entity | CN2: GULT Instance | CO2: Accept Match? | CP2: Final Match Disposition | CQ2: Matched with Rev & Emp | CR2: NOTES on Match | CS2: Definition Type | CT2: Revenue Definition | CU2: Employment Definition | CV2: SBA Small? | CW2: GULT Revenue Range | CX2: Clean Name & Address | CY2: Production ID Match | CZ2: Well/Prod Data | DA2: # Non-Stripper Wells | DB2: # Stripper Wells | DC2: Total Number of Wells | DD2: Total Gas (1/2019 – 6/2020) | DE2: Total Oil (1/2019 – 6/2020) | DF2: Avg Revenue/Well | DG2: Total Gas Value (Annual) | DH2: Total Oil Value (Annual) | DI2: Total Oil and Gas Value (Annual) | DJ2: Avg Gas and Oil Value/Wells
A3: Atlantic Richfield Company | B3: 1701 Summit | D3: Plano | E3: TX | F3: 75074 | G3: USA | I3: 23 | J3: A | K3: Standard Match | L3: ABAAAZZ | M3: 10 | N3: 79-606-2503 | O3: Atlantic Richfield Company | P3: A R C O | Q3: 1601 Summit Ave | R3: Plano | S3: Texas | T3: 75074-8110 | U3: USA | V3: 2147543260 | X3: 25 | Y3: 0 | AA3: Branch | AB3: Jim Mc Cullor | AC3: Branch Manager | AD3: Gasoline service stations | AE3: 5541 | AF3: Gasoline Service Stations | AI3: 55419901 | AJ3: Filling stations, gasoline | AM3: 447190 | AN3: Other Gasoline Stations | AQ3: Not a Subsidiary | AR3: 21-004-2669 | AS3: BP P.L.C. | AT3: N | AV3: England | AW3: 03-959-6507 | AX3: BP America Inc | AY3: IL | AZ3: USA | BB3: 04-542-6723 | BC3: Atlantic Richfield Company Inc | BD3: CA | BE3: England | BF3: 3 | BG3: 4401 | BH3: 21-004-2669 | BI3: BP P.L.C. | BJ3: BP | BK3: 1 St. James's Square | BL3: LONDON | BN3: SW1Y 4PD | BO3: England | BP3: 2074964000 | BQ3: 278397000000 | BR3: 0 | BS3: 72500 | BT3: 1909 | BU3: Headquarters | BV3: Melody Boone Meyer | BW3: Director | BX3: Holding companies, nec, nsk | BY3: 6719 | BZ3: Holding Companies, Nec | CC3: 67190000 | CD3: Holding companies, nec | CG3: 551112 | CH3: Offices of Other Holding Companies | CK3: =IF(BQ3>0,BQ3,W3) -> 278397000000 | CL3: =IF(BS3>0,BS3,Y3) -> 72500 | CM3: =IF(CG3>0,CG3,AM3) -> 551112 | CN3: =IF($BH3="",1,COUNTIF($BH$3:$BH3,$BH3)) -> 1 | CP3: =IF($K3="Standard Match","Match",IF($K3="Name Only Match",IF($CO3="Yes","Match","Name Only Match"),"No Match")) -> Match | CQ3: =IF(AND(CP3="Match",CK3>0,CL3>0),"Y","N") -> Y | CS3: =IF($CQ3="Y",VLOOKUP($CM3,'SBA Size Standards'!$B$3:$G$57,MATCH('SBA Size Standards'!$G$3,'SBA Size Standards'!$B$3:$G$3,0),FALSE),"") -> Revenue | CT3: =IF(CQ3="Y",IF($CS3="Employment","N/A",VLOOKUP($CM3,'SBA Size Standards'!$B$3:$G$57,MATCH('SBA Size Standards'!$E$3,'SBA Size Standards'!$B$3:$G$3,0),FALSE)),"") -> 22000000 | CU3: =IF($CQ3="Y",IF($CS3="Revenue","N/A",VLOOKUP($CM3,'SBA Size Standards'!$B$3:$G$57,MATCH('SBA Size Standards'!$F$3,'SBA Size Standards'!$B$3:$G$3,0),FALSE)),"") -> N/A | CV3: =IF($CQ3="Y",IF(OR(AND($CS3="Employment",$CL3<$CU3),AND($CS3="Revenue",$CK3<$CT3)),"YES","NO"),"") -> NO | CW3: =IF($CQ3="Y",INDEX('SBA Size Standards'!$N$3:$N$12,MATCH($CK3,'SBA Size Standards'!$O$3:$O$12,1)),"") -> >$125,000,000,000 | CX3: ATLANTICRICHFIELDCOMPANY1701SUMMITPLANO | CY3: =INDEX('NM O&G Production'!$P$3:$P$537,MATCH(CX3,'NM O&G Production'!$Q$3:$Q$537,0)) -> 23 | CZ3: =INDEX('NM O&G Production'!$O$3:$O$537,MATCH(CY3,'NM O&G Production'!$P$3:$P$537,0)) -> No | DA3: =INDEX('NM O&G Production'!$K$3:$O$537,MATCH($CY3,'NM O&G Production'!$P$3:$P$537,0),MATCH(DA$2,'NM O&G Production'!$K$2:$O$2,0)) -> 0 | DB3: =INDEX('NM O&G Production'!$K$3:$O$537,MATCH($CY3,'NM O&G Production'!$P$3:$P$537,0),MATCH(DB$2,'NM O&G Production'!$K$2:$O$2,0)) -> 0 | DD3: =INDEX('NM O&G Production'!$K$3:$O$537,MATCH($CY3,'NM O&G Production'!$P$3:$P$537,0),MATCH(DD$2,'NM O&G Production'!$K$2:$O$2,0)) -> 0 | DE3: =INDEX('NM O&G Production'!$K$3:$O$537,MATCH($CY3,'NM O&G Production'!$P$3:$P$537,0),MATCH(DE$2,'NM O&G Production'!$K$2:$O$2,0)) -> 0 | DF3: =CK3/(DB3+DA3) -> #DIV/0! | DG3: =DD3*(12/18)*1.06*'Oil and Gas Prices'!$C$18 -> 0 | DH3: =DE3*(12/18)*'Oil and Gas Prices'!$C$4 -> 0 | DJ3: =(DG3+DH3)/(DA3+DB3) -> #DIV/0! | DK3: =CK3/DI3 -> #DIV/0!
A4: BP Pipelines (North America) Inc | B4: 28100 Torch Pkwy | D4: Warrenville | E4: IL | F4: 60555 | G4: USA | I4: 47 | J4: M | K4: Standard Match | L4: AAAAAZZ | M4: 10 | N4: 00-790-7975 | O4: BP Pipelines (north America) Inc. | P4: AMOCO | Q4: 28100 Torch Pkwy Ste 600 | R4: Warrenville | S4: Illinois | T4: 60555-4030 | U4: USA | V4: 6304205111 | W4: 192309022 | X4: 116 | Y4: 900 | Z4: 1916 | AA4: Headquarters | AB4: D Wight | AC4: President | AD4: Gasoline service stations | AE4: 5541 | AF4: Gasoline Service Stations | AG4: 4613 | AH4: Refined Petroleum Pipelines | AI4: 55419901 | AJ4: Filling stations, gasoline | AK4: 46130000 | AL4: Refined petroleum pipelines | AM4: 447190 | AN4: Other Gasoline Stations | AO4: 486910 | AP4: Pipeline Transportation of Refined Petroleum Products | AQ4: Subsidiary | AR4: 21-004-2669 | AS4: BP P.L.C. | AT4: N | AV4: England | AW4: 03-959-6507 | AX4: BP America Inc | AY4: IL | AZ4: USA | BA4: 61-079-3622 | BC4: BP Company North America Inc. | BD4: IL | BE4: England | BF4: 5 | BG4: 4401 | BH4: 21-004-2669 | BI4: BP P.L.C. | BJ4: BP | BK4: 1 St. James's Square | BL4: LONDON | BN4: SW1Y 4PD | BO4: England | BP4: 2074964000 | BQ4: 278397000000 | BR4: 0 | BS4: 72500 | BT4: 1909 | BU4: Headquarters | BV4: Melody Boone Meyer | BW4: Director | BX4: Holding companies, nec, nsk | BY4: 6719 | BZ4: Holding Companies, Nec | CC4: 67190000 | CD4: Holding companies, nec | CG4: 551112 | CH4: Offices of Other Holding Companies | CK4: =IF(BQ4>0,BQ4,W4) -> 278397000000 | CL4: =IF(BS4>0,BS4,Y4) -> 72500 | CM4: =IF(CG4>0,CG4,AM4) -> 551112 | CN4: =IF($BH4="",1,COUNTIF($BH$3:$BH4,$BH4)) -> 2 | CP4: =IF($K4="Standard Match","Match",IF($K4="Name Only Match",IF($CO4="Yes","Match","Name Only Match"),"No Match")) -> Match | CQ4: =IF(AND(CP4="Match",CK4>0,CL4>0),"Y","N") -> Y | CS4: =IF($CQ4="Y",VLOOKUP($CM4,'SBA Size Standards'!$B$3:$G$57,MATCH('SBA Size Standards'!$G$3,'SBA Size Standards'!$B$3:$G$3,0),FALSE),"") -> Revenue | CT4: =IF(CQ4="Y",IF($CS4="Employment","N/A",VLOOKUP($CM4,'SBA Size Standards'!$B$3:$G$57,MATCH('SBA Size Standards'!$E$3,'SBA Size Standards'!$B$3:$G$3,0),FALSE)),"") -> 22000000 | CU4: =IF($CQ4="Y",IF($CS4="Revenue","N/A",VLOOKUP($CM4,'SBA Size Standards'!$B$3:$G$57,MATCH('SBA Size Standards'!$F$3,'SBA Size Standards'!$B$3:$G$3,0),FALSE)),"") -> N/A | CV4: =IF($CQ4="Y",IF(OR(AND($CS4="Employment",$CL4<$CU4),AND($CS4="Revenue",$CK4<$CT4)),"YES","NO"),"") -> NO | CW4: =IF($CQ4="Y",INDEX('SBA Size Standards'!$N$3:$N$12,MATCH($CK4,'SBA Size Standards'!$O$3:$O$12,1)),"") -> >$125,000,000,000 | CX4: BPPIPELINES(NORTHAMERICA)INC28100TORCHPKWYWARRENVILLE | CY4: =INDEX('NM O&G Production'!$P$3:$P$537,MATCH(CX4,'NM O&G Production'!$Q$3:$Q$537,0)) -> 47 | CZ4: =INDEX('NM O&G Production'!$O$3:$O$537,MATCH(CY4,'NM O&G Production'!$P$3:$P$537,0)) -> No | DA4: =INDEX('NM O&G Production'!$K$3:$O$537,MATCH($CY4,'NM O&G Production'!$P$3:$P$537,0),MATCH(DA$2,'NM O&G Production'!$K$2:$O$2,0)) -> 0 | DB4: =INDEX('NM O&G Production'!$K$3:$O$537,MATCH($CY4,'NM O&G Production'!$P$3:$P$537,0),MATCH(DB$2,'NM O&G Production'!$K$2:$O$2,0)) -> 0 | DD4: =INDEX('NM O&G Production'!$K$3:$O$537,MATCH($CY4,'NM O&G Production'!$P$3:$P$537,0),MATCH(DD$2,'NM O&G Production'!$K$2:$O$2,0)) -> 0 | DE4: =INDEX('NM O&G Production'!$K$3:$O$537,MATCH($CY4,'NM O&G Production'!$P$3:$P$537,0),MATCH(DE$2,'NM O&G Production'!$K$2:$O$2,0)) -> 0 | DF4: =CK4/(DB4+DA4) -> #DIV/0! | DG4: =DD4*(12/18)*1.06*'Oil and Gas Prices'!$C$18 -> 0 | DH4: =DE4*(12/18)*'Oil and Gas Prices'!$C$4 -> 0 | DJ4: =(DG4+DH4)/(DA4+DB4) -> #DIV/0! | DK4: =CK4/DI4 -> #DIV/0!
A5: BP America Production Company | B5: 1950 N. Stemmons Frwy. Suite 5010 | C5: PO Box 841560 | D5: Dallas | E5: TX | F5: 75207-1462 | G5: USA | I5: 45 | J5: M | K5: Name Only Match | L5: AZZZZZZ | M5: 8 | N5: 00-896-6889 | O5: BP America Production Company | P5: BP | Q5: 501 Westlake Park Blvd | R5: Houston | S5: Texas | T5: 77079-2604 | U5: USA | V5: 2813662000 | W5: 16946781179 | X5: 4 | Y5: 10300 | Z5: 1930 | AA5: Headquarters | AB5: Bob Dudley | AC5: Chief Executive Officer | AD5: Crude petroleum and natural gas, nsk | AE5: 1311 | AF5: Crude Petroleum and Natural Gas | AG5: 1321 | AH5: Natural Gas Liquids | AI5: 13110101 | AJ5: Crude petroleum production | AK5: 13210000 | AL5: Natural gas liquids | AM5: 211120 | AN5: Crude Petroleum Extraction | AO5: 211130 | AP5: Natural Gas Extraction | AQ5: Subsidiary | AR5: 21-004-2669 | AS5: BP P.L.C. | AT5: N | AV5: England | AW5: 03-959-6507 | AX5: BP America Inc | AY5: IL | AZ5: USA | BA5: 61-079-3622 | BC5: BP Company North America Inc. | BD5: IL | BE5: England | BF5: 5 | BG5: 4401 | BH5: 21-004-2669 | BI5: BP P.L.C. | BJ5: BP | BK5: 1 St. James's Square | BL5: LONDON | BN5: SW1Y 4PD | BO5: England | BP5: 2074964000 | BQ5: 278397000000 | BR5: 0 | BS5: 72500 | BT5: 1909 | BU5: Headquarters | BV5: Melody Boone Meyer | BW5: Director | BX5: Holding companies, nec, nsk | BY5: 6719 | BZ5: Holding Companies, Nec | CC5: 67190000 | CD5: Holding companies, nec | CG5: 551112 | CH5: Offices of Other Holding Companies | CK5: =IF(BQ5>0,BQ5,W5) -> 278397000000 | CL5: =IF(BS5>0,BS5,Y5) -> 72500 | CM5: =IF(CG5>0,CG5,AM5) -> 551112 | CN5: =IF($BH5="",1,COUNTIF($BH$3:$BH5,$BH5)) -> 3 | CO5: Yes | CP5: =IF($K5="Standard Match","Match",IF($K5="Name Only Match",IF($CO5="Yes","Match","Name Only Match"),"No Match")) -> Match | CQ5: =IF(AND(CP5="Match",CK5>0,CL5>0),"Y","N") -> Y | CS5: =IF($CQ5="Y",VLOOKUP($CM5,'SBA Size Standards'!$B$3:$G$57,MATCH('SBA Size Standards'!$G$3,'SBA Size Standards'!$B$3:$G$3,0),FALSE),"") -> Revenue | CT5: =IF(CQ5="Y",IF($CS5="Employment","N/A",VLOOKUP($CM5,'SBA Size Standards'!$B$3:$G$57,MATCH('SBA Size Standards'!$E$3,'SBA Size Standards'!$B$3:$G$3,0),FALSE)),"") -> 22000000 | CU5: =IF($CQ5="Y",IF($CS5="Revenue","N/A",VLOOKUP($CM5,'SBA Size Standards'!$B$3:$G$57,MATCH('SBA Size Standards'!$F$3,'SBA Size Standards'!$B$3:$G$3,0),FALSE)),"") -> N/A | CV5: =IF($CQ5="Y",IF(OR(AND($CS5="Employment",$CL5<$CU5),AND($CS5="Revenue",$CK5<$CT5)),"YES","NO"),"") -> NO | CW5: =IF($CQ5="Y",INDEX('SBA Size Standards'!$N$3:$N$12,MATCH($CK5,'SBA Size Standards'!$O$3:$O$12,1)),"") -> >$125,000,000,000 | CX5: BPAMERICAPRODUCTIONCOMPANY1950NSTEMMONSFRWYSUITE5010DALLAS | CY5: =INDEX('NM O&G Production'!$P$3:$P$537,MATCH(CX5,'NM O&G Production'!$Q$3:$Q$537,0)) -> 45 | CZ5: =INDEX('NM O&G Production'!$O$3:$O$537,MATCH(CY5,'NM O&G Production'!$P$3:$P$537,0)) -> No | DA5: =INDEX('NM O&G Production'!$K$3:$O$537,MATCH($CY5,'NM O&G Production'!$P$3:$P$537,0),MATCH(DA$2,'NM O&G Production'!$K$2:$O$2,0)) -> 0 | DB5: =INDEX('NM O&G Production'!$K$3:$O$537,MATCH($CY5,'NM O&G Production'!$P$3:$P$537,0),MATCH(DB$2,'NM O&G Production'!$K$2:$O$2,0)) -> 0 | DD5: =INDEX('NM O&G Production'!$K$3:$O$537,MATCH($CY5,'NM O&G Production'!$P$3:$P$537,0),MATCH(DD$2,'NM O&G Production'!$K$2:$O$2,0)) -> 0 | DE5: =INDEX('NM O&G Production'!$K$3:$O$537,MATCH($CY5,'NM O&G Production'!$P$3:$P$537,0),MATCH(DE$2,'NM O&G Production'!$K$2:$O$2,0)) -> 0 | DF5: =CK5/(DB5+DA5) -> #DIV/0! | DG5: =DD5*(12/18)*1.06*'Oil and Gas Prices'!$C$18 -> 0 | DH5: =DE5*(12/18)*'Oil and Gas Prices'!$C$4 -> 0 | DJ5: =(DG5+DH5)/(DA5+DB5) -> #DIV/0! | DK5: =CK5/DI5 -> #DIV/0!
A6: BP AMERICA PRODUCTION COMPANY | B6: 1199 Main Avenue | D6: Durango | E6: CO | F6: 81301 | G6: USA | I6: 46 | J6: M | K6: Name Only Match | L6: AZZZZZZ | M6: 8 | N6: 00-896-6889 | O6: BP America Production Company | P6: BP | Q6: 501 Westlake Park Blvd | R6: Houston | S6: Texas | T6: 77079-2604 | U6: USA | V6: 2813662000 | W6: 16946781179 | X6: 4 | Y6: 10300 | Z6: 1930 | AA6: Headquarters | AB6: Bob Dudley | AC6: Chief Executive Officer | AD6: Crude petroleum and natural gas, nsk | AE6: 1311 | AF6: Crude Petroleum and Natural Gas | AG6: 1321 | AH6: Natural Gas Liquids | AI6: 13110101 | AJ6: Crude petroleum production | AK6: 13210000 | AL6: Natural gas liquids | AM6: 211120 | AN6: Crude Petroleum Extraction | AO6: 211130 | AP6: Natural Gas Extraction | AQ6: Subsidiary | AR6: 21-004-2669 | AS6: BP P.L.C. | AT6: N | AV6: England | AW6: 03-959-6507 | AX6: BP America Inc | AY6: IL | AZ6: USA | BA6: 61-079-3622 | BC6: BP Company North America Inc. | BD6: IL | BE6: England | BF6: 5 | BG6: 4401 | BH6: 21-004-2669 | BI6: BP P.L.C. | BJ6: BP | BK6: 1 St. James's Square | BL6: LONDON | BN6: SW1Y 4PD | BO6: England | BP6: 2074964000 | BQ6: 278397000000 | BR6: 0 | BS6: 72500 | BT6: 1909 | BU6: Headquarters | BV6: Melody Boone Meyer | BW6: Director | BX6: Holding companies, nec, nsk | BY6: 6719 | BZ6: Holding Companies, Nec | CC6: 67190000 | CD6: Holding companies, nec | CG6: 551112 | CH6: Offices of Other Holding Companies | CK6: =IF(BQ6>0,BQ6,W6) -> 278397000000 | CL6: =IF(BS6>0,BS6,Y6) -> 72500 | CM6: =IF(CG6>0,CG6,AM6) -> 551112 | CN6: =IF($BH6="",1,COUNTIF($BH$3:$BH6,$BH6)) -> 4 | CO6: Yes | CP6: =IF($K6="Standard Match","Match",IF($K6="Name Only Match",IF($CO6="Yes","Match","Name Only Match"),"No Match")) -> Match | CQ6: =IF(AND(CP6="Match",CK6>0,CL6>0),"Y","N") -> Y | CS6: =IF($CQ6="Y",VLOOKUP($CM6,'SBA Size Standards'!$B$3:$G$57,MATCH('SBA Size Standards'!$G$3,'SBA Size Standards'!$B$3:$G$3,0),FALSE),"") -> Revenue | CT6: =IF(CQ6="Y",IF($CS6="Employment","N/A",VLOOKUP($CM6,'SBA Size Standards'!$B$3:$G$57,MATCH('SBA Size Standards'!$E$3,'SBA Size Standards'!$B$3:$G$3,0),FALSE)),"") -> 22000000 | CU6: =IF($CQ6="Y",IF($CS6="Revenue","N/A",VLOOKUP($CM6,'SBA Size Standards'!$B$3:$G$57,MATCH('SBA Size Standards'!$F$3,'SBA Size Standards'!$B$3:$G$3,0),FALSE)),"") -> N/A | CV6: =IF($CQ6="Y",IF(OR(AND($CS6="Employment",$CL6<$CU6),AND($CS6="Revenue",$CK6<$CT6)),"YES","NO"),"") -> NO | CW6: =IF($CQ6="Y",INDEX('SBA Size Standards'!$N$3:$N$12,MATCH($CK6,'SBA Size Standards'!$O$3:$O$12,1)),"") -> >$125,000,000,000 | CX6: BPAMERICAPRODUCTIONCOMPANY1199MAINAVENUEDURANGO | CY6: =INDEX('NM O&G Production'!$P$3:$P$537,MATCH(CX6,'NM O&G Production'!$Q$3:$Q$537,0)) -> 46 | CZ6: =INDEX('NM O&G Production'!$O$3:$O$537,MATCH(CY6,'NM O&G Production'!$P$3:$P$537,0)) -> Yes | DA6: =INDEX('NM O&G Production'!$K$3:$O$537,MATCH($CY6,'NM O&G Production'!$P$3:$P$537,0),MATCH(DA$2,'NM O&G Production'!$K$2:$O$2,0)) -> 64 | DB6: =INDEX('NM O&G Production'!$K$3:$O$537,MATCH($CY6,'NM O&G Production'!$P$3:$P$537,0),MATCH(DB$2,'NM O&G Production'!$K$2:$O$2,0)) -> 20 | DC6: =DA6+DB6 -> 84 | DD6: =INDEX('NM O&G Production'!$K$3:$O$537,MATCH($CY6,'NM O&G Production'!$P$3:$P$537,0),MATCH(DD$2,'NM O&G Production'!$K$2:$O$2,0)) -> 4016686 | DE6: =INDEX('NM O&G Production'!$K$3:$O$537,MATCH($CY6,'NM O&G Production'!$P$3:$P$537,0),MATCH(DE$2,'NM O&G Production'!$K$2:$O$2,0)) -> 6215 | DF6: =CK6/(DB6+DA6) -> 3314250000 | DG6: =DD6*(12/18)*1.06*'Oil and Gas Prices'!$C$18 -> 6783914.9 | DH6: =DE6*(12/18)*'Oil and Gas Prices'!$C$4 -> 186450 | DI6: =DG6+DH6 -> 6970364.9 | DJ6: =(DG6+DH6)/(DA6+DB6) -> 82980.534
A7: XTO Energy Inc | B7: 22777 Springwood Village Parkway | D7: Spring | E7: TX | F7: 77389 | G7: USA | I7: 530 | J7: M | K7: Standard Match | L7: AAAAAZZ | M7: 10 | N7: 80-471-2347 | O7: Xto Energy Inc. | Q7: 22777 Springwoods Village Pkwy | R7: Spring | S7: Texas | T7: 77389-1425 | U7: USA | V7: 8178702800 | W7: 7278734321 | X7: 300 | Y7: 3335 | Z7: 1990 | AA7: Headquarters | AB7: Randy J Cleveland | AC7: Chief Executive Officer | AD7: Crude petroleum and natural gas, nsk | AE7: 1311 | AF7: Crude Petroleum and Natural Gas | AI7: 13110101 | AJ7: Crude petroleum production | AM7: 211120 | AN7: Crude Petroleum Extraction | AQ7: Subsidiary | AR7: 00-121-3214 | AS7: Exxon Mobil Corporation | AT7: N | AU7: TX | AV7: USA | AW7: 00-121-3214 | AX7: Exxon Mobil Corporation | AY7: TX | AZ7: USA | BA7: 00-121-3214 | BC7: Exxon Mobil Corporation | BD7: TX | BE7: USA | BF7: 2 | BG7: 2523 | BH7: 00-121-3214 | BI7: Exxon Mobil Corporation | BJ7: Exxonmobil | BK7: 5959 Las Colinas Blvd | BL7: Irving | BM7: Texas | BN7: 75039-2298 | BO7: USA | BP7: 9729406000 | BQ7: 181502000000 | BR7: 400 | BS7: 74900 | BT7: 1882 | BU7: Headquarters | BV7: Darren W Woods | BW7: Chairman of the Board | BX7: Petroleum refining | BY7: 2911 | BZ7: Petroleum Refining | CA7: 4612 | CB7: Crude Petroleum Pipelines | CC7: 29110000 | CD7: Petroleum refining | CE7: 46120000 | CF7: Crude petroleum pipelines | CG7: 324110 | CH7: Petroleum Refineries | CI7: 486110 | CJ7: Pipeline Transportation of Crude Oil | CK7: =IF(BQ7>0,BQ7,W7) -> 181502000000 | CL7: =IF(BS7>0,BS7,Y7) -> 74900 | CM7: =IF(CG7>0,CG7,AM7) -> 324110 | CN7: =IF($BH7="",1,COUNTIF($BH$3:$BH7,$BH7)) -> 1 | CP7: =IF($K7="Standard Match","Match",IF($K7="Name Only Match",IF($CO7="Yes","Match","Name Only Match"),"No Match")) -> Match | CQ7: =IF(AND(CP7="Match",CK7>0,CL7>0),"Y","N") -> Y | CS7: =IF($CQ7="Y",VLOOKUP($CM7,'SBA Size Standards'!$B$3:$G$57,MATCH('SBA Size Standards'!$G$3,'SBA Size Standards'!$B$3:$G$3,0),FALSE),"") -> Employment | CT7: =IF(CQ7="Y",IF($CS7="Employment","N/A",VLOOKUP($CM7,'SBA Size Standards'!$B$3:$G$57,MATCH('SBA Size Standards'!$E$3,'SBA Size Standards'!$B$3:$G$3,0),FALSE)),"") -> N/A | CU7: =IF($CQ7="Y",IF($CS7="Revenue","N/A",VLOOKUP($CM7,'SBA Size Standards'!$B$3:$G$57,MATCH('SBA Size Standards'!$F$3,'SBA Size Standards'!$B$3:$G$3,0),FALSE)),"") -> 1500 | CV7: =IF($CQ7="Y",IF(OR(AND($CS7="Employment",$CL7<$CU7),AND($CS7="Revenue",$CK7<$CT7)),"YES","NO"),"") -> NO | CW7: =IF($CQ7="Y",INDEX('SBA Size Standards'!$N$3:$N$12,MATCH($CK7,'SBA Size Standards'!$O$3:$O$12,1)),"") -> >$125,000,000,000 | CX7: XTOENERGYINC22777SPRINGWOODVILLAGEPARKWAYSPRING | CY7: =INDEX('NM O&G Production'!$P$3:$P$537,MATCH(CX7,'NM O&G Production'!$Q$3:$Q$537,0)) -> 530 | CZ7: =INDEX('NM O&G Production'!$O$3:$O$537,MATCH(CY7,'NM O&G Production'!$P$3:$P$537,0)) -> Yes | DA7: =INDEX('NM O&G Production'!$K$3:$O$537,MATCH($CY7,'NM O&G Production'!$P$3:$P$537,0),MATCH(DA$2,'NM O&G Production'!$K$2:$O$2,0)) -> 257 | DB7: =INDEX('NM O&G Production'!$K$3:$O$537,MATCH($CY7,'NM O&G Production'!$P$3:$P$537,0),MATCH(DB$2,'NM O&G Production'!$K$2:$O$2,0)) -> 415 | DC7: =DA7+DB7 -> 672 | DD7: =INDEX('NM O&G Production'!$K$3:$O$537,MATCH($CY7,'NM O&G Production'!$P$3:$P$537,0),MATCH(DD$2,'NM O&G Production'!$K$2:$O$2,0)) -> 62789915 | DE7: =INDEX('NM O&G Production'!$K$3:$O$537,MATCH($CY7,'NM O&G Production'!$P$3:$P$537,0),MATCH(DE$2,'NM O&G Production'!$K$2:$O$2,0)) -> 18308687 | DF7: =CK7/(DB7+DA7) -> 2.7009226e+08 | DG7: =DD7*(12/18)*1.06*'Oil and Gas Prices'!$C$18 -> 1.0604798e+08 | DH7: =DE7*(12/18)*'Oil and Gas Prices'!$C$4 -> 549260610 | DI7: =DG7+DH7 -> 6.5530859e+08 | DJ7: =(DG7+DH7)/(DA7+DB7) -> 975161.59
A8: Western Refining Southwest Inc. Bloomfield Products Terminal | B8: 111 County Rd 4990 | D8: Bloomfield | E8: NM | F8: 87413 | G8: USA | I8: 522 | J8: M | K8: Standard Match | L8: BAFAAZZ | M8: 8 | N8: 00-748-4413 | O8: Western Refining Southwest, Inc. | P8: San Juan Regional Office | Q8: 111 Road 4990 | R8: Bloomfield | S8: New Mexico | T8: 87413-9650 | U8: USA | V8: 5056328006 | X8: 45 | Y8: 0 | AA8: Branch | AB8: Brad Ping | AC8: Branch Manager | AD8: Petroleum refining | AE8: 2911 | AF8: Petroleum Refining | AI8: 29110000 | AJ8: Petroleum refining | AM8: 324110 | AN8: Petroleum Refineries | AQ8: Not a Subsidiary | AR8: 96-839-3996 | AS8: Marathon Petroleum Corporation | AT8: N | AU8: OH | AV8: USA | AW8: 96-839-3996 | AX8: Marathon Petroleum Corporation | AY8: OH | AZ8: USA | BB8: 03-590-3194 | BC8: Western Refining Southwest, Inc. | BD8: AZ | BE8: USA | BF8: 5 | BG8: 4258 | BH8: 96-839-3996 | BI8: Marathon Petroleum Corporation | BJ8: Marathon Petroleum | BK8: 539 S Main St | BL8: Findlay | BM8: Ohio | BN8: 45840-3229 | BO8: USA | BP8: 4194222121 | BQ8: 124813000000 | BR8: 249 | BS8: 60910 | BT8: 1887 | BU8: Headquarters | BV8: Michael J Hennigan | BW8: President | BX8: Petroleum refining | BY8: 2911 | BZ8: Petroleum Refining | CA8: 5172 | CB8: Petroleum Products, Nec | CC8: 29110000 | CD8: Petroleum refining | CE8: 51720203 | CF8: Gasoline | CG8: 324110 | CH8: Petroleum Refineries | CI8: 424720 | CJ8: Petroleum and Petroleum Products Merchant Wholesalers (except Bulk Stations and Terminals) | CK8: =IF(BQ8>0,BQ8,W8) -> 124813000000 | CL8: =IF(BS8>0,BS8,Y8) -> 60910 | CM8: =IF(CG8>0,CG8,AM8) -> 324110 | CN8: =IF($BH8="",1,COUNTIF($BH$3:$BH8,$BH8)) -> 1 | CP8: =IF($K8="Standard Match","Match",IF($K8="Name Only Match",IF($CO8="Yes","Match","Name Only Match"),"No Match")) -> Match | CQ8: =IF(AND(CP8="Match",CK8>0,CL8>0),"Y","N") -> Y | CS8: =IF($CQ8="Y",VLOOKUP($CM8,'SBA Size Standards'!$B$3:$G$57,MATCH('SBA Size Standards'!$G$3,'SBA Size Standards'!$B$3:$G$3,0),FALSE),"") -> Employment | CT8: =IF(CQ8="Y",IF($CS8="Employment","N/A",VLOOKUP($CM8,'SBA Size Standards'!$B$3:$G$57,MATCH('SBA Size Standards'!$E$3,'SBA Size Standards'!$B$3:$G$3,0),FALSE)),"") -> N/A | CU8: =IF($CQ8="Y",IF($CS8="Revenue","N/A",VLOOKUP($CM8,'SBA Size Standards'!$B$3:$G$57,MATCH('SBA Size Standards'!$F$3,'SBA Size Standards'!$B$3:$G$3,0),FALSE)),"") -> 1500 | CV8: =IF($CQ8="Y",IF(OR(AND($CS8="Employment",$CL8<$CU8),AND($CS8="Revenue",$CK8<$CT8)),"YES","NO"),"") -> NO | CW8: =IF($CQ8="Y",INDEX('SBA Size Standards'!$N$3:$N$12,MATCH($CK8,'SBA Size Standards'!$O$3:$O$12,1)),"") -> $1,000,000,001 -$125,000,000,000 | CX8: WESTERNREFININGSOUTHWESTINCBLOOMFIELDPRODUCTSTERMINAL111COUNTYRD4990BLOOMFIELD | CY8: =INDEX('NM O&G Production'!$P$3:$P$537,MATCH(CX8,'NM O&G Production'!$Q$3:$Q$537,0)) -> 522 | CZ8: =INDEX('NM O&G Production'!$O$3:$O$537,MATCH(CY8,'NM O&G Production'!$P$3:$P$537,0)) -> No | DA8: =INDEX('NM O&G Production'!$K$3:$O$537,MATCH($CY8,'NM O&G Production'!$P$3:$P$537,0),MATCH(DA$2,'NM O&G Production'!$K$2:$O$2,0)) -> 0 | DB8: =INDEX('NM O&G Production'!$K$3:$O$537,MATCH($CY8,'NM O&G Production'!$P$3:$P$537,0),MATCH(DB$2,'NM O&G Production'!$K$2:$O$2,0)) -> 0 | DD8: =INDEX('NM O&G Production'!$K$3:$O$537,MATCH($CY8,'NM O&G Production'!$P$3:$P$537,0),MATCH(DD$2,'NM O&G Production'!$K$2:$O$2,0)) -> 0 | DE8: =INDEX('NM O&G Production'!$K$3:$O$537,MATCH($CY8,'NM O&G Production'!$P$3:$P$537,0),MATCH(DE$2,'NM O&G Production'!$K$2:$O$2,0)) -> 0 | DF8: =CK8/(DB8+DA8) -> #DIV/0! | DG8: =DD8*(12/18)*1.06*'Oil and Gas Prices'!$C$18 -> 0 | DH8: =DE8*(12/18)*'Oil and Gas Prices'!$C$4 -> 0 | DJ8: =(DG8+DH8)/(DA8+DB8) -> #DIV/0! | DK8: =CK8/DI8 -> #DIV/0!
A9: Rangeland NM, LLC | B9: 71 Potash Mine Rd | C9: PO Box 721 | D9: Loving | E9: NM | F9: 88256 | G9: USA | I9: 377 | J9: M | K9: Name Only Match | L9: AZZZZZZ | M9: 8 | N9: 07-964-3174 | O9: Rangeland Nm, LLC | Q9: 1675 S State St Ste B | R9: Dover | S9: Delaware | T9: 19901-5140 | U9: USA | V9: 8003166660 | W9: 179408 | X9: 4 | Y9: 4 | Z9: 2013 | AA9: Single Location | AB9: Christopher W Keene | AC9: Chief Executive Officer | AD9: Oil and gas exploration services | AE9: 1382 | AF9: Oil and Gas Exploration Services | AI9: 13820000 | AJ9: Oil and gas exploration services | AM9: 213112 | AN9: Support Activities for Oil and Gas Operations | AQ9: Subsidiary | AR9: 96-839-3996 | AS9: Marathon Petroleum Corporation | AT9: N | AU9: OH | AV9: USA | AW9: 96-839-3996 | AX9: Marathon Petroleum Corporation | AY9: OH | AZ9: USA | BA9: 83-485-7778 | BC9: Rio Andeavor Holdings LLC | BD9: TX | BE9: USA | BF9: 5 | BG9: 4258 | BH9: 96-839-3996 | BI9: Marathon Petroleum Corporation | BJ9: Marathon Petroleum | BK9: 539 S Main St | BL9: Findlay | BM9: Ohio | BN9: 45840-3229 | BO9: USA | BP9: 4194222121 | BQ9: 124813000000 | BR9: 249 | BS9: 60910 | BT9: 1887 | BU9: Headquarters | BV9: Michael J Hennigan | BW9: President | BX9: Petroleum refining | BY9: 2911 | BZ9: Petroleum Refining | CA9: 5172 | CB9: Petroleum Products, Nec | CC9: 29110000 | CD9: Petroleum refining | CE9: 51720203 | CF9: Gasoline | CG9: 324110 | CH9: Petroleum Refineries | CI9: 424720 | CJ9: Petroleum and Petroleum Products Merchant Wholesalers (except Bulk Stations and Terminals) | CK9: =IF(BQ9>0,BQ9,W9) -> 124813000000 | CL9: =IF(BS9>0,BS9,Y9) -> 60910 | CM9: =IF(CG9>0,CG9,AM9) -> 324110 | CN9: =IF($BH9="",1,COUNTIF($BH$3:$BH9,$BH9)) -> 2 | CO9: Yes | CP9: =IF($K9="Standard Match","Match",IF($K9="Name Only Match",IF($CO9="Yes","Match","Name Only Match"),"No Match")) -> Match | CQ9: =IF(AND(CP9="Match",CK9>0,CL9>0),"Y","N") -> Y | CS9: =IF($CQ9="Y",VLOOKUP($CM9,'SBA Size Standards'!$B$3:$G$57,MATCH('SBA Size Standards'!$G$3,'SBA Size Standards'!$B$3:$G$3,0),FALSE),"") -> Employment | CT9: =IF(CQ9="Y",IF($CS9="Employment","N/A",VLOOKUP($CM9,'SBA Size Standards'!$B$3:$G$57,MATCH('SBA Size Standards'!$E$3,'SBA Size Standards'!$B$3:$G$3,0),FALSE)),"") -> N/A | CU9: =IF($CQ9="Y",IF($CS9="Revenue","N/A",VLOOKUP($CM9,'SBA Size Standards'!$B$3:$G$57,MATCH('SBA Size Standards'!$F$3,'SBA Size Standards'!$B$3:$G$3,0),FALSE)),"") -> 1500 | CV9: =IF($CQ9="Y",IF(OR(AND($CS9="Employment",$CL9<$CU9),AND($CS9="Revenue",$CK9<$CT9)),"YES","NO"),"") -> NO | CW9: =IF($CQ9="Y",INDEX('SBA Size Standards'!$N$3:$N$12,MATCH($CK9,'SBA Size Standards'!$O$3:$O$12,1)),"") -> $1,000,000,001 -$125,000,000,000 | CX9: RANGELANDNMLLC71POTASHMINERDLOVING | CY9: =INDEX('NM O&G Production'!$P$3:$P$537,MATCH(CX9,'NM O&G Production'!$Q$3:$Q$537,0)) -> 377 | CZ9: =INDEX('NM O&G Production'!$O$3:$O$537,MATCH(CY9,'NM O&G Production'!$P$3:$P$537,0)) -> No | DA9: =INDEX('NM O&G Production'!$K$3:$O$537,MATCH($CY9,'NM O&G Production'!$P$3:$P$537,0),MATCH(DA$2,'NM O&G Production'!$K$2:$O$2,0)) -> 0 | DB9: =INDEX('NM O&G Production'!$K$3:$O$537,MATCH($CY9,'NM O&G Production'!$P$3:$P$537,0),MATCH(DB$2,'NM O&G Production'!$K$2:$O$2,0)) -> 0 | DD9: =INDEX('NM O&G Production'!$K$3:$O$537,MATCH($CY9,'NM O&G Production'!$P$3:$P$537,0),MATCH(DD$2,'NM O&G Production'!$K$2:$O$2,0)) -> 0 | DE9: =INDEX('NM O&G Production'!$K$3:$O$537,MATCH($CY9,'NM O&G Production'!$P$3:$P$537,0),MATCH(DE$2,'NM O&G Production'!$K$2:$O$2,0)) -> 0 | DF9: =CK9/(DB9+DA9) -> #DIV/0! | DG9: =DD9*(12/18)*1.06*'Oil and Gas Prices'!$C$18 -> 0 | DH9: =DE9*(12/18)*'Oil and Gas Prices'!$C$4 -> 0 | DJ9: =(DG9+DH9)/(DA9+DB9) -> #DIV/0! | DK9: =CK9/DI9 -> #DIV/0!
A10: CHEVRON MIDCONTINENT, L.P. | B10: 6301 Deauville Blvd | D10: Midland | E10: TX | F10: 79706 | G10: USA | I10: 76 | J10: A | K10: Standard Match | L10: BAAAAZZ | M10: 8 | N10: 07-660-4387 | O10: Chevron Companies | Q10: 6301 Deauville | R10: Midland | S10: Texas | T10: 79706-2964 | U10: USA | V10: 4322892900 | W10: 170000 | X10: 3 | Y10: 3 | Z10: 2015 | AA10: Single Location | AD10: Gasoline service stations | AE10: 5541 | AF10: Gasoline Service Stations | AI10: 55419901 | AJ10: Filling stations, gasoline | AM10: 447190 | AN10: Other Gasoline Stations | AQ10: Not a Subsidiary | AT10: N | BF10: 0 | BG10: 0 | BH10: 00-138-2555 | BI10: Chevron Corporation | BJ10: Chevron | BK10: 6001 Bollinger Canyon Rd | BL10: San Ramon | BM10: California | BN10: 94583-5737 | BO10: USA | BP10: 9258421000 | BQ10: 94692000000 | BR10: 277 | BS10: 48200 | BT10: 1926 | BU10: Headquarters | BV10: Michael K Wirth | BW10: Chairman of the Board | BX10: Petroleum Refining | BY10: 2911 | BZ10: Petroleum Refining | CA10: 1311 | CB10: Crude Petroleum and Natural Gas | CC10: 29110000 | CD10: Petroleum refining | CE10: 13110101 | CF10: Crude petroleum production | CG10: 324110 | CH10: Petroleum Refineries | CI10: 211120 | CJ10: Crude Petroleum Extraction | CK10: =IF(BQ10>0,BQ10,W10) -> 94692000000 | CL10: =IF(BS10>0,BS10,Y10) -> 48200 | CM10: =IF(CG10>0,CG10,AM10) -> 324110 | CN10: =IF($BH10="",1,COUNTIF($BH$3:$BH10,$BH10)) -> 1 | CP10: =IF($K10="Standard Match","Match",IF($K10="Name Only Match",IF($CO10="Yes","Match","Name Only Match"),"No Match")) -> Match | CQ10: =IF(AND(CP10="Match",CK10>0,CL10>0),"Y","N") -> Y | CR10: Correct Parent identified 4/8/2021 by NAICS.COM. Record updated | CS10: =IF($CQ10="Y",VLOOKUP($CM10,'SBA Size Standards'!$B$3:$G$57,MATCH('SBA Size Standards'!$G$3,'SBA Size Standards'!$B$3:$G$3,0),FALSE),"") -> Employment | CT10: =IF(CQ10="Y",IF($CS10="Employment","N/A",VLOOKUP($CM10,'SBA Size Standards'!$B$3:$G$57,MATCH('SBA Size Standards'!$E$3,'SBA Size Standards'!$B$3:$G$3,0),FALSE)),"") -> N/A | CU10: =IF($CQ10="Y",IF($CS10="Revenue","N/A",VLOOKUP($CM10,'SBA Size Standards'!$B$3:$G$57,MATCH('SBA Size Standards'!$F$3,'SBA Size Standards'!$B$3:$G$3,0),FALSE)),"") -> 1500 | CV10: =IF($CQ10="Y",IF(OR(AND($CS10="Employment",$CL10<$CU10),AND($CS10="Revenue",$CK10<$CT10)),"YES","NO"),"") -> NO | CW10: =IF($CQ10="Y",INDEX('SBA Size Standards'!$N$3:$N$12,MATCH($CK10,'SBA Size Standards'!$O$3:$O$12,1)),"") -> $1,000,000,001 -$125,000,000,000 | CX10: CHEVRONMIDCONTINENTLP6301DEAUVILLEBLVDMIDLAND | CY10: =INDEX('NM O&G Production'!$P$3:$P$537,MATCH(CX10,'NM O&G Production'!$Q$3:$Q$537,0)) -> 76 | CZ10: =INDEX('NM O&G Production'!$O$3:$O$537,MATCH(CY10,'NM O&G Production'!$P$3:$P$537,0)) -> Yes | DA10: =INDEX('NM O&G Production'!$K$3:$O$537,MATCH($CY10,'NM O&G Production'!$P$3:$P$537,0),MATCH(DA$2,'NM O&G Production'!$K$2:$O$2,0)) -> 489 | DB10: =INDEX('NM O&G Production'!$K$3:$O$537,MATCH($CY10,'NM O&G Production'!$P$3:$P$537,0),MATCH(DB$2,'NM O&G Production'!$K$2:$O$2,0)) -> 852 | DC10: =DA10+DB10 -> 1341 | DD10: =INDEX('NM O&G Production'!$K$3:$O$537,MATCH($CY10,'NM O&G Production'!$P$3:$P$537,0),MATCH(DD$2,'NM O&G Production'!$K$2:$O$2,0)) -> 122694187 | DE10: =INDEX('NM O&G Production'!$K$3:$O$537,MATCH($CY10,'NM O&G Production'!$P$3:$P$537,0),MATCH(DE$2,'NM O&G Production'!$K$2:$O$2,0)) -> 15933919 | DF10: =CK10/(DB10+DA10) -> 70612975 | DG10: =DD10*(12/18)*1.06*'Oil and Gas Prices'!$C$18 -> 2.072223e+08 | DH10: =DE10*(12/18)*'Oil and Gas Prices'!$C$4 -> 478017570 | DI10: =DG10+DH10 -> 6.8523987e+08 | DJ10: =(DG10+DH10)/(DA10+DB10) -> 510991.7
A11: SOUTHWEST ROYALTIES INC | B11: P O BOX 53570 | D11: Midland | E11: TX | F11: 79710 | G11: USA | I11: 445 | J11: M | K11: Standard Match | L11: AZZAAAZ | M11: 10 | N11: 11-877-4025 | O11: Southwest Royalties, Inc. | Q11: 6 Desta Dr Ste 2100 | R11: Midland | S11: Texas | T11: 79705-5556 | U11: USA | V11: 4326883008 | W11: 79461000 | X11: 6 | Y11: 6 | Z11: 1983 | AA11: Headquarters | AB11: Mel G Riggs | AC11: Chief Operating Officer | AD11: Crude petroleum and natural gas, nsk | AE11: 1311 | AF11: Crude Petroleum and Natural Gas | AG11: 6211 | AH11: Security Brokers and Dealers | AI11: 13110101 | AJ11: Crude petroleum production | AK11: 62110304 | AL11: Oil royalties dealers | AM11: 211120 | AN11: Crude Petroleum Extraction | AO11: 523999 | AP11: Miscellaneous Financial Investment Activities | AQ11: Subsidiary | AR11: 00-138-2555 | AS11: Chevron Corporation | AT11: N | AU11: CA | AV11: USA | AW11: 00-138-2555 | AX11: Chevron Corporation | AY11: CA | AZ11: USA | BA11: 05-887-0445 | BC11: Nbl Permian LLC | BD11: TX | BE11: USA | BF11: 5 | BG11: 2264 | BH11: 00-138-2555 | BI11: Chevron Corporation | BJ11: Chevron | BK11: 6001 Bollinger Canyon Rd | BL11: San Ramon | BM11: California | BN11: 94583-5737 | BO11: USA | BP11: 9258421000 | BQ11: 94692000000 | BR11: 277 | BS11: 48200 | BT11: 1926 | BU11: Headquarters | BV11: Michael K Wirth | BW11: Chairman of the Board | BX11: Petroleum refining | BY11: 2911 | BZ11: Petroleum Refining | CA11: 1311 | CB11: Crude Petroleum and Natural Gas | CC11: 29110000 | CD11: Petroleum refining | CE11: 13110101 | CF11: Crude petroleum production | CG11: 324110 | CH11: Petroleum Refineries | CI11: 211120 | CJ11: Crude Petroleum Extraction | CK11: =IF(BQ11>0,BQ11,W11) -> 94692000000 | CL11: =IF(BS11>0,BS11,Y11) -> 48200 | CM11: =IF(CG11>0,CG11,AM11) -> 324110 | CN11: =IF($BH11="",1,COUNTIF($BH$3:$BH11,$BH11)) -> 2 | CP11: =IF($K11="Standard Match","Match",IF($K11="Name Only Match",IF($CO11="Yes","Match","Name Only Match"),"No Match")) -> Match | CQ11: =IF(AND(CP11="Match",CK11>0,CL11>0),"Y","N") -> Y | CS11: =IF($CQ11="Y",VLOOKUP($CM11,'SBA Size Standards'!$B$3:$G$57,MATCH('SBA Size Standards'!$G$3,'SBA Size Standards'!$B$3:$G$3,0),FALSE),"") -> Employment | CT11: =IF(CQ11="Y",IF($CS11="Employment","N/A",VLOOKUP($CM11,'SBA Size Standards'!$B$3:$G$57,MATCH('SBA Size Standards'!$E$3,'SBA Size Standards'!$B$3:$G$3,0),FALSE)),"") -> N/A | CU11: =IF($CQ11="Y",IF($CS11="Revenue","N/A",VLOOKUP($CM11,'SBA Size Standards'!$B$3:$G$57,MATCH('SBA Size Standards'!$F$3,'SBA Size Standards'!$B$3:$G$3,0),FALSE)),"") -> 1500 | CV11: =IF($CQ11="Y",IF(OR(AND($CS11="Employment",$CL11<$CU11),AND($CS11="Revenue",$CK11<$CT11)),"YES","NO"),"") -> NO | CW11: =IF($CQ11="Y",INDEX('SBA Size Standards'!$N$3:$N$12,MATCH($CK11,'SBA Size Standards'!$O$3:$O$12,1)),"") -> $1,000,000,001 -$125,000,000,000 | CX11: SOUTHWESTROYALTIESINCPOBOX53570MIDLAND | CY11: =INDEX('NM O&G Production'!$P$3:$P$537,MATCH(CX11,'NM O&G Production'!$Q$3:$Q$537,0)) -> 445 | CZ11: =INDEX('NM O&G Production'!$O$3:$O$537,MATCH(CY11,'NM O&G Production'!$P$3:$P$537,0)) -> Yes | DA11: =INDEX('NM O&G Production'!$K$3:$O$537,MATCH($CY11,'NM O&G Production'!$P$3:$P$537,0),MATCH(DA$2,'NM O&G Production'!$K$2:$O$2,0)) -> 34 | DB11: =INDEX('NM O&G Production'!$K$3:$O$537,MATCH($CY11,'NM O&G Production'!$P$3:$P$537,0),MATCH(DB$2,'NM O&G Production'!$K$2:$O$2,0)) -> 314 | DC11: =DA11+DB11 -> 348 | DD11: =INDEX('NM O&G Production'!$K$3:$O$537,MATCH($CY11,'NM O&G Production'!$P$3:$P$537,0),MATCH(DD$2,'NM O&G Production'!$K$2:$O$2,0)) -> 3841838 | DE11: =INDEX('NM O&G Production'!$K$3:$O$537,MATCH($CY11,'NM O&G Production'!$P$3:$P$537,0),MATCH(DE$2,'NM O&G Production'!$K$2:$O$2,0)) -> 372234 | DF11: =CK11/(DB11+DA11) -> 2.7210345e+08 | DG11: =DD11*(12/18)*1.06*'Oil and Gas Prices'!$C$18 -> 6488608.3 | DH11: =DE11*(12/18)*'Oil and Gas Prices'!$C$4 -> 11167020 | DI11: =DG11+DH11 -> 17655628 | DJ11: =(DG11+DH11)/(DA11+DB11) -> 50734.564
A12: Energy Transfer Company | B12: 8111 Westchester Dr | D12: Dallas | E12: TX | F12: 75225 | G12: USA | I12: 145 | J12: M | K12: Standard Match | L12: AAAAAZZ | M12: 10 | N12: 00-478-8188 | O12: Houston Pipe Line Company LP | P12: Houston Pipe Line | Q12: 8111 Westchester Dr | R12: Dallas | S12: Texas | T12: 75225-6140 | U12: USA | V12: 2149810700 | W12: 178997479 | X12: 162 | Y12: 266 | Z12: 1989 | AA12: Headquarters | AB12: Kelcy L Warren | AC12: Partner | AD12: Natural gas transmission | AE12: 4922 | AF12: Natural Gas Transmission | AI12: 49229901 | AJ12: Pipelines, natural gas | AM12: 486210 | AN12: Pipeline Transportation of Natural Gas | AQ12: Subsidiary | AR12: 61-079-2264 | AS12: Energy Transfer LP | AT12: N | AU12: TX | AV12: USA | AW12: 61-079-2264 | AX12: Energy Transfer LP | AY12: TX | AZ12: USA | BA12: 06-471-7981 | BC12: Energy Transfer Operating, L.P. | BD12: TX | BE12: USA | BF12: 3 | BG12: 2217 | BH12: 61-079-2264 | BI12: Energy Transfer LP | BJ12: ENERGY TRANSFER | BK12: 8111 Westchester Dr Ste 600 | BL12: Dallas | BM12: Texas | BN12: 75225-6142 | BO12: USA | BP12: 2149810700 | BQ12: 38954000000 | BR12: 144 | BS12: 12812 | BT12: 1996 | BU12: Headquarters | BV12: Kelcy L Warren | BW12: Chairman of the Board | BX12: Natural gas transmission | BY12: 4922 | BZ12: Natural Gas Transmission | CA12: 4923 | CB12: Gas Transmission and Distribution | CC12: 49229901 | CD12: Pipelines, natural gas | CE12: 49230000 | CF12: Gas transmission and distribution | CG12: 486210 | CH12: Pipeline Transportation of Natural Gas | CI12: 221210 | CJ12: Natural Gas Distribution | CK12: =IF(BQ12>0,BQ12,W12) -> 38954000000 | CL12: =IF(BS12>0,BS12,Y12) -> 12812 | CM12: =IF(CG12>0,CG12,AM12) -> 486210 | CN12: =IF($BH12="",1,COUNTIF($BH$3:$BH12,$BH12)) -> 1 | CP12: =IF($K12="Standard Match","Match",IF($K12="Name Only Match",IF($CO12="Yes","Match","Name Only Match"),"No Match")) -> Match | CQ12: =IF(AND(CP12="Match",CK12>0,CL12>0),"Y","N") -> Y | CS12: =IF($CQ12="Y",VLOOKUP($CM12,'SBA Size Standards'!$B$3:$G$57,MATCH('SBA Size Standards'!$G$3,'SBA Size Standards'!$B$3:$G$3,0),FALSE),"") -> Revenue | CT12: =IF(CQ12="Y",IF($CS12="Employment","N/A",VLOOKUP($CM12,'SBA Size Standards'!$B$3:$G$57,MATCH('SBA Size Standards'!$E$3,'SBA Size Standards'!$B$3:$G$3,0),FALSE)),"") -> 30000000 | CU12: =IF($CQ12="Y",IF($CS12="Revenue","N/A",VLOOKUP($CM12,'SBA Size Standards'!$B$3:$G$57,MATCH('SBA Size Standards'!$F$3,'SBA Size Standards'!$B$3:$G$3,0),FALSE)),"") -> N/A | CV12: =IF($CQ12="Y",IF(OR(AND($CS12="Employment",$CL12<$CU12),AND($CS12="Revenue",$CK12<$CT12)),"YES","NO"),"") -> NO | CW12: =IF($CQ12="Y",INDEX('SBA Size Standards'!$N$3:$N$12,MATCH($CK12,'SBA Size Standards'!$O$3:$O$12,1)),"") -> $1,000,000,001 -$125,000,000,000 | CX12: ENERGYTRANSFERCOMPANY8111WESTCHESTERDRDALLAS | CY12: =INDEX('NM O&G Production'!$P$3:$P$537,MATCH(CX12,'NM O&G Production'!$Q$3:$Q$537,0)) -> 145 | CZ12: =INDEX('NM O&G Production'!$O$3:$O$537,MATCH(CY12,'NM O&G Production'!$P$3:$P$537,0)) -> No | DA12: =INDEX('NM O&G Production'!$K$3:$O$537,MATCH($CY12,'NM O&G Production'!$P$3:$P$537,0),MATCH(DA$2,'NM O&G Production'!$K$2:$O$2,0)) -> 0 | DB12: =INDEX('NM O&G Production'!$K$3:$O$537,MATCH($CY12,'NM O&G Production'!$P$3:$P$537,0),MATCH(DB$2,'NM O&G Production'!$K$2:$O$2,0)) -> 0 | DD12: =INDEX('NM O&G Production'!$K$3:$O$537,MATCH($CY12,'NM O&G Production'!$P$3:$P$537,0),MATCH(DD$2,'NM O&G Production'!$K$2:$O$2,0)) -> 0 | DE12: =INDEX('NM O&G Production'!$K$3:$O$537,MATCH($CY12,'NM O&G Production'!$P$3:$P$537,0),MATCH(DE$2,'NM O&G Production'!$K$2:$O$2,0)) -> 0 | DF12: =CK12/(DB12+DA12) -> #DIV/0! | DG12: =DD12*(12/18)*1.06*'Oil and Gas Prices'!$C$18 -> 0 | DH12: =DE12*(12/18)*'Oil and Gas Prices'!$C$4 -> 0 | DJ12: =(DG12+DH12)/(DA12+DB12) -> #DIV/0! | DK12: =CK12/DI12 -> #DIV/0!
A13: Transwestern Pipeline Company, LLC | B13: 6381 North Main Street | D13: Roswell | E13: NM | F13: 88201 | G13: USA | I13: 488 | J13: M | K13: Standard Match | L13: AAAAAZZ | M13: 10 | N13: 12-334-4285 | O13: Transwestern Pipeline Company, LLC | Q13: 6381 N Main St | R13: Roswell | S13: New Mexico | T13: 88201-9485 | U13: USA | V13: 5756232761 | X13: 30 | Y13: 0 | AA13: Branch | AB13: Greg McIlwain | AC13: Principal | AD13: Natural gas transmission | AE13: 4922 | AF13: Natural Gas Transmission | AI13: 49229901 | AJ13: Pipelines, natural gas | AM13: 486210 | AN13: Pipeline Transportation of Natural Gas | AQ13: Not a Subsidiary | AR13: 61-079-2264 | AS13: Energy Transfer LP | AT13: N | AU13: TX | AV13: USA | AW13: 61-079-2264 | AX13: Energy Transfer LP | AY13: TX | AZ13: USA | BB13: 00-793-3047 | BC13: Transwestern Pipeline Company, LLC | BD13: TX | BE13: USA | BF13: 4 | BG13: 2217 | BH13: 61-079-2264 | BI13: Energy Transfer LP | BJ13: ENERGY TRANSFER | BK13: 8111 Westchester Dr Ste 600 | BL13: Dallas | BM13: Texas | BN13: 75225-6142 | BO13: USA | BP13: 2149810700 | BQ13: 38954000000 | BR13: 144 | BS13: 12812 | BT13: 1996 | BU13: Headquarters | BV13: Kelcy L Warren | BW13: Chairman of the Board | BX13: Natural gas transmission | BY13: 4922 | BZ13: Natural Gas Transmission | CA13: 4923 | CB13: Gas Transmission and Distribution | CC13: 49229901 | CD13: Pipelines, natural gas | CE13: 49230000 | CF13: Gas transmission and distribution | CG13: 486210 | CH13: Pipeline Transportation of Natural Gas | CI13: 221210 | CJ13: Natural Gas Distribution | CK13: =IF(BQ13>0,BQ13,W13) -> 38954000000 | CL13: =IF(BS13>0,BS13,Y13) -> 12812 | CM13: =IF(CG13>0,CG13,AM13) -> 486210 | CN13: =IF($BH13="",1,COUNTIF($BH$3:$BH13,$BH13)) -> 2 | CP13: =IF($K13="Standard Match","Match",IF($K13="Name Only Match",IF($CO13="Yes","Match","Name Only Match"),"No Match")) -> Match | CQ13: =IF(AND(CP13="Match",CK13>0,CL13>0),"Y","N") -> Y | CS13: =IF($CQ13="Y",VLOOKUP($CM13,'SBA Size Standards'!$B$3:$G$57,MATCH('SBA Size Standards'!$G$3,'SBA Size Standards'!$B$3:$G$3,0),FALSE),"") -> Revenue | CT13: =IF(CQ13="Y",IF($CS13="Employment","N/A",VLOOKUP($CM13,'SBA Size Standards'!$B$3:$G$57,MATCH('SBA Size Standards'!$E$3,'SBA Size Standards'!$B$3:$G$3,0),FALSE)),"") -> 30000000 | CU13: =IF($CQ13="Y",IF($CS13="Revenue","N/A",VLOOKUP($CM13,'SBA Size Standards'!$B$3:$G$57,MATCH('SBA Size Standards'!$F$3,'SBA Size Standards'!$B$3:$G$3,0),FALSE)),"") -> N/A | CV13: =IF($CQ13="Y",IF(OR(AND($CS13="Employment",$CL13<$CU13),AND($CS13="Revenue",$CK13<$CT13)),"YES","NO"),"") -> NO | CW13: =IF($CQ13="Y",INDEX('SBA Size Standards'!$N$3:$N$12,MATCH($CK13,'SBA Size Standards'!$O$3:$O$12,1)),"") -> $1,000,000,001 -$125,000,000,000 | CX13: TRANSWESTERNPIPELINECOMPANYLLC6381NORTHMAINSTREETROSWELL | CY13: =INDEX('NM O&G Production'!$P$3:$P$537,MATCH(CX13,'NM O&G Production'!$Q$3:$Q$537,0)) -> 488 | CZ13: =INDEX('NM O&G Production'!$O$3:$O$537,MATCH(CY13,'NM O&G Production'!$P$3:$P$537,0)) -> No | DA13: =INDEX('NM O&G Production'!$K$3:$O$537,MATCH($CY13,'NM O&G Production'!$P$3:$P$537,0),MATCH(DA$2,'NM O&G Production'!$K$2:$O$2,0)) -> 0 | DB13: =INDEX('NM O&G Production'!$K$3:$O$537,MATCH($CY13,'NM O&G Production'!$P$3:$P$537,0),MATCH(DB$2,'NM O&G Production'!$K$2:$O$2,0)) -> 0 | DD13: =INDEX('NM O&G Production'!$K$3:$O$537,MATCH($CY13,'NM O&G Production'!$P$3:$P$537,0),MATCH(DD$2,'NM O&G Production'!$K$2:$O$2,0)) -> 0 | DE13: =INDEX('NM O&G Production'!$K$3:$O$537,MATCH($CY13,'NM O&G Production'!$P$3:$P$537,0),MATCH(DE$2,'NM O&G Production'!$K$2:$O$2,0)) -> 0 | DF13: =CK13/(DB13+DA13) -> #DIV/0! | DG13: =DD13*(12/18)*1.06*'Oil and Gas Prices'!$C$18 -> 0 | DH13: =DE13*(12/18)*'Oil and Gas Prices'!$C$4 -> 0 | DJ13: =(DG13+DH13)/(DA13+DB13) -> #DIV/0! | DK13: =CK13/DI13 -> #DIV/0!
A14: Koch Exploration Company LLC | B14: 9777 Mount Pyramid Court | D14: Englewood | E14: CO | F14: 80112 | G14: USA | I14: 252 | J14: M | K14: Name Only Match | L14: AZZZZZZ | M14: 8 | N14: 10-561-5749 | O14: Koch Exploration Company, LLC | Q14: 4111 E 37TH St N | R14: Wichita | S14: Kansas | T14: 67220-3203 | U14: USA | V14: 3168285508 | W14: 1143863 | X14: 6 | Y14: 6 | Z14: 2001 | AA14: Headquarters | AB14: John Mueller | AC14: President | AD14: Oil and gas exploration services | AE14: 1382 | AF14: Oil and Gas Exploration Services | AI14: 13820000 | AJ14: Oil and gas exploration services | AM14: 213112 | AN14: Support Activities for Oil and Gas Operations | AQ14: Subsidiary | AR14: 00-694-4334 | AS14: Koch Industries, Inc. | AT14: N | AU14: KS | AV14: USA | AW14: 00-694-4334 | AX14: Koch Industries, Inc. | AY14: KS | AZ14: USA | BA14: 00-694-4334 | BC14: Koch Industries, Inc. | BD14: KS | BE14: USA | BF14: 2 | BG14: 1341 | BH14: 00-694-4334 | BI14: Koch Industries, Inc. | BK14: 4111 E 37TH St N | BL14: Wichita | BM14: Kansas | BN14: 67220-3298 | BO14: USA | BP14: 3168285500 | BQ14: 36877253988 | BR14: 2100 | BS14: 70000 | BT14: 1940 | BU14: Headquarters | BV14: Charles G Koch | BW14: Chief Executive Officer | BX14: Petroleum products, nec | BY14: 5172 | BZ14: Petroleum Products, Nec | CA14: 5169 | CB14: Chemicals and Allied Products, Nec | CC14: 51720000 | CD14: Petroleum products, nec | CE14: 51690000 | CF14: Chemicals and allied products, nec | CG14: 424720 | CH14: Petroleum and Petroleum Products Merchant Wholesalers (except Bulk Stations and Terminals) | CI14: 424690 | CJ14: Other Chemical and Allied Products Merchant Wholesalers | CK14: =IF(BQ14>0,BQ14,W14) -> 36877253988 | CL14: =IF(BS14>0,BS14,Y14) -> 70000 | CM14: =IF(CG14>0,CG14,AM14) -> 424720 | CN14: =IF($BH14="",1,COUNTIF($BH$3:$BH14,$BH14)) -> 1 | CO14: Yes | CP14: =IF($K14="Standard Match","Match",IF($K14="Name Only Match",IF($CO14="Yes","Match","Name Only Match"),"No Match")) -> Match | CQ14: =IF(AND(CP14="Match",CK14>0,CL14>0),"Y","N") -> Y | CS14: =IF($CQ14="Y",VLOOKUP($CM14,'SBA Size Standards'!$B$3:$G$57,MATCH('SBA Size Standards'!$G$3,'SBA Size Standards'!$B$3:$G$3,0),FALSE),"") -> Employment | CT14: =IF(CQ14="Y",IF($CS14="Employment","N/A",VLOOKUP($CM14,'SBA Size Standards'!$B$3:$G$57,MATCH('SBA Size Standards'!$E$3,'SBA Size Standards'!$B$3:$G$3,0),FALSE)),"") -> N/A | CU14: =IF($CQ14="Y",IF($CS14="Revenue","N/A",VLOOKUP($CM14,'SBA Size Standards'!$B$3:$G$57,MATCH('SBA Size Standards'!$F$3,'SBA Size Standards'!$B$3:$G$3,0),FALSE)),"") -> 200 | CV14: =IF($CQ14="Y",IF(OR(AND($CS14="Employment",$CL14<$CU14),AND($CS14="Revenue",$CK14<$CT14)),"YES","NO"),"") -> NO | CW14: =IF($CQ14="Y",INDEX('SBA Size Standards'!$N$3:$N$12,MATCH($CK14,'SBA Size Standards'!$O$3:$O$12,1)),"") -> $1,000,000,001 -$125,000,000,000 | CX14: KOCHEXPLORATIONCOMPANYLLC9777MOUNTPYRAMIDCOURTENGLEWOOD | CY14: =INDEX('NM O&G Production'!$P$3:$P$537,MATCH(CX14,'NM O&G Production'!$Q$3:$Q$537,0)) -> 252 | CZ14: =INDEX('NM O&G Production'!$O$3:$O$537,MATCH(CY14,'NM O&G Production'!$P$3:$P$537,0)) -> No | DA14: =INDEX('NM O&G Production'!$K$3:$O$537,MATCH($CY14,'NM O&G Production'!$P$3:$P$537,0),MATCH(DA$2,'NM O&G Production'!$K$2:$O$2,0)) -> 0 | DB14: =INDEX('NM O&G Production'!$K$3:$O$537,MATCH($CY14,'NM O&G Production'!$P$3:$P$537,0),MATCH(DB$2,'NM O&G Production'!$K$2:$O$2,0)) -> 0 | DD14: =INDEX('NM O&G Production'!$K$3:$O$537,MATCH($CY14,'NM O&G Production'!$P$3:$P$537,0),MATCH(DD$2,'NM O&G Production'!$K$2:$O$2,0)) -> 0 | DE14: =INDEX('NM O&G Production'!$K$3:$O$537,MATCH($CY14,'NM O&G Production'!$P$3:$P$537,0),MATCH(DE$2,'NM O&G Production'!$K$2:$O$2,0)) -> 0 | DF14: =CK14/(DB14+DA14) -> #DIV/0! | DG14: =DD14*(12/18)*1.06*'Oil and Gas Prices'!$C$18 -> 0 | DH14: =DE14*(12/18)*'Oil and Gas Prices'!$C$4 -> 0 | DJ14: =(DG14+DH14)/(DA14+DB14) -> #DIV/0! | DK14: =CK14/DI14 -> #DIV/0!
A15: Plains Marketing LP | B15: 10 Desta Drive | D15: Midland | E15: TX | F15: 79705 | G15: USA | I15: 361 | J15: M | K15: Name Only Match | L15: AZZZZZZ | M15: 8 | N15: 12-725-2153 | O15: Plains Marketing, L.P. | P15: Plains All American Pipeline | Q15: 333 Clay St Ste 1600 | R15: Houston | S15: Texas | T15: 77002-4101 | U15: USA | V15: 7136464100 | W15: 1438073070 | X15: 60 | Y15: 321 | Z15: 1997 | AA15: Headquarters | AB15: Greg L Armstrong | AC15: Member | AD15: Petroleum products, nec | AE15: 5172 | AF15: Petroleum Products, Nec | AG15: 4213 | AH15: Trucking, Except Local | AI15: 51729901 | AJ15: Crude oil | AK15: 42139908 | AL15: Liquid petroleum transport, non-local | AM15: 424720 | AN15: Petroleum and Petroleum Products Merchant Wholesalers (except Bulk Stations and Terminals) | AO15: 484230 | AP15: Specialized Freight (except Used Goods) Trucking, Long-Distance | AQ15: Subsidiary | AR15: 80-857-2916 | AS15: Plains GP Holdings, L.P. | AT15: N | AU15: TX | AV15: USA | AW15: 80-857-2916 | AX15: Plains GP Holdings, L.P. | AY15: TX | AZ15: USA | BA15: 03-617-0624 | BC15: Plains All American Pipeline L.P. | BD15: TX | BE15: USA | BF15: 3 | BG15: 188 | BH15: 80-857-2916 | BI15: Plains GP Holdings, L.P. | BJ15: PLAINS GP HOLDINGS | BK15: 333 Clay St Ste 1600 | BL15: Houston | BM15: Texas | BN15: 77002-4101 | BO15: USA | BP15: 7136464100 | BQ15: 33669000000 | BR15: 23 | BS15: 5000 | BT15: 2013 | BU15: Headquarters | BV15: Willie Chiang | BW15: Chairman of the Board | BX15: Crude petroleum pipelines | BY15: 4612 | BZ15: Crude Petroleum Pipelines | CA15: 1321 | CB15: Natural Gas Liquids | CC15: 46120000 | CD15: Crude petroleum pipelines | CE15: 13210000 | CF15: Natural gas liquids | CG15: 486110 | CH15: Pipeline Transportation of Crude Oil | CI15: 211130 | CJ15: Natural Gas Extraction | CK15: =IF(BQ15>0,BQ15,W15) -> 33669000000 | CL15: =IF(BS15>0,BS15,Y15) -> 5000 | CM15: =IF(CG15>0,CG15,AM15) -> 486110 | CN15: =IF($BH15="",1,COUNTIF($BH$3:$BH15,$BH15)) -> 1 | CO15: Yes | CP15: =IF($K15="Standard Match","Match",IF($K15="Name Only Match",IF($CO15="Yes","Match","Name Only Match"),"No Match")) -> Match | CQ15: =IF(AND(CP15="Match",CK15>0,CL15>0),"Y","N") -> Y | CS15: =IF($CQ15="Y",VLOOKUP($CM15,'SBA Size Standards'!$B$3:$G$57,MATCH('SBA Size Standards'!$G$3,'SBA Size Standards'!$B$3:$G$3,0),FALSE),"") -> Employment | CT15: =IF(CQ15="Y",IF($CS15="Employment","N/A",VLOOKUP($CM15,'SBA Size Standards'!$B$3:$G$57,MATCH('SBA Size Standards'!$E$3,'SBA Size Standards'!$B$3:$G$3,0),FALSE)),"") -> N/A | CU15: =IF($CQ15="Y",IF($CS15="Revenue","N/A",VLOOKUP($CM15,'SBA Size Standards'!$B$3:$G$57,MATCH('SBA Size Standards'!$F$3,'SBA Size Standards'!$B$3:$G$3,0),FALSE)),"") -> 1500 | CV15: =IF($CQ15="Y",IF(OR(AND($CS15="Employment",$CL15<$CU15),AND($CS15="Revenue",$CK15<$CT15)),"YES","NO"),"") -> NO | CW15: =IF($CQ15="Y",INDEX('SBA Size Standards'!$N$3:$N$12,MATCH($CK15,'SBA Size Standards'!$O$3:$O$12,1)),"") -> $1,000,000,001 -$125,000,000,000 | CX15: PLAINSMARKETINGLP10DESTADRIVEMIDLAND | CY15: =INDEX('NM O&G Production'!$P$3:$P$537,MATCH(CX15,'NM O&G Production'!$Q$3:$Q$537,0)) -> 361 | CZ15: =INDEX('NM O&G Production'!$O$3:$O$537,MATCH(CY15,'NM O&G Production'!$P$3:$P$537,0)) -> No | DA15: =INDEX('NM O&G Production'!$K$3:$O$537,MATCH($CY15,'NM O&G Production'!$P$3:$P$537,0),MATCH(DA$2,'NM O&G Production'!$K$2:$O$2,0)) -> 0 | DB15: =INDEX('NM O&G Production'!$K$3:$O$537,MATCH($CY15,'NM O&G Production'!$P$3:$P$537,0),MATCH(DB$2,'NM O&G Production'!$K$2:$O$2,0)) -> 0 | DD15: =INDEX('NM O&G Production'!$K$3:$O$537,MATCH($CY15,'NM O&G Production'!$P$3:$P$537,0),MATCH(DD$2,'NM O&G Production'!$K$2:$O$2,0)) -> 0 | DE15: =INDEX('NM O&G Production'!$K$3:$O$537,MATCH($CY15,'NM O&G Production'!$P$3:$P$537,0),MATCH(DE$2,'NM O&G Production'!$K$2:$O$2,0)) -> 0 | DF15: =CK15/(DB15+DA15) -> #DIV/0! | DG15: =DD15*(12/18)*1.06*'Oil and Gas Prices'!$C$18 -> 0 | DH15: =DE15*(12/18)*'Oil and Gas Prices'!$C$4 -> 0 | DJ15: =(DG15+DH15)/(DA15+DB15) -> #DIV/0! | DK15: =CK15/DI15 -> #DIV/0!
A16: Mid-America Pipeline Company LLC | B16: PO Box 4324 | D16: Houston | E16: TX | F16: 77210 | G16: USA | I16: 308 | J16: M | K16: Standard Match | L16: AZZAAAZ | M16: 10 | N16: 14-523-7876 | O16: Mid-America Pipeline Company, LLC | Q16: 1100 Louisiana St Ste 1000 | R16: Houston | S16: Texas | T16: 77002-7499 | U16: USA | V16: 7138806500 | W16: 617166444 | X16: 28 | Y16: 250 | Z16: 2002 | AA16: Headquarters | AB16: J M Collingsworth | AC16: Member | AD16: Natural gas transmission | AE16: 4922 | AF16: Natural Gas Transmission | AI16: 49229901 | AJ16: Pipelines, natural gas | AM16: 486210 | AN16: Pipeline Transportation of Natural Gas | AQ16: Subsidiary | AR16: 02-795-3129 | AS16: Enterprise Products Partners L.P. | AT16: N | AU16: TX | AV16: USA | AW16: 02-795-3129 | AX16: Enterprise Products Partners L.P. | AY16: TX | AZ16: USA | BA16: 04-821-0686 | BC16: Enterprise Products Company | BD16: TX | BE16: USA | BF16: 3 | BG16: 311 | BH16: 02-795-3129 | BI16: Enterprise Products Partners L.P. | BK16: 1100 Louisiana St FL 10 | BL16: Houston | BM16: Texas | BN16: 77002-5432 | BO16: USA | BP16: 7133816500 | BQ16: 32789200000 | BR16: 149 | BS16: 7300 | BT16: 1968 | BU16: Headquarters | BV16: A James Teague | BW16: Co-Chief Executive Officer | BX16: Natural gas transmission | BY16: 4922 | BZ16: Natural Gas Transmission | CA16: 4925 | CB16: Gas Production and/or Distribution | CC16: 49229901 | CD16: Pipelines, natural gas | CE16: 49250000 | CF16: Gas production and/or distribution | CG16: 486210 | CH16: Pipeline Transportation of Natural Gas | CI16: 221210 | CJ16: Natural Gas Distribution | CK16: =IF(BQ16>0,BQ16,W16) -> 32789200000 | CL16: =IF(BS16>0,BS16,Y16) -> 7300 | CM16: =IF(CG16>0,CG16,AM16) -> 486210 | CN16: =IF($BH16="",1,COUNTIF($BH$3:$BH16,$BH16)) -> 1 | CP16: =IF($K16="Standard Match","Match",IF($K16="Name Only Match",IF($CO16="Yes","Match","Name Only Match"),"No Match")) -> Match | CQ16: =IF(AND(CP16="Match",CK16>0,CL16>0),"Y","N") -> Y | CS16: =IF($CQ16="Y",VLOOKUP($CM16,'SBA Size Standards'!$B$3:$G$57,MATCH('SBA Size Standards'!$G$3,'SBA Size Standards'!$B$3:$G$3,0),FALSE),"") -> Revenue | CT16: =IF(CQ16="Y",IF($CS16="Employment","N/A",VLOOKUP($CM16,'SBA Size Standards'!$B$3:$G$57,MATCH('SBA Size Standards'!$E$3,'SBA Size Standards'!$B$3:$G$3,0),FALSE)),"") -> 30000000 | CU16: =IF($CQ16="Y",IF($CS16="Revenue","N/A",VLOOKUP($CM16,'SBA Size Standards'!$B$3:$G$57,MATCH('SBA Size Standards'!$F$3,'SBA Size Standards'!$B$3:$G$3,0),FALSE)),"") -> N/A | CV16: =IF($CQ16="Y",IF(OR(AND($CS16="Employment",$CL16<$CU16),AND($CS16="Revenue",$CK16<$CT16)),"YES","NO"),"") -> NO | CW16: =IF($CQ16="Y",INDEX('SBA Size Standards'!$N$3:$N$12,MATCH($CK16,'SBA Size Standards'!$O$3:$O$12,1)),"") -> $1,000,000,001 -$125,000,000,000 | CX16: MIDAMERICAPIPELINECOMPANYLLCPOBOX4324HOUSTON | CY16: =INDEX('NM O&G Production'!$P$3:$P$537,MATCH(CX16,'NM O&G Production'!$Q$3:$Q$537,0)) -> 308 | CZ16: =INDEX('NM O&G Production'!$O$3:$O$537,MATCH(CY16,'NM O&G Production'!$P$3:$P$537,0)) -> No | DA16: =INDEX('NM O&G Production'!$K$3:$O$537,MATCH($CY16,'NM O&G Production'!$P$3:$P$537,0),MATCH(DA$2,'NM O&G Production'!$K$2:$O$2,0)) -> 0 | DB16: =INDEX('NM O&G Production'!$K$3:$O$537,MATCH($CY16,'NM O&G Production'!$P$3:$P$537,0),MATCH(DB$2,'NM O&G Production'!$K$2:$O$2,0)) -> 0 | DD16: =INDEX('NM O&G Production'!$K$3:$O$537,MATCH($CY16,'NM O&G Production'!$P$3:$P$537,0),MATCH(DD$2,'NM O&G Production'!$K$2:$O$2,0)) -> 0 | DE16: =INDEX('NM O&G Production'!$K$3:$O$537,MATCH($CY16,'NM O&G Production'!$P$3:$P$537,0),MATCH(DE$2,'NM O&G Production'!$K$2:$O$2,0)) -> 0 | DF16: =CK16/(DB16+DA16) -> #DIV/0! | DG16: =DD16*(12/18)*1.06*'Oil and Gas Prices'!$C$18 -> 0 | DH16: =DE16*(12/18)*'Oil and Gas Prices'!$C$4 -> 0 | DJ16: =(DG16+DH16)/(DA16+DB16) -> #DIV/0! | DK16: =CK16/DI16 -> #DIV/0!
A17: Enterprise Field Services, LLC | B17: PO Box 4324 | D17: Houston | E17: TX | F17: 77208 | G17: USA | I17: 151 | J17: M | K17: Standard Match | L17: AZZAAZZ | M17: 8 | N17: 13-547-6534 | O17: Enterprise Field Services, LLC | Q17: 1100 Louisiana St FL 14 | R17: Houston | S17: Texas | T17: 77002-5427 | U17: USA | V17: 7133816500 | W17: 582540 | X17: 3 | Y17: 3 | Z17: 1997 | AA17: Single Location | AB17: Michael A Creel | AC17: Chief Executive Officer | AD17: Heavy construction, nec, nsk | AE17: 1629 | AF17: Heavy Construction, Nec | AI17: 16290503 | AJ17: Oil refinery construction | AM17: 237120 | AN17: Oil and Gas Pipeline and Related Structures Construction | AQ17: Subsidiary | AR17: 02-795-3129 | AS17: Enterprise Products Partners L.P. | AT17: N | AU17: TX | AV17: USA | AW17: 02-795-3129 | AX17: Enterprise Products Partners L.P. | AY17: TX | AZ17: USA | BA17: 02-795-3129 | BC17: Enterprise Products Partners L.P. | BD17: TX | BE17: USA | BF17: 2 | BG17: 311 | BH17: 02-795-3129 | BI17: Enterprise Products Partners L.P. | BK17: 1100 Louisiana St FL 10 | BL17: Houston | BM17: Texas | BN17: 77002-5432 | BO17: USA | BP17: 7133816500 | BQ17: 32789200000 | BR17: 149 | BS17: 7300 | BT17: 1968 | BU17: Headquarters | BV17: A James Teague | BW17: Co-Chief Executive Officer | BX17: Natural gas transmission | BY17: 4922 | BZ17: Natural Gas Transmission | CA17: 4925 | CB17: Gas Production and/or Distribution | CC17: 49229901 | CD17: Pipelines, natural gas | CE17: 49250000 | CF17: Gas production and/or distribution | CG17: 486210 | CH17: Pipeline Transportation of Natural Gas | CI17: 221210 | CJ17: Natural Gas Distribution | CK17: =IF(BQ17>0,BQ17,W17) -> 32789200000 | CL17: =IF(BS17>0,BS17,Y17) -> 7300 | CM17: =IF(CG17>0,CG17,AM17) -> 486210 | CN17: =IF($BH17="",1,COUNTIF($BH$3:$BH17,$BH17)) -> 2 | CP17: =IF($K17="Standard Match","Match",IF($K17="Name Only Match",IF($CO17="Yes","Match","Name Only Match"),"No Match")) -> Match | CQ17: =IF(AND(CP17="Match",CK17>0,CL17>0),"Y","N") -> Y | CS17: =IF($CQ17="Y",VLOOKUP($CM17,'SBA Size Standards'!$B$3:$G$57,MATCH('SBA Size Standards'!$G$3,'SBA Size Standards'!$B$3:$G$3,0),FALSE),"") -> Revenue | CT17: =IF(CQ17="Y",IF($CS17="Employment","N/A",VLOOKUP($CM17,'SBA Size Standards'!$B$3:$G$57,MATCH('SBA Size Standards'!$E$3,'SBA Size Standards'!$B$3:$G$3,0),FALSE)),"") -> 30000000 | CU17: =IF($CQ17="Y",IF($CS17="Revenue","N/A",VLOOKUP($CM17,'SBA Size Standards'!$B$3:$G$57,MATCH('SBA Size Standards'!$F$3,'SBA Size Standards'!$B$3:$G$3,0),FALSE)),"") -> N/A | CV17: =IF($CQ17="Y",IF(OR(AND($CS17="Employment",$CL17<$CU17),AND($CS17="Revenue",$CK17<$CT17)),"YES","NO"),"") -> NO | CW17: =IF($CQ17="Y",INDEX('SBA Size Standards'!$N$3:$N$12,MATCH($CK17,'SBA Size Standards'!$O$3:$O$12,1)),"") -> $1,000,000,001 -$125,000,000,000 | CX17: ENTERPRISEFIELDSERVICESLLCPOBOX4324HOUSTON | CY17: =INDEX('NM O&G Production'!$P$3:$P$537,MATCH(CX17,'NM O&G Production'!$Q$3:$Q$537,0)) -> 151 | CZ17: =INDEX('NM O&G Production'!$O$3:$O$537,MATCH(CY17,'NM O&G Production'!$P$3:$P$537,0)) -> No | DA17: =INDEX('NM O&G Production'!$K$3:$O$537,MATCH($CY17,'NM O&G Production'!$P$3:$P$537,0),MATCH(DA$2,'NM O&G Production'!$K$2:$O$2,0)) -> 0 | DB17: =INDEX('NM O&G Production'!$K$3:$O$537,MATCH($CY17,'NM O&G Production'!$P$3:$P$537,0),MATCH(DB$2,'NM O&G Production'!$K$2:$O$2,0)) -> 0 | DD17: =INDEX('NM O&G Production'!$K$3:$O$537,MATCH($CY17,'NM O&G Production'!$P$3:$P$537,0),MATCH(DD$2,'NM O&G Production'!$K$2:$O$2,0)) -> 0 | DE17: =INDEX('NM O&G Production'!$K$3:$O$537,MATCH($CY17,'NM O&G Production'!$P$3:$P$537,0),MATCH(DE$2,'NM O&G Production'!$K$2:$O$2,0)) -> 0 | DF17: =CK17/(DB17+DA17) -> #DIV/0! | DG17: =DD17*(12/18)*1.06*'Oil and Gas Prices'!$C$18 -> 0 | DH17: =DE17*(12/18)*'Oil and Gas Prices'!$C$4 -> 0 | DJ17: =(DG17+DH17)/(DA17+DB17) -> #DIV/0! | DK17: =CK17/DI17 -> #DIV/0!
A18: VISION ENERGY GROUP LLC | B18: 5600 North May Avenue | D18: Oklahoma City | E18: OK | F18: 73112 | G18: USA | I18: 506 | J18: M | K18: Standard Match | L18: AAAAAZZ | M18: 10 | N18: 07-943-0234 | O18: Vision Energy Group LLC | Q18: 5600 N May Ave Ste 137 | R18: Oklahoma City | S18: Oklahoma | T18: 73112-4275 | U18: USA | V18: 4058483933 | W18: 204898 | X18: 5 | Y18: 5 | Z18: 2014 | AA18: Single Location | AB18: LISA WILLIAMS | AC18: Principal | AD18: Oil and gas exploration services | AE18: 1382 | AF18: Oil and Gas Exploration Services | AI18: 13820000 | AJ18: Oil and gas exploration services | AM18: 213112 | AN18: Support Activities for Oil and Gas Operations | AQ18: Subsidiary | AR18: 98-568-7323 | AS18: LINDE PUBLIC LIMITED COMPANY | AT18: N | AV18: Ireland Republic of | AW18: 19-715-4586 | AX18: Linde Inc. | AY18: CT | AZ18: USA | BA18: 19-715-4586 | BC18: Linde Inc. | BD18: CT | BE18: Ireland Republic of | BF18: 3 | BG18: 3495 | BH18: 98-568-7323 | BI18: LINDE PUBLIC LIMITED COMPANY | BK18: TEN EARLSFORT TERRACE | BL18: DUBLIN 2 | BN18: D02T380 | BO18: Ireland Republic of | BQ18: 28758000000 | BR18: 0 | BS18: 79627 | BT18: 2017 | BU18: Headquarters | BV18: DR. THOMAS ENDERS | BW18: Director | BX18: Trusts, nec | BY18: 6733 | BZ18: Trusts, Nec | CC18: 67330000 | CD18: Trusts, nec | CG18: 523991 | CH18: Trust, Fiduciary, and Custody Activities | CK18: =IF(BQ18>0,BQ18,W18) -> 28758000000 | CL18: =IF(BS18>0,BS18,Y18) -> 79627 | CM18: =IF(CG18>0,CG18,AM18) -> 523991 | CN18: =IF($BH18="",1,COUNTIF($BH$3:$BH18,$BH18)) -> 1 | CP18: =IF($K18="Standard Match","Match",IF($K18="Name Only Match",IF($CO18="Yes","Match","Name Only Match"),"No Match")) -> Match | CQ18: =IF(AND(CP18="Match",CK18>0,CL18>0),"Y","N") -> Y | CS18: =IF($CQ18="Y",VLOOKUP($CM18,'SBA Size Standards'!$B$3:$G$57,MATCH('SBA Size Standards'!$G$3,'SBA Size Standards'!$B$3:$G$3,0),FALSE),"") -> Revenue | CT18: =IF(CQ18="Y",IF($CS18="Employment","N/A",VLOOKUP($CM18,'SBA Size Standards'!$B$3:$G$57,MATCH('SBA Size Standards'!$E$3,'SBA Size Standards'!$B$3:$G$3,0),FALSE)),"") -> 41500000 | CU18: =IF($CQ18="Y",IF($CS18="Revenue","N/A",VLOOKUP($CM18,'SBA Size Standards'!$B$3:$G$57,MATCH('SBA Size Standards'!$F$3,'SBA Size Standards'!$B$3:$G$3,0),FALSE)),"") -> N/A | CV18: =IF($CQ18="Y",IF(OR(AND($CS18="Employment",$CL18<$CU18),AND($CS18="Revenue",$CK18<$CT18)),"YES","NO"),"") -> NO | CW18: =IF($CQ18="Y",INDEX('SBA Size Standards'!$N$3:$N$12,MATCH($CK18,'SBA Size Standards'!$O$3:$O$12,1)),"") -> $1,000,000,001 -$125,000,000,000 | CX18: VISIONENERGYGROUPLLC5600NORTHMAYAVENUEOKLAHOMACITY | CY18: =INDEX('NM O&G Production'!$P$3:$P$537,MATCH(CX18,'NM O&G Production'!$Q$3:$Q$537,0)) -> 506 | CZ18: =INDEX('NM O&G Production'!$O$3:$O$537,MATCH(CY18,'NM O&G Production'!$P$3:$P$537,0)) -> Yes | DA18: =INDEX('NM O&G Production'!$K$3:$O$537,MATCH($CY18,'NM O&G Production'!$P$3:$P$537,0),MATCH(DA$2,'NM O&G Production'!$K$2:$O$2,0)) -> 0 | DB18: =INDEX('NM O&G Production'!$K$3:$O$537,MATCH($CY18,'NM O&G Production'!$P$3:$P$537,0),MATCH(DB$2,'NM O&G Production'!$K$2:$O$2,0)) -> 20 | DC18: =DA18+DB18 -> 20 | DD18: =INDEX('NM O&G Production'!$K$3:$O$537,MATCH($CY18,'NM O&G Production'!$P$3:$P$537,0),MATCH(DD$2,'NM O&G Production'!$K$2:$O$2,0)) -> 0 | DE18: =INDEX('NM O&G Production'!$K$3:$O$537,MATCH($CY18,'NM O&G Production'!$P$3:$P$537,0),MATCH(DE$2,'NM O&G Production'!$K$2:$O$2,0)) -> 32210 | DF18: =CK18/(DB18+DA18) -> 1437900000 | DG18: =DD18*(12/18)*1.06*'Oil and Gas Prices'!$C$18 -> 0 | DH18: =DE18*(12/18)*'Oil and Gas Prices'!$C$4 -> 966300 | DI18: =DG18+DH18 -> 966300 | DJ18: =(DG18+DH18)/(DA18+DB18) -> 48315
A19: Anadarko Petroleum Corporation | B19: PO Box 1330 | D19: Houston | E19: TX | F19: 77251 | G19: USA | I19: 13 | J19: M | K19: Standard Match | L19: AZZAAAZ | M19: 10 | N19: 02-640-9797 | O19: Anadarko Petroleum Corporation | P19: Anadarko | Q19: 1201 Lake Robbins Dr | R19: The Woodlands | S19: Texas | T19: 77380-1124 | U19: USA | V19: 8326361000 | W19: 13382000000 | X19: 141 | Y19: 4700 | Z19: 1959 | AA19: Headquarters | AB19: R A Walker | AC19: Chairman of the Board | AD19: Crude petroleum and natural gas, nsk | AE19: 1311 | AF19: Crude Petroleum and Natural Gas | AG19: 4924 | AH19: Natural Gas Distribution | AI19: 13110101 | AJ19: Crude petroleum production | AK19: 49240000 | AL19: Natural gas distribution | AM19: 211120 | AN19: Crude Petroleum Extraction | AO19: 221210 | AP19: Natural Gas Distribution | AQ19: Subsidiary | AR19: 00-690-8354 | AS19: Occidental Petroleum Corporation | AT19: N | AU19: TX | AV19: USA | AW19: 00-690-8354 | AX19: Occidental Petroleum Corporation | AY19: TX | AZ19: USA | BA19: 00-690-8354 | BC19: Occidental Petroleum Corporation | BD19: TX | BE19: USA | BF19: 2 | BG19: 515 | BH19: 00-690-8354 | BI19: Occidental Petroleum Corporation | BJ19: Occidental | BK19: 5 Greenway Plz Ste 110 | BL19: Houston | BM19: Texas | BN19: 77046-0521 | BO19: USA | BP19: 7132157000 | BQ19: 21232000000 | BR19: 1000 | BS19: 14400 | BT19: 1920 | BU19: Headquarters | BV19: Vicki A Hollub | BW19: President | BX19: Crude petroleum and natural gas, nsk | BY19: 1311 | BZ19: Crude Petroleum and Natural Gas | CA19: 1382 | CB19: Oil and Gas Exploration Services | CC19: 13110101 | CD19: Crude petroleum production | CE19: 13820000 | CF19: Oil and gas exploration services | CG19: 211120 | CH19: Crude Petroleum Extraction | CI19: 213112 | CJ19: Support Activities for Oil and Gas Operations | CK19: =IF(BQ19>0,BQ19,W19) -> 21232000000 | CL19: =IF(BS19>0,BS19,Y19) -> 14400 | CM19: =IF(CG19>0,CG19,AM19) -> 211120 | CN19: =IF($BH19="",1,COUNTIF($BH$3:$BH19,$BH19)) -> 1 | CP19: =IF($K19="Standard Match","Match",IF($K19="Name Only Match",IF($CO19="Yes","Match","Name Only Match"),"No Match")) -> Match | CQ19: =IF(AND(CP19="Match",CK19>0,CL19>0),"Y","N") -> Y | CS19: =IF($CQ19="Y",VLOOKUP($CM19,'SBA Size Standards'!$B$3:$G$57,MATCH('SBA Size Standards'!$G$3,'SBA Size Standards'!$B$3:$G$3,0),FALSE),"") -> Employment | CT19: =IF(CQ19="Y",IF($CS19="Employment","N/A",VLOOKUP($CM19,'SBA Size Standards'!$B$3:$G$57,MATCH('SBA Size Standards'!$E$3,'SBA Size Standards'!$B$3:$G$3,0),FALSE)),"") -> N/A | CU19: =IF($CQ19="Y",IF($CS19="Revenue","N/A",VLOOKUP($CM19,'SBA Size Standards'!$B$3:$G$57,MATCH('SBA Size Standards'!$F$3,'SBA Size Standards'!$B$3:$G$3,0),FALSE)),"") -> 1250 | CV19: =IF($CQ19="Y",IF(OR(AND($CS19="Employment",$CL19<$CU19),AND($CS19="Revenue",$CK19<$CT19)),"YES","NO"),"") -> NO | CW19: =IF($CQ19="Y",INDEX('SBA Size Standards'!$N$3:$N$12,MATCH($CK19,'SBA Size Standards'!$O$3:$O$12,1)),"") -> $1,000,000,001 -$125,000,000,000 | CX19: ANADARKOPETROLEUMCORPORATIONPOBOX1330HOUSTON | CY19: =INDEX('NM O&G Production'!$P$3:$P$537,MATCH(CX19,'NM O&G Production'!$Q$3:$Q$537,0)) -> 13 | CZ19: =INDEX('NM O&G Production'!$K$3:$O$537,MATCH($CY19,'NM O&G Production'!$P$3:$P$537,0),MATCH(CZ$2,'NM O&G Production'!$K$2:$O$2,0)) -> No | DA19: =INDEX('NM O&G Production'!$K$3:$O$537,MATCH($CY19,'NM O&G Production'!$P$3:$P$537,0),MATCH(DA$2,'NM O&G Production'!$K$2:$O$2,0)) -> 0 | DB19: =INDEX('NM O&G Production'!$K$3:$O$537,MATCH($CY19,'NM O&G Production'!$P$3:$P$537,0),MATCH(DB$2,'NM O&G Production'!$K$2:$O$2,0)) -> 0 | DD19: =INDEX('NM O&G Production'!$K$3:$O$537,MATCH($CY19,'NM O&G Production'!$P$3:$P$537,0),MATCH(DD$2,'NM O&G Production'!$K$2:$O$2,0)) -> 0 | DE19: =INDEX('NM O&G Production'!$K$3:$O$537,MATCH($CY19,'NM O&G Production'!$P$3:$P$537,0),MATCH(DE$2,'NM O&G Production'!$K$2:$O$2,0)) -> 0 | DF19: =CK19/(DB19+DA19) -> #DIV/0! | DG19: =DD19*(12/18)*1.06*'Oil and Gas Prices'!$C$18 -> 0 | DH19: =DE19*(12/18)*'Oil and Gas Prices'!$C$4 -> 0 | DJ19: =(DG19+DH19)/(DA19+DB19) -> #DIV/0! | DK19: =CK19/DI19 -> #DIV/0!
A20: OXY USA Inc | B20: 5 Greenway Plaza | D20: Houston | E20: TX | F20: 77046 | G20: USA | I20: 345 | J20: M | K20: Standard Match | L20: AAAAAZZ | M20: 10 | N20: 80-040-0959 | O20: OXY USA Inc. | Q20: 5 Greenway Plz Ste 110 | R20: Houston | S20: Texas | T20: 77046-0521 | U20: USA | V20: 7132157000 | X20: 125 | Y20: 0 | AA20: Branch | AB20: John W Morgan | AC20: President | AD20: Crude petroleum and natural gas, nsk | AE20: 1311 | AF20: Crude Petroleum and Natural Gas | AI20: 13110101 | AJ20: Crude petroleum production | AM20: 211120 | AN20: Crude Petroleum Extraction | AQ20: Not a Subsidiary | AR20: 00-690-8354 | AS20: Occidental Petroleum Corporation | AT20: N | AU20: TX | AV20: USA | AW20: 00-690-8354 | AX20: Occidental Petroleum Corporation | AY20: TX | AZ20: USA | BB20: 00-673-3514 | BC20: OXY USA Inc. | BD20: TX | BE20: USA | BF20: 2 | BG20: 515 | BH20: 00-690-8354 | BI20: Occidental Petroleum Corporation | BJ20: Occidental | BK20: 5 Greenway Plz Ste 110 | BL20: Houston | BM20: Texas | BN20: 77046-0521 | BO20: USA | BP20: 7132157000 | BQ20: 21232000000 | BR20: 1000 | BS20: 14400 | BT20: 1920 | BU20: Headquarters | BV20: Vicki A Hollub | BW20: President | BX20: Crude petroleum and natural gas, nsk | BY20: 1311 | BZ20: Crude Petroleum and Natural Gas | CA20: 1382 | CB20: Oil and Gas Exploration Services | CC20: 13110101 | CD20: Crude petroleum production | CE20: 13820000 | CF20: Oil and gas exploration services | CG20: 211120 | CH20: Crude Petroleum Extraction | CI20: 213112 | CJ20: Support Activities for Oil and Gas Operations | CK20: =IF(BQ20>0,BQ20,W20) -> 21232000000 | CL20: =IF(BS20>0,BS20,Y20) -> 14400 | CM20: =IF(CG20>0,CG20,AM20) -> 211120 | CN20: =IF($BH20="",1,COUNTIF($BH$3:$BH20,$BH20)) -> 2 | CP20: =IF($K20="Standard Match","Match",IF($K20="Name Only Match",IF($CO20="Yes","Match","Name Only Match"),"No Match")) -> Match | CQ20: =IF(AND(CP20="Match",CK20>0,CL20>0),"Y","N") -> Y | CS20: =IF($CQ20="Y",VLOOKUP($CM20,'SBA Size Standards'!$B$3:$G$57,MATCH('SBA Size Standards'!$G$3,'SBA Size Standards'!$B$3:$G$3,0),FALSE),"") -> Employment | CT20: =IF(CQ20="Y",IF($CS20="Employment","N/A",VLOOKUP($CM20,'SBA Size Standards'!$B$3:$G$57,MATCH('SBA Size Standards'!$E$3,'SBA Size Standards'!$B$3:$G$3,0),FALSE)),"") -> N/A | CU20: =IF($CQ20="Y",IF($CS20="Revenue","N/A",VLOOKUP($CM20,'SBA Size Standards'!$B$3:$G$57,MATCH('SBA Size Standards'!$F$3,'SBA Size Standards'!$B$3:$G$3,0),FALSE)),"") -> 1250 | CV20: =IF($CQ20="Y",IF(OR(AND($CS20="Employment",$CL20<$CU20),AND($CS20="Revenue",$CK20<$CT20)),"YES","NO"),"") -> NO | CW20: =IF($CQ20="Y",INDEX('SBA Size Standards'!$N$3:$N$12,MATCH($CK20,'SBA Size Standards'!$O$3:$O$12,1)),"") -> $1,000,000,001 -$125,000,000,000 | CX20: OXYUSAINC5GREENWAYPLAZAHOUSTON | CY20: =INDEX('NM O&G Production'!$P$3:$P$537,MATCH(CX20,'NM O&G Production'!$Q$3:$Q$537,0)) -> 345 | CZ20: =INDEX('NM O&G Production'!$O$3:$O$537,MATCH(CY20,'NM O&G Production'!$P$3:$P$537,0)) -> Yes | DA20: =INDEX('NM O&G Production'!$K$3:$O$537,MATCH($CY20,'NM O&G Production'!$P$3:$P$537,0),MATCH(DA$2,'NM O&G Production'!$K$2:$O$2,0)) -> 675 | DB20: =INDEX('NM O&G Production'!$K$3:$O$537,MATCH($CY20,'NM O&G Production'!$P$3:$P$537,0),MATCH(DB$2,'NM O&G Production'!$K$2:$O$2,0)) -> 958 | DC20: =DA20+DB20 -> 1633 | DD20: =INDEX('NM O&G Production'!$K$3:$O$537,MATCH($CY20,'NM O&G Production'!$P$3:$P$537,0),MATCH(DD$2,'NM O&G Production'!$K$2:$O$2,0)) -> 173930415 | DE20: =INDEX('NM O&G Production'!$K$3:$O$537,MATCH($CY20,'NM O&G Production'!$P$3:$P$537,0),MATCH(DE$2,'NM O&G Production'!$K$2:$O$2,0)) -> 56203515 | DF20: =CK20/(DB20+DA20) -> 13001837 | DG20: =DD20*(12/18)*1.06*'Oil and Gas Prices'!$C$18 -> 2.9375688e+08 | DH20: =DE20*(12/18)*'Oil and Gas Prices'!$C$4 -> 1686105450 | DI20: =DG20+DH20 -> 1.9798623e+09 | DJ20: =(DG20+DH20)/(DA20+DB20) -> 1212408
A21: Occidental Permian Limited | B21: 5 Greenway Plaza | D21: Houston | E21: TX | F21: 77046 | G21: USA | I21: 339 | J21: M | K21: Standard Match | L21: AAAAAZZ | M21: 10 | N21: 79-595-6205 | O21: Occidental Permian Ltd. | Q21: 5 Greenway Plz Ste 110 | R21: Houston | S21: Texas | T21: 77046-0521 | U21: USA | V21: 7132157000 | W21: 1360307559 | X21: 250 | Y21: 900 | Z21: 1997 | AA21: Headquarters | AB21: Tom Menges | AC21: President | AD21: Oil and gas exploration services | AE21: 1382 | AF21: Oil and Gas Exploration Services | AG21: 1311 | AH21: Crude Petroleum and Natural Gas | AI21: 13820000 | AJ21: Oil and gas exploration services | AK21: 13110101 | AL21: Crude petroleum production | AM21: 213112 | AN21: Support Activities for Oil and Gas Operations | AO21: 211120 | AP21: Crude Petroleum Extraction | AQ21: Subsidiary | AR21: 00-690-8354 | AS21: Occidental Petroleum Corporation | AT21: N | AU21: TX | AV21: USA | AW21: 00-690-8354 | AX21: Occidental Petroleum Corporation | AY21: TX | AZ21: USA | BA21: 00-690-8354 | BC21: Occidental Petroleum Corporation | BD21: TX | BE21: USA | BF21: 2 | BG21: 515 | BH21: 00-690-8354 | BI21: Occidental Petroleum Corporation | BJ21: Occidental | BK21: 5 Greenway Plz Ste 110 | BL21: Houston | BM21: Texas | BN21: 77046-0521 | BO21: USA | BP21: 7132157000 | BQ21: 21232000000 | BR21: 1000 | BS21: 14400 | BT21: 1920 | BU21: Headquarters | BV21: Vicki A Hollub | BW21: President | BX21: Crude petroleum and natural gas, nsk | BY21: 1311 | BZ21: Crude Petroleum and Natural Gas | CA21: 1382 | CB21: Oil and Gas Exploration Services | CC21: 13110101 | CD21: Crude petroleum production | CE21: 13820000 | CF21: Oil and gas exploration services | CG21: 211120 | CH21: Crude Petroleum Extraction | CI21: 213112 | CJ21: Support Activities for Oil and Gas Operations | CK21: =IF(BQ21>0,BQ21,W21) -> 21232000000 | CL21: =IF(BS21>0,BS21,Y21) -> 14400 | CM21: =IF(CG21>0,CG21,AM21) -> 211120 | CN21: =IF($BH21="",1,COUNTIF($BH$3:$BH21,$BH21)) -> 3 | CP21: =IF($K21="Standard Match","Match",IF($K21="Name Only Match",IF($CO21="Yes","Match","Name Only Match"),"No Match")) -> Match | CQ21: =IF(AND(CP21="Match",CK21>0,CL21>0),"Y","N") -> Y | CS21: =IF($CQ21="Y",VLOOKUP($CM21,'SBA Size Standards'!$B$3:$G$57,MATCH('SBA Size Standards'!$G$3,'SBA Size Standards'!$B$3:$G$3,0),FALSE),"") -> Employment | CT21: =IF(CQ21="Y",IF($CS21="Employment","N/A",VLOOKUP($CM21,'SBA Size Standards'!$B$3:$G$57,MATCH('SBA Size Standards'!$E$3,'SBA Size Standards'!$B$3:$G$3,0),FALSE)),"") -> N/A | CU21: =IF($CQ21="Y",IF($CS21="Revenue","N/A",VLOOKUP($CM21,'SBA Size Standards'!$B$3:$G$57,MATCH('SBA Size Standards'!$F$3,'SBA Size Standards'!$B$3:$G$3,0),FALSE)),"") -> 1250 | CV21: =IF($CQ21="Y",IF(OR(AND($CS21="Employment",$CL21<$CU21),AND($CS21="Revenue",$CK21<$CT21)),"YES","NO"),"") -> NO | CW21: =IF($CQ21="Y",INDEX('SBA Size Standards'!$N$3:$N$12,MATCH($CK21,'SBA Size Standards'!$O$3:$O$12,1)),"") -> $1,000,000,001 -$125,000,000,000 | CX21: OCCIDENTALPERMIANLTD5GREENWAYPLAZAHOUSTON | CY21: =INDEX('NM O&G Production'!$P$3:$P$537,MATCH(CX21,'NM O&G Production'!$Q$3:$Q$537,0)) -> 339 | CZ21: =INDEX('NM O&G Production'!$O$3:$O$537,MATCH(CY21,'NM O&G Production'!$P$3:$P$537,0)) -> Yes | DA21: =INDEX('NM O&G Production'!$K$3:$O$537,MATCH($CY21,'NM O&G Production'!$P$3:$P$537,0),MATCH(DA$2,'NM O&G Production'!$K$2:$O$2,0)) -> 244 | DB21: =INDEX('NM O&G Production'!$K$3:$O$537,MATCH($CY21,'NM O&G Production'!$P$3:$P$537,0),MATCH(DB$2,'NM O&G Production'!$K$2:$O$2,0)) -> 83 | DC21: =DA21+DB21 -> 327 | DD21: =INDEX('NM O&G Production'!$K$3:$O$537,MATCH($CY21,'NM O&G Production'!$P$3:$P$537,0),MATCH(DD$2,'NM O&G Production'!$K$2:$O$2,0)) -> 75407065 | DE21: =INDEX('NM O&G Production'!$K$3:$O$537,MATCH($CY21,'NM O&G Production'!$P$3:$P$537,0),MATCH(DE$2,'NM O&G Production'!$K$2:$O$2,0)) -> 7986523 | DF21: =CK21/(DB21+DA21) -> 64929664 | DG21: =DD21*(12/18)*1.06*'Oil and Gas Prices'!$C$18 -> 1.2735751e+08 | DH21: =DE21*(12/18)*'Oil and Gas Prices'!$C$4 -> 2.3959569e+08 | DI21: =DG21+DH21 -> 3.669532e+08 | DJ21: =(DG21+DH21)/(DA21+DB21) -> 1122181
A22: ConocoPhillips | B22: 935 N Eldridge Pkwy | D22: Houston | E22: TX | F22: 77079 | G22: USA | I22: 95 | J22: M | K22: Standard Match | L22: ABAAAZZ | M22: 10 | N22: 00-136-8265 | O22: Conocophillips Company | Q22: 925 N Eldridge Pkwy | R22: Houston | S22: Texas | T22: 77079-2703 | U22: USA | V22: 2812931000 | W22: 12969367253 | X22: 3700 | Y22: 8000 | Z22: 1917 | AA22: Headquarters | AB22: Ryan M Lance | AC22: Chief Executive Officer | AD22: Oil and gas exploration services | AE22: 1382 | AF22: Oil and Gas Exploration Services | AG22: 2911 | AH22: Petroleum Refining | AI22: 13820000 | AJ22: Oil and gas exploration services | AK22: 29110101 | AL22: Gas, refinery | AM22: 213112 | AN22: Support Activities for Oil and Gas Operations | AO22: 324110 | AP22: Petroleum Refineries | AQ22: Subsidiary | AR22: 11-881-9478 | AS22: Conocophillips | AT22: N | AU22: TX | AV22: USA | AW22: 11-881-9478 | AX22: Conocophillips | AY22: TX | AZ22: USA | BA22: 11-881-9478 | BC22: Conocophillips | BD22: TX | BE22: USA | BF22: 2 | BG22: 810 | BH22: 11-881-9478 | BI22: Conocophillips | BK22: 925 N Eldridge Pkwy | BL22: Houston | BM22: Texas | BN22: 77079-2703 | BO22: USA | BP22: 2812931000 | BQ22: 19256000000 | BR22: 3000 | BS22: 10800 | BT22: 1875 | BU22: Headquarters | BV22: Ryan M Lance | BW22: Chairman of the Board | BX22: Crude petroleum and natural gas, nsk | BY22: 1311 | BZ22: Crude Petroleum and Natural Gas | CA22: 1382 | CB22: Oil and Gas Exploration Services | CC22: 13110000 | CD22: Crude petroleum and natural gas | CE22: 13820000 | CF22: Oil and gas exploration services | CG22: 211120 | CH22: Crude Petroleum Extraction | CI22: 213112 | CJ22: Support Activities for Oil and Gas Operations | CK22: =IF(BQ22>0,BQ22,W22) -> 19256000000 | CL22: =IF(BS22>0,BS22,Y22) -> 10800 | CM22: =IF(CG22>0,CG22,AM22) -> 211120 | CN22: =IF($BH22="",1,COUNTIF($BH$3:$BH22,$BH22)) -> 1 | CP22: =IF($K22="Standard Match","Match",IF($K22="Name Only Match",IF($CO22="Yes","Match","Name Only Match"),"No Match")) -> Match | CQ22: =IF(AND(CP22="Match",CK22>0,CL22>0),"Y","N") -> Y | CS22: =IF($CQ22="Y",VLOOKUP($CM22,'SBA Size Standards'!$B$3:$G$57,MATCH('SBA Size Standards'!$G$3,'SBA Size Standards'!$B$3:$G$3,0),FALSE),"") -> Employment | CT22: =IF(CQ22="Y",IF($CS22="Employment","N/A",VLOOKUP($CM22,'SBA Size Standards'!$B$3:$G$57,MATCH('SBA Size Standards'!$E$3,'SBA Size Standards'!$B$3:$G$3,0),FALSE)),"") -> N/A | CU22: =IF($CQ22="Y",IF($CS22="Revenue","N/A",VLOOKUP($CM22,'SBA Size Standards'!$B$3:$G$57,MATCH('SBA Size Standards'!$F$3,'SBA Size Standards'!$B$3:$G$3,0),FALSE)),"") -> 1250 | CV22: =IF($CQ22="Y",IF(OR(AND($CS22="Employment",$CL22<$CU22),AND($CS22="Revenue",$CK22<$CT22)),"YES","NO"),"") -> NO | CW22: =IF($CQ22="Y",INDEX('SBA Size Standards'!$N$3:$N$12,MATCH($CK22,'SBA Size Standards'!$O$3:$O$12,1)),"") -> $1,000,000,001 -$125,000,000,000 | CX22: CONOCOPHILLIPS935NELDRIDGEPKWYHOUSTON | CY22: =INDEX('NM O&G Production'!$P$3:$P$537,MATCH(CX22,'NM O&G Production'!$Q$3:$Q$537,0)) -> 95 | CZ22: =INDEX('NM O&G Production'!$O$3:$O$537,MATCH(CY22,'NM O&G Production'!$P$3:$P$537,0)) -> No | DA22: =INDEX('NM O&G Production'!$K$3:$O$537,MATCH($CY22,'NM O&G Production'!$P$3:$P$537,0),MATCH(DA$2,'NM O&G Production'!$K$2:$O$2,0)) -> 0 | DB22: =INDEX('NM O&G Production'!$K$3:$O$537,MATCH($CY22,'NM O&G Production'!$P$3:$P$537,0),MATCH(DB$2,'NM O&G Production'!$K$2:$O$2,0)) -> 0 | DD22: =INDEX('NM O&G Production'!$K$3:$O$537,MATCH($CY22,'NM O&G Production'!$P$3:$P$537,0),MATCH(DD$2,'NM O&G Production'!$K$2:$O$2,0)) -> 0 | DE22: =INDEX('NM O&G Production'!$K$3:$O$537,MATCH($CY22,'NM O&G Production'!$P$3:$P$537,0),MATCH(DE$2,'NM O&G Production'!$K$2:$O$2,0)) -> 0 | DF22: =CK22/(DB22+DA22) -> #DIV/0! | DG22: =DD22*(12/18)*1.06*'Oil and Gas Prices'!$C$18 -> 0 | DH22: =DE22*(12/18)*'Oil and Gas Prices'!$C$4 -> 0 | DJ22: =(DG22+DH22)/(DA22+DB22) -> #DIV/0! | DK22: =CK22/DI22 -> #DIV/0!
A23: COG PRODUCTION, LLC | B23: P.O. Box 2064 | D23: Midland | E23: TX | F23: 79702 | G23: USA | I23: 90 | J23: M | K23: Standard Match | L23: AZZAAZZ | M23: 8 | N23: 07-874-3543 | O23: Cog Production LLC | Q23: 600 W Illinois Ave | R23: Midland | S23: Texas | T23: 79701-4882 | U23: USA | V23: 4326837443 | W23: 108011 | X23: 39 | Y23: 39 | Z23: 2013 | AA23: Single Location | AB23: TIM LEACH | AC23: Principal | AD23: Motion picture and video production, nsk | AE23: 7812 | AF23: Motion Picture and Video Production | AI23: 78120000 | AJ23: Motion picture and video production | AM23: 512110 | AN23: Motion Picture and Video Production | AQ23: Subsidiary | AR23: 11-881-9478 | AS23: Conocophillips | AT23: N | AU23: TX | AV23: USA | AW23: 11-881-9478 | AX23: Conocophillips | AY23: TX | AZ23: USA | BA23: 80-676-5900 | BC23: Concho Resources Inc. | BD23: TX | BE23: USA | BF23: 3 | BG23: 810 | BH23: 11-881-9478 | BI23: Conocophillips | BK23: 925 N Eldridge Pkwy | BL23: Houston | BM23: Texas | BN23: 77079-2703 | BO23: USA | BP23: 2812931000 | BQ23: 19256000000 | BR23: 3000 | BS23: 10800 | BT23: 1875 | BU23: Headquarters | BV23: Ryan M Lance | BW23: Chairman of the Board | BX23: Crude petroleum and natural gas, nsk | BY23: 1311 | BZ23: Crude Petroleum and Natural Gas | CA23: 1382 | CB23: Oil and Gas Exploration Services | CC23: 13110000 | CD23: Crude petroleum and natural gas | CE23: 13820000 | CF23: Oil and gas exploration services | CG23: 211120 | CH23: Crude Petroleum Extraction | CI23: 213112 | CJ23: Support Activities for Oil and Gas Operations | CK23: =IF(BQ23>0,BQ23,W23) -> 19256000000 | CL23: =IF(BS23>0,BS23,Y23) -> 10800 | CM23: =IF(CG23>0,CG23,AM23) -> 211120 | CN23: =IF($BH23="",1,COUNTIF($BH$3:$BH23,$BH23)) -> 2 | CP23: =IF($K23="Standard Match","Match",IF($K23="Name Only Match",IF($CO23="Yes","Match","Name Only Match"),"No Match")) -> Match | CQ23: =IF(AND(CP23="Match",CK23>0,CL23>0),"Y","N") -> Y | CS23: =IF($CQ23="Y",VLOOKUP($CM23,'SBA Size Standards'!$B$3:$G$57,MATCH('SBA Size Standards'!$G$3,'SBA Size Standards'!$B$3:$G$3,0),FALSE),"") -> Employment | CT23: =IF(CQ23="Y",IF($CS23="Employment","N/A",VLOOKUP($CM23,'SBA Size Standards'!$B$3:$G$57,MATCH('SBA Size Standards'!$E$3,'SBA Size Standards'!$B$3:$G$3,0),FALSE)),"") -> N/A | CU23: =IF($CQ23="Y",IF($CS23="Revenue","N/A",VLOOKUP($CM23,'SBA Size Standards'!$B$3:$G$57,MATCH('SBA Size Standards'!$F$3,'SBA Size Standards'!$B$3:$G$3,0),FALSE)),"") -> 1250 | CV23: =IF($CQ23="Y",IF(OR(AND($CS23="Employment",$CL23<$CU23),AND($CS23="Revenue",$CK23<$CT23)),"YES","NO"),"") -> NO | CW23: =IF($CQ23="Y",INDEX('SBA Size Standards'!$N$3:$N$12,MATCH($CK23,'SBA Size Standards'!$O$3:$O$12,1)),"") -> $1,000,000,001 -$125,000,000,000 | CX23: COGPRODUCTIONLLCPOBOX2064MIDLAND | CY23: =INDEX('NM O&G Production'!$P$3:$P$537,MATCH(CX23,'NM O&G Production'!$Q$3:$Q$537,0)) -> 90 | CZ23: =INDEX('NM O&G Production'!$O$3:$O$537,MATCH(CY23,'NM O&G Production'!$P$3:$P$537,0)) -> Yes | DA23: =INDEX('NM O&G Production'!$K$3:$O$537,MATCH($CY23,'NM O&G Production'!$P$3:$P$537,0),MATCH(DA$2,'NM O&G Production'!$K$2:$O$2,0)) -> 126 | DB23: =INDEX('NM O&G Production'!$K$3:$O$537,MATCH($CY23,'NM O&G Production'!$P$3:$P$537,0),MATCH(DB$2,'NM O&G Production'!$K$2:$O$2,0)) -> 18 | DC23: =DA23+DB23 -> 144 | DD23: =INDEX('NM O&G Production'!$K$3:$O$537,MATCH($CY23,'NM O&G Production'!$P$3:$P$537,0),MATCH(DD$2,'NM O&G Production'!$K$2:$O$2,0)) -> 57778018 | DE23: =INDEX('NM O&G Production'!$K$3:$O$537,MATCH($CY23,'NM O&G Production'!$P$3:$P$537,0),MATCH(DE$2,'NM O&G Production'!$K$2:$O$2,0)) -> 5336279 | DF23: =CK23/(DB23+DA23) -> 1.3372222e+08 | DG23: =DD23*(12/18)*1.06*'Oil and Gas Prices'!$C$18 -> 97583221 | DH23: =DE23*(12/18)*'Oil and Gas Prices'!$C$4 -> 160088370 | DI23: =DG23+DH23 -> 2.5767159e+08 | DJ23: =(DG23+DH23)/(DA23+DB23) -> 1789386
A24: COG Operating LLC | B24: 600 W Illinois Ave | D24: Midland | E24: TX | F24: 79701 | G24: USA | I24: 89 | J24: M | K24: Standard Match | L24: AAAAAZZ | M24: 10 | N24: 16-742-3123 | O24: Cog Operating LLC | Q24: 600 W Illinois Ave | R24: Midland | S24: Texas | T24: 79701-4882 | U24: USA | V24: 4326850727 | W24: 1004075944 | X24: 141 | Y24: 500 | Z24: 2004 | AA24: Headquarters | AB24: Timothy A Leach | AC24: Chief Executive Officer | AD24: Oil and gas exploration services | AE24: 1382 | AF24: Oil and Gas Exploration Services | AI24: 13820000 | AJ24: Oil and gas exploration services | AM24: 213112 | AN24: Support Activities for Oil and Gas Operations | AQ24: Subsidiary | AR24: 11-881-9478 | AS24: Conocophillips | AT24: N | AU24: TX | AV24: USA | AW24: 11-881-9478 | AX24: Conocophillips | AY24: TX | AZ24: USA | BA24: 80-676-5900 | BC24: Concho Resources Inc. | BD24: TX | BE24: USA | BF24: 3 | BG24: 810 | BH24: 11-881-9478 | BI24: Conocophillips | BK24: 925 N Eldridge Pkwy | BL24: Houston | BM24: Texas | BN24: 77079-2703 | BO24: USA | BP24: 2812931000 | BQ24: 19256000000 | BR24: 3000 | BS24: 10800 | BT24: 1875 | BU24: Headquarters | BV24: Ryan M Lance | BW24: Chairman of the Board | BX24: Crude petroleum and natural gas, nsk | BY24: 1311 | BZ24: Crude Petroleum and Natural Gas | CA24: 1382 | CB24: Oil and Gas Exploration Services | CC24: 13110000 | CD24: Crude petroleum and natural gas | CE24: 13820000 | CF24: Oil and gas exploration services | CG24: 211120 | CH24: Crude Petroleum Extraction | CI24: 213112 | CJ24: Support Activities for Oil and Gas Operations | CK24: =IF(BQ24>0,BQ24,W24) -> 19256000000 | CL24: =IF(BS24>0,BS24,Y24) -> 10800 | CM24: =IF(CG24>0,CG24,AM24) -> 211120 | CN24: =IF($BH24="",1,COUNTIF($BH$3:$BH24,$BH24)) -> 3 | CP24: =IF($K24="Standard Match","Match",IF($K24="Name Only Match",IF($CO24="Yes","Match","Name Only Match"),"No Match")) -> Match | CQ24: =IF(AND(CP24="Match",CK24>0,CL24>0),"Y","N") -> Y | CS24: =IF($CQ24="Y",VLOOKUP($CM24,'SBA Size Standards'!$B$3:$G$57,MATCH('SBA Size Standards'!$G$3,'SBA Size Standards'!$B$3:$G$3,0),FALSE),"") -> Employment | CT24: =IF(CQ24="Y",IF($CS24="Employment","N/A",VLOOKUP($CM24,'SBA Size Standards'!$B$3:$G$57,MATCH('SBA Size Standards'!$E$3,'SBA Size Standards'!$B$3:$G$3,0),FALSE)),"") -> N/A | CU24: =IF($CQ24="Y",IF($CS24="Revenue","N/A",VLOOKUP($CM24,'SBA Size Standards'!$B$3:$G$57,MATCH('SBA Size Standards'!$F$3,'SBA Size Standards'!$B$3:$G$3,0),FALSE)),"") -> 1250 | CV24: =IF($CQ24="Y",IF(OR(AND($CS24="Employment",$CL24<$CU24),AND($CS24="Revenue",$CK24<$CT24)),"YES","NO"),"") -> NO | CW24: =IF($CQ24="Y",INDEX('SBA Size Standards'!$N$3:$N$12,MATCH($CK24,'SBA Size Standards'!$O$3:$O$12,1)),"") -> $1,000,000,001 -$125,000,000,000 | CX24: COGOPERATINGLLC600WILLINOISAVEMIDLAND | CY24: =INDEX('NM O&G Production'!$P$3:$P$537,MATCH(CX24,'NM O&G Production'!$Q$3:$Q$537,0)) -> 89 | CZ24: =INDEX('NM O&G Production'!$O$3:$O$537,MATCH(CY24,'NM O&G Production'!$P$3:$P$537,0)) -> Yes | DA24: =INDEX('NM O&G Production'!$K$3:$O$537,MATCH($CY24,'NM O&G Production'!$P$3:$P$537,0),MATCH(DA$2,'NM O&G Production'!$K$2:$O$2,0)) -> 732 | DB24: =INDEX('NM O&G Production'!$K$3:$O$537,MATCH($CY24,'NM O&G Production'!$P$3:$P$537,0),MATCH(DB$2,'NM O&G Production'!$K$2:$O$2,0)) -> 292 | DC24: =DA24+DB24 -> 1024 | DD24: =INDEX('NM O&G Production'!$K$3:$O$537,MATCH($CY24,'NM O&G Production'!$P$3:$P$537,0),MATCH(DD$2,'NM O&G Production'!$K$2:$O$2,0)) -> 154063065 | DE24: =INDEX('NM O&G Production'!$K$3:$O$537,MATCH($CY24,'NM O&G Production'!$P$3:$P$537,0),MATCH(DE$2,'NM O&G Production'!$K$2:$O$2,0)) -> 43484820 | DF24: =CK24/(DB24+DA24) -> 18804688 | DG24: =DD24*(12/18)*1.06*'Oil and Gas Prices'!$C$18 -> 2.6020225e+08 | DH24: =DE24*(12/18)*'Oil and Gas Prices'!$C$4 -> 1304544600 | DI24: =DG24+DH24 -> 1.5647468e+09 | DJ24: =(DG24+DH24)/(DA24+DB24) -> 1528073.1
A25: CONOCOPHILLIPS COMPANY | B25: P.O.Box 2197 | D25: Houston | E25: TX | F25: 77252 | G25: USA | I25: 96 | J25: M | K25: Standard Match | L25: AZZAAAZ | M25: 10 | N25: 00-136-8265 | O25: Conocophillips Company | Q25: 925 N Eldridge Pkwy | R25: Houston | S25: Texas | T25: 77079-2703 | U25: USA | V25: 2812931000 | W25: 12969367253 | X25: 3700 | Y25: 8000 | Z25: 1917 | AA25: Headquarters | AB25: Ryan M Lance | AC25: Chief Executive Officer | AD25: Oil and gas exploration services | AE25: 1382 | AF25: Oil and Gas Exploration Services | AG25: 2911 | AH25: Petroleum Refining | AI25: 13820000 | AJ25: Oil and gas exploration services | AK25: 29110101 | AL25: Gas, refinery | AM25: 213112 | AN25: Support Activities for Oil and Gas Operations | AO25: 324110 | AP25: Petroleum Refineries | AQ25: Subsidiary | AR25: 11-881-9478 | AS25: Conocophillips | AT25: N | AU25: TX | AV25: USA | AW25: 11-881-9478 | AX25: Conocophillips | AY25: TX | AZ25: USA | BA25: 11-881-9478 | BC25: Conocophillips | BD25: TX | BE25: USA | BF25: 2 | BG25: 810 | BH25: 11-881-9478 | BI25: Conocophillips | BK25: 925 N Eldridge Pkwy | BL25: Houston | BM25: Texas | BN25: 77079-2703 | BO25: USA | BP25: 2812931000 | BQ25: 19256000000 | BR25: 3000 | BS25: 10800 | BT25: 1875 | BU25: Headquarters | BV25: Ryan M Lance | BW25: Chairman of the Board | BX25: Crude petroleum and natural gas, nsk | BY25: 1311 | BZ25: Crude Petroleum and Natural Gas | CA25: 1382 | CB25: Oil and Gas Exploration Services | CC25: 13110000 | CD25: Crude petroleum and natural gas | CE25: 13820000 | CF25: Oil and gas exploration services | CG25: 211120 | CH25: Crude Petroleum Extraction | CI25: 213112 | CJ25: Support Activities for Oil and Gas Operations | CK25: =IF(BQ25>0,BQ25,W25) -> 19256000000 | CL25: =IF(BS25>0,BS25,Y25) -> 10800 | CM25: =IF(CG25>0,CG25,AM25) -> 211120 | CN25: =IF($BH25="",1,COUNTIF($BH$3:$BH25,$BH25)) -> 4 | CP25: =IF($K25="Standard Match","Match",IF($K25="Name Only Match",IF($CO25="Yes","Match","Name Only Match"),"No Match")) -> Match | CQ25: =IF(AND(CP25="Match",CK25>0,CL25>0),"Y","N") -> Y | CS25: =IF($CQ25="Y",VLOOKUP($CM25,'SBA Size Standards'!$B$3:$G$57,MATCH('SBA Size Standards'!$G$3,'SBA Size Standards'!$B$3:$G$3,0),FALSE),"") -> Employment | CT25: =IF(CQ25="Y",IF($CS25="Employment","N/A",VLOOKUP($CM25,'SBA Size Standards'!$B$3:$G$57,MATCH('SBA Size Standards'!$E$3,'SBA Size Standards'!$B$3:$G$3,0),FALSE)),"") -> N/A | CU25: =IF($CQ25="Y",IF($CS25="Revenue","N/A",VLOOKUP($CM25,'SBA Size Standards'!$B$3:$G$57,MATCH('SBA Size Standards'!$F$3,'SBA Size Standards'!$B$3:$G$3,0),FALSE)),"") -> 1250 | CV25: =IF($CQ25="Y",IF(OR(AND($CS25="Employment",$CL25<$CU25),AND($CS25="Revenue",$CK25<$CT25)),"YES","NO"),"") -> NO | CW25: =IF($CQ25="Y",INDEX('SBA Size Standards'!$N$3:$N$12,MATCH($CK25,'SBA Size Standards'!$O$3:$O$12,1)),"") -> $1,000,000,001 -$125,000,000,000 | CX25: CONOCOPHILLIPSCOMPANYPOBOX2197HOUSTON | CY25: =INDEX('NM O&G Production'!$P$3:$P$537,MATCH(CX25,'NM O&G Production'!$Q$3:$Q$537,0)) -> 96 | CZ25: =INDEX('NM O&G Production'!$O$3:$O$537,MATCH(CY25,'NM O&G Production'!$P$3:$P$537,0)) -> Yes | DA25: =INDEX('NM O&G Production'!$K$3:$O$537,MATCH($CY25,'NM O&G Production'!$P$3:$P$537,0),MATCH(DA$2,'NM O&G Production'!$K$2:$O$2,0)) -> 259 | DB25: =INDEX('NM O&G Production'!$K$3:$O$537,MATCH($CY25,'NM O&G Production'!$P$3:$P$537,0),MATCH(DB$2,'NM O&G Production'!$K$2:$O$2,0)) -> 644 | DC25: =DA25+DB25 -> 903 | DD25: =INDEX('NM O&G Production'!$K$3:$O$537,MATCH($CY25,'NM O&G Production'!$P$3:$P$537,0),MATCH(DD$2,'NM O&G Production'!$K$2:$O$2,0)) -> 23061329 | DE25: =INDEX('NM O&G Production'!$K$3:$O$537,MATCH($CY25,'NM O&G Production'!$P$3:$P$537,0),MATCH(DE$2,'NM O&G Production'!$K$2:$O$2,0)) -> 5713944 | DF25: =CK25/(DB25+DA25) -> 21324474 | DG25: =DD25*(12/18)*1.06*'Oil and Gas Prices'!$C$18 -> 38949047 | DH25: =DE25*(12/18)*'Oil and Gas Prices'!$C$4 -> 171418320 | DI25: =DG25+DH25 -> 2.1036737e+08 | DJ25: =(DG25+DH25)/(DA25+DB25) -> 232964.97
A26: EOG Resources Inc - Artesia Division | B26: 105 S 4th Street | D26: Artesia | E26: NM | F26: 88210 | G26: USA | I26: 154 | J26: D | K26: Standard Match | L26: BAAAAZZ | M26: 8 | N26: 00-778-5728 | O26: Y Eog Resources Inc | Q26: 105 S 4TH St | R26: Artesia | S26: New Mexico | T26: 88210-2177 | U26: USA | V26: 5757481471 | W26: 4311652740 | X26: 122 | Y26: 500 | Z26: 1960 | AA26: Headquarters | AB26: William Thomas | AC26: Chief Executive Officer | AD26: Crude petroleum and natural gas, nsk | AE26: 1311 | AF26: Crude Petroleum and Natural Gas | AI26: 13110101 | AJ26: Crude petroleum production | AM26: 211120 | AN26: Crude Petroleum Extraction | AQ26: Subsidiary | AR26: 18-683-0733 | AS26: Eog Resources, Inc. | AT26: N | AU26: TX | AV26: USA | AW26: 18-683-0733 | AX26: Eog Resources, Inc. | AY26: TX | AZ26: USA | BA26: 18-683-0733 | BC26: Eog Resources, Inc. | BD26: TX | BE26: USA | BF26: 2 | BG26: 82 | BH26: 18-683-0733 | BI26: Eog Resources, Inc. | BJ26: EOG RESOURCES | BK26: 1111 Bagby St Lbby 2 | BL26: Houston | BM26: Texas | BN26: 77002-2551 | BO26: USA | BP26: 7136517000 | BQ26: 17379973000 | BR26: 183 | BS26: 2900 | BT26: 1985 | BU26: Headquarters | BV26: William R Thomas | BW26: Chairman of the Board | BX26: Crude petroleum and natural gas, nsk | BY26: 1311 | BZ26: Crude Petroleum and Natural Gas | CC26: 13110101 | CD26: Crude petroleum production | CG26: 211120 | CH26: Crude Petroleum Extraction | CK26: =IF(BQ26>0,BQ26,W26) -> 17379973000 | CL26: =IF(BS26>0,BS26,Y26) -> 2900 | CM26: =IF(CG26>0,CG26,AM26) -> 211120 | CN26: =IF($BH26="",1,COUNTIF($BH$3:$BH26,$BH26)) -> 1 | CP26: =IF($K26="Standard Match","Match",IF($K26="Name Only Match",IF($CO26="Yes","Match","Name Only Match"),"No Match")) -> Match | CQ26: =IF(AND(CP26="Match",CK26>0,CL26>0),"Y","N") -> Y | CS26: =IF($CQ26="Y",VLOOKUP($CM26,'SBA Size Standards'!$B$3:$G$57,MATCH('SBA Size Standards'!$G$3,'SBA Size Standards'!$B$3:$G$3,0),FALSE),"") -> Employment | CT26: =IF(CQ26="Y",IF($CS26="Employment","N/A",VLOOKUP($CM26,'SBA Size Standards'!$B$3:$G$57,MATCH('SBA Size Standards'!$E$3,'SBA Size Standards'!$B$3:$G$3,0),FALSE)),"") -> N/A | CU26: =IF($CQ26="Y",IF($CS26="Revenue","N/A",VLOOKUP($CM26,'SBA Size Standards'!$B$3:$G$57,MATCH('SBA Size Standards'!$F$3,'SBA Size Standards'!$B$3:$G$3,0),FALSE)),"") -> 1250 | CV26: =IF($CQ26="Y",IF(OR(AND($CS26="Employment",$CL26<$CU26),AND($CS26="Revenue",$CK26<$CT26)),"YES","NO"),"") -> NO | CW26: =IF($CQ26="Y",INDEX('SBA Size Standards'!$N$3:$N$12,MATCH($CK26,'SBA Size Standards'!$O$3:$O$12,1)),"") -> $1,000,000,001 -$125,000,000,000 | CX26: EOGRESOURCESINCARTESIADIVISION105S4THSTREETARTESIA | CY26: =INDEX('NM O&G Production'!$P$3:$P$537,MATCH(CX26,'NM O&G Production'!$Q$3:$Q$537,0)) -> 154 | CZ26: =INDEX('NM O&G Production'!$O$3:$O$537,MATCH(CY26,'NM O&G Production'!$P$3:$P$537,0)) -> No | DA26: =INDEX('NM O&G Production'!$K$3:$O$537,MATCH($CY26,'NM O&G Production'!$P$3:$P$537,0),MATCH(DA$2,'NM O&G Production'!$K$2:$O$2,0)) -> 0 | DB26: =INDEX('NM O&G Production'!$K$3:$O$537,MATCH($CY26,'NM O&G Production'!$P$3:$P$537,0),MATCH(DB$2,'NM O&G Production'!$K$2:$O$2,0)) -> 0 | DD26: =INDEX('NM O&G Production'!$K$3:$O$537,MATCH($CY26,'NM O&G Production'!$P$3:$P$537,0),MATCH(DD$2,'NM O&G Production'!$K$2:$O$2,0)) -> 0 | DE26: =INDEX('NM O&G Production'!$K$3:$O$537,MATCH($CY26,'NM O&G Production'!$P$3:$P$537,0),MATCH(DE$2,'NM O&G Production'!$K$2:$O$2,0)) -> 0 | DF26: =CK26/(DB26+DA26) -> #DIV/0! | DG26: =DD26*(12/18)*1.06*'Oil and Gas Prices'!$C$18 -> 0 | DH26: =DE26*(12/18)*'Oil and Gas Prices'!$C$4 -> 0 | DJ26: =(DG26+DH26)/(DA26+DB26) -> #DIV/0! | DK26: =CK26/DI26 -> #DIV/0!
A27: EOG Resources Inc - Midland Division | B27: 5509 Champions Drive | D27: Midland | E27: TX | F27: 79706 | G27: USA | I27: 152 | J27: M | K27: Standard Match | L27: BAAAAZZ | M27: 8 | N27: 16-144-8436 | O27: Eog Resources, Inc. | Q27: 5509 Champions Dr | R27: Midland | S27: Texas | T27: 79706-2843 | U27: USA | V27: 4326863600 | X27: 66 | Y27: 0 | AA27: Branch | AD27: Oil and gas exploration services | AE27: 1382 | AF27: Oil and Gas Exploration Services | AG27: 1311 | AH27: Crude Petroleum and Natural Gas | AI27: 13820000 | AJ27: Oil and gas exploration services | AK27: 13110100 | AL27: Crude petroleum and natural gas production | AM27: 213112 | AN27: Support Activities for Oil and Gas Operations | AO27: 211120 | AP27: Crude Petroleum Extraction | AQ27: Not a Subsidiary | AR27: 18-683-0733 | AS27: Eog Resources, Inc. | AT27: N | AU27: TX | AV27: USA | AW27: 18-683-0733 | AX27: Eog Resources, Inc. | AY27: TX | AZ27: USA | BB27: 18-683-0733 | BC27: Eog Resources, Inc. | BD27: TX | BE27: USA | BF27: 1 | BG27: 82 | BH27: 18-683-0733 | BI27: Eog Resources, Inc. | BJ27: EOG RESOURCES | BK27: 1111 Bagby St Lbby 2 | BL27: Houston | BM27: Texas | BN27: 77002-2551 | BO27: USA | BP27: 7136517000 | BQ27: 17379973000 | BR27: 183 | BS27: 2900 | BT27: 1985 | BU27: Headquarters | BV27: William R Thomas | BW27: Chairman of the Board | BX27: Crude petroleum and natural gas, nsk | BY27: 1311 | BZ27: Crude Petroleum and Natural Gas | CC27: 13110101 | CD27: Crude petroleum production | CG27: 211120 | CH27: Crude Petroleum Extraction | CK27: =IF(BQ27>0,BQ27,W27) -> 17379973000 | CL27: =IF(BS27>0,BS27,Y27) -> 2900 | CM27: =IF(CG27>0,CG27,AM27) -> 211120 | CN27: =IF($BH27="",1,COUNTIF($BH$3:$BH27,$BH27)) -> 2 | CP27: =IF($K27="Standard Match","Match",IF($K27="Name Only Match",IF($CO27="Yes","Match","Name Only Match"),"No Match")) -> Match | CQ27: =IF(AND(CP27="Match",CK27>0,CL27>0),"Y","N") -> Y | CS27: =IF($CQ27="Y",VLOOKUP($CM27,'SBA Size Standards'!$B$3:$G$57,MATCH('SBA Size Standards'!$G$3,'SBA Size Standards'!$B$3:$G$3,0),FALSE),"") -> Employment | CT27: =IF(CQ27="Y",IF($CS27="Employment","N/A",VLOOKUP($CM27,'SBA Size Standards'!$B$3:$G$57,MATCH('SBA Size Standards'!$E$3,'SBA Size Standards'!$B$3:$G$3,0),FALSE)),"") -> N/A | CU27: =IF($CQ27="Y",IF($CS27="Revenue","N/A",VLOOKUP($CM27,'SBA Size Standards'!$B$3:$G$57,MATCH('SBA Size Standards'!$F$3,'SBA Size Standards'!$B$3:$G$3,0),FALSE)),"") -> 1250 | CV27: =IF($CQ27="Y",IF(OR(AND($CS27="Employment",$CL27<$CU27),AND($CS27="Revenue",$CK27<$CT27)),"YES","NO"),"") -> NO | CW27: =IF($CQ27="Y",INDEX('SBA Size Standards'!$N$3:$N$12,MATCH($CK27,'SBA Size Standards'!$O$3:$O$12,1)),"") -> $1,000,000,001 -$125,000,000,000 | CX27: EOGRESOURCESINCMIDLANDDIVISION5509CHAMPIONSDRIVEMIDLAND | CY27: =INDEX('NM O&G Production'!$P$3:$P$537,MATCH(CX27,'NM O&G Production'!$Q$3:$Q$537,0)) -> 152 | CZ27: =INDEX('NM O&G Production'!$O$3:$O$537,MATCH(CY27,'NM O&G Production'!$P$3:$P$537,0)) -> No | DA27: =INDEX('NM O&G Production'!$K$3:$O$537,MATCH($CY27,'NM O&G Production'!$P$3:$P$537,0),MATCH(DA$2,'NM O&G Production'!$K$2:$O$2,0)) -> 0 | DB27: =INDEX('NM O&G Production'!$K$3:$O$537,MATCH($CY27,'NM O&G Production'!$P$3:$P$537,0),MATCH(DB$2,'NM O&G Production'!$K$2:$O$2,0)) -> 0 | DD27: =INDEX('NM O&G Production'!$K$3:$O$537,MATCH($CY27,'NM O&G Production'!$P$3:$P$537,0),MATCH(DD$2,'NM O&G Production'!$K$2:$O$2,0)) -> 0 | DE27: =INDEX('NM O&G Production'!$K$3:$O$537,MATCH($CY27,'NM O&G Production'!$P$3:$P$537,0),MATCH(DE$2,'NM O&G Production'!$K$2:$O$2,0)) -> 0 | DF27: =CK27/(DB27+DA27) -> #DIV/0! | DG27: =DD27*(12/18)*1.06*'Oil and Gas Prices'!$C$18 -> 0 | DH27: =DE27*(12/18)*'Oil and Gas Prices'!$C$4 -> 0 | DJ27: =(DG27+DH27)/(DA27+DB27) -> #DIV/0! | DK27: =CK27/DI27 -> #DIV/0!
A28: Natural Gas Pipeline Co of America | B28: 370 Van Gordon Street | D28: Lakewood | E28: CO | F28: 80228 | G28: USA | I28: 326 | J28: M | K28: Standard Match | L28: BAAAAZZ | M28: 8 | N28: 19-711-5116 | O28: K N Natural Gas, Inc. | Q28: 370 Van Gordon St | R28: Lakewood | S28: Colorado | T28: 80228-1519 | U28: USA | V28: 3032433400 | W28: 18971315 | X28: 475 | Y28: 475 | Z28: 1938 | AA28: Single Location | AB28: Richard Kinder | AC28: Chief Executive Officer | AD28: Natural gas distribution | AE28: 4924 | AF28: Natural Gas Distribution | AI28: 49240000 | AJ28: Natural gas distribution | AM28: 221210 | AN28: Natural Gas Distribution | AQ28: Subsidiary | AR28: 80-040-8192 | AS28: Kinder Morgan Inc | AT28: N | AU28: TX | AV28: USA | AW28: 80-040-8192 | AX28: Kinder Morgan Inc | AY28: TX | AZ28: USA | BA28: 00-694-3500 | BC28: Kinder Morgan Kansas, Inc. | BD28: TX | BE28: USA | BF28: 3 | BG28: 1134 | BH28: 80-040-8192 | BI28: Kinder Morgan Inc | BJ28: Kmi | BK28: 1001 Louisiana St Ste 1000 | BL28: Houston | BM28: Texas | BN28: 77002-5089 | BO28: USA | BP28: 7133699000 | BQ28: 11700000000 | BR28: 38 | BS28: 11086 | BT28: 2006 | BU28: Headquarters | BV28: Steven J Kean | BW28: Chief Executive Officer | BX28: Natural gas transmission | BY28: 4922 | BZ28: Natural Gas Transmission | CC28: 49229901 | CD28: Pipelines, natural gas | CG28: 486210 | CH28: Pipeline Transportation of Natural Gas | CK28: =IF(BQ28>0,BQ28,W28) -> 11700000000 | CL28: =IF(BS28>0,BS28,Y28) -> 11086 | CM28: =IF(CG28>0,CG28,AM28) -> 486210 | CN28: =IF($BH28="",1,COUNTIF($BH$3:$BH28,$BH28)) -> 1 | CP28: =IF($K28="Standard Match","Match",IF($K28="Name Only Match",IF($CO28="Yes","Match","Name Only Match"),"No Match")) -> Match | CQ28: =IF(AND(CP28="Match",CK28>0,CL28>0),"Y","N") -> Y | CS28: =IF($CQ28="Y",VLOOKUP($CM28,'SBA Size Standards'!$B$3:$G$57,MATCH('SBA Size Standards'!$G$3,'SBA Size Standards'!$B$3:$G$3,0),FALSE),"") -> Revenue | CT28: =IF(CQ28="Y",IF($CS28="Employment","N/A",VLOOKUP($CM28,'SBA Size Standards'!$B$3:$G$57,MATCH('SBA Size Standards'!$E$3,'SBA Size Standards'!$B$3:$G$3,0),FALSE)),"") -> 30000000 | CU28: =IF($CQ28="Y",IF($CS28="Revenue","N/A",VLOOKUP($CM28,'SBA Size Standards'!$B$3:$G$57,MATCH('SBA Size Standards'!$F$3,'SBA Size Standards'!$B$3:$G$3,0),FALSE)),"") -> N/A | CV28: =IF($CQ28="Y",IF(OR(AND($CS28="Employment",$CL28<$CU28),AND($CS28="Revenue",$CK28<$CT28)),"YES","NO"),"") -> NO | CW28: =IF($CQ28="Y",INDEX('SBA Size Standards'!$N$3:$N$12,MATCH($CK28,'SBA Size Standards'!$O$3:$O$12,1)),"") -> $1,000,000,001 -$125,000,000,000 | CX28: NATURALGASPIPELINECOOFAMERICA370VANGORDONSTREETLAKEWOOD | CY28: =INDEX('NM O&G Production'!$P$3:$P$537,MATCH(CX28,'NM O&G Production'!$Q$3:$Q$537,0)) -> 326 | CZ28: =INDEX('NM O&G Production'!$O$3:$O$537,MATCH(CY28,'NM O&G Production'!$P$3:$P$537,0)) -> No | DA28: =INDEX('NM O&G Production'!$K$3:$O$537,MATCH($CY28,'NM O&G Production'!$P$3:$P$537,0),MATCH(DA$2,'NM O&G Production'!$K$2:$O$2,0)) -> 0 | DB28: =INDEX('NM O&G Production'!$K$3:$O$537,MATCH($CY28,'NM O&G Production'!$P$3:$P$537,0),MATCH(DB$2,'NM O&G Production'!$K$2:$O$2,0)) -> 0 | DD28: =INDEX('NM O&G Production'!$K$3:$O$537,MATCH($CY28,'NM O&G Production'!$P$3:$P$537,0),MATCH(DD$2,'NM O&G Production'!$K$2:$O$2,0)) -> 0 | DE28: =INDEX('NM O&G Production'!$K$3:$O$537,MATCH($CY28,'NM O&G Production'!$P$3:$P$537,0),MATCH(DE$2,'NM O&G Production'!$K$2:$O$2,0)) -> 0 | DF28: =CK28/(DB28+DA28) -> #DIV/0! | DG28: =DD28*(12/18)*1.06*'Oil and Gas Prices'!$C$18 -> 0 | DH28: =DE28*(12/18)*'Oil and Gas Prices'!$C$4 -> 0 | DJ28: =(DG28+DH28)/(DA28+DB28) -> #DIV/0! | DK28: =CK28/DI28 -> #DIV/0!
A29: Transcolorado Gas Co | B29: 370 Van Gordon Street | D29: Lakewood | E29: CO | F29: 80228 | G29: USA | I29: 487 | J29: A | K29: Standard Match | L29: BAAAAZZ | M29: 8 | N29: 93-893-9154 | O29: Transcolorado Gas Transmission Company LLC | Q29: 370 Van Gordon St | R29: Lakewood | S29: Colorado | T29: 80228-1519 | U29: USA | V29: 3037633673 | W29: 21578087 | X29: 4 | Y29: 4 | Z29: 1990 | AA29: Single Location | AB29: John Eagleton | AC29: Member | AD29: Gas transmission and distribution | AE29: 4923 | AF29: Gas Transmission and Distribution | AI29: 49230000 | AJ29: Gas transmission and distribution | AM29: 221210 | AN29: Natural Gas Distribution | AQ29: Subsidiary | AR29: 80-040-8192 | AS29: Kinder Morgan Inc | AT29: N | AU29: TX | AV29: USA | AW29: 80-040-8192 | AX29: Kinder Morgan Inc | AY29: TX | AZ29: USA | BA29: 03-512-3850 | BC29: Kinder Morgan Energy Partners, L.P. | BD29: TX | BE29: USA | BF29: 3 | BG29: 1134 | BH29: 80-040-8192 | BI29: Kinder Morgan Inc | BJ29: Kmi | BK29: 1001 Louisiana St Ste 1000 | BL29: Houston | BM29: Texas | BN29: 77002-5089 | BO29: USA | BP29: 7133699000 | BQ29: 11700000000 | BR29: 38 | BS29: 11086 | BT29: 2006 | BU29: Headquarters | BV29: Steven J Kean | BW29: Chief Executive Officer | BX29: Natural gas transmission | BY29: 4922 | BZ29: Natural Gas Transmission | CC29: 49229901 | CD29: Pipelines, natural gas | CG29: 486210 | CH29: Pipeline Transportation of Natural Gas | CK29: =IF(BQ29>0,BQ29,W29) -> 11700000000 | CL29: =IF(BS29>0,BS29,Y29) -> 11086 | CM29: =IF(CG29>0,CG29,AM29) -> 486210 | CN29: =IF($BH29="",1,COUNTIF($BH$3:$BH29,$BH29)) -> 2 | CP29: =IF($K29="Standard Match","Match",IF($K29="Name Only Match",IF($CO29="Yes","Match","Name Only Match"),"No Match")) -> Match | CQ29: =IF(AND(CP29="Match",CK29>0,CL29>0),"Y","N") -> Y | CS29: =IF($CQ29="Y",VLOOKUP($CM29,'SBA Size Standards'!$B$3:$G$57,MATCH('SBA Size Standards'!$G$3,'SBA Size Standards'!$B$3:$G$3,0),FALSE),"") -> Revenue | CT29: =IF(CQ29="Y",IF($CS29="Employment","N/A",VLOOKUP($CM29,'SBA Size Standards'!$B$3:$G$57,MATCH('SBA Size Standards'!$E$3,'SBA Size Standards'!$B$3:$G$3,0),FALSE)),"") -> 30000000 | CU29: =IF($CQ29="Y",IF($CS29="Revenue","N/A",VLOOKUP($CM29,'SBA Size Standards'!$B$3:$G$57,MATCH('SBA Size Standards'!$F$3,'SBA Size Standards'!$B$3:$G$3,0),FALSE)),"") -> N/A | CV29: =IF($CQ29="Y",IF(OR(AND($CS29="Employment",$CL29<$CU29),AND($CS29="Revenue",$CK29<$CT29)),"YES","NO"),"") -> NO | CW29: =IF($CQ29="Y",INDEX('SBA Size Standards'!$N$3:$N$12,MATCH($CK29,'SBA Size Standards'!$O$3:$O$12,1)),"") -> $1,000,000,001 -$125,000,000,000 | CX29: TRANSCOLORADOGASCO370VANGORDONSTREETLAKEWOOD | CY29: =INDEX('NM O&G Production'!$P$3:$P$537,MATCH(CX29,'NM O&G Production'!$Q$3:$Q$537,0)) -> 487 | CZ29: =INDEX('NM O&G Production'!$O$3:$O$537,MATCH(CY29,'NM O&G Production'!$P$3:$P$537,0)) -> No | DA29: =INDEX('NM O&G Production'!$K$3:$O$537,MATCH($CY29,'NM O&G Production'!$P$3:$P$537,0),MATCH(DA$2,'NM O&G Production'!$K$2:$O$2,0)) -> 0 | DB29: =INDEX('NM O&G Production'!$K$3:$O$537,MATCH($CY29,'NM O&G Production'!$P$3:$P$537,0),MATCH(DB$2,'NM O&G Production'!$K$2:$O$2,0)) -> 0 | DD29: =INDEX('NM O&G Production'!$K$3:$O$537,MATCH($CY29,'NM O&G Production'!$P$3:$P$537,0),MATCH(DD$2,'NM O&G Production'!$K$2:$O$2,0)) -> 0 | DE29: =INDEX('NM O&G Production'!$K$3:$O$537,MATCH($CY29,'NM O&G Production'!$P$3:$P$537,0),MATCH(DE$2,'NM O&G Production'!$K$2:$O$2,0)) -> 0 | DF29: =CK29/(DB29+DA29) -> #DIV/0! | DG29: =DD29*(12/18)*1.06*'Oil and Gas Prices'!$C$18 -> 0 | DH29: =DE29*(12/18)*'Oil and Gas Prices'!$C$4 -> 0 | DJ29: =(DG29+DH29)/(DA29+DB29) -> #DIV/0! | DK29: =CK29/DI29 -> #DIV/0!
A30: El Paso Natural Gas Company, L.L.C. | B30: 2 North Nevada Avenue | D30: Colorado Springs | E30: CO | F30: 80903 | G30: USA | I30: 135 | J30: M | K30: Standard Match | L30: AAAAAZZ | M30: 10 | N30: 14-367-5200 | O30: El Paso Natural Gas Company, L.L.C. | P30: El Paso Western Pipeline | Q30: 2 N Nevada Ave Ste 1400 | R30: Colorado Springs | S30: Colorado | T30: 80903-1700 | U30: USA | V30: 7194732300 | X30: 4 | Y30: 0 | AA30: Branch | AB30: Jim Cleary | AC30: President | AD30: Natural gas transmission | AE30: 4922 | AF30: Natural Gas Transmission | AI30: 49220000 | AJ30: Natural gas transmission | AM30: 486210 | AN30: Pipeline Transportation of Natural Gas | AQ30: Not a Subsidiary | AR30: 80-040-8192 | AS30: Kinder Morgan Inc | AT30: N | AU30: TX | AV30: USA | AW30: 80-040-8192 | AX30: Kinder Morgan Inc | AY30: TX | AZ30: USA | BB30: 00-800-1703 | BC30: El Paso Natural Gas Company, L.L.C. | BD30: TX | BE30: USA | BF30: 2 | BG30: 1134 | BH30: 80-040-8192 | BI30: Kinder Morgan Inc | BJ30: Kmi | BK30: 1001 Louisiana St Ste 1000 | BL30: Houston | BM30: Texas | BN30: 77002-5089 | BO30: USA | BP30: 7133699000 | BQ30: 11700000000 | BR30: 38 | BS30: 11086 | BT30: 2006 | BU30: Headquarters | BV30: Steven J Kean | BW30: Chief Executive Officer | BX30: Natural gas transmission | BY30: 4922 | BZ30: Natural Gas Transmission | CC30: 49229901 | CD30: Pipelines, natural gas | CG30: 486210 | CH30: Pipeline Transportation of Natural Gas | CK30: =IF(BQ30>0,BQ30,W30) -> 11700000000 | CL30: =IF(BS30>0,BS30,Y30) -> 11086 | CM30: =IF(CG30>0,CG30,AM30) -> 486210 | CN30: =IF($BH30="",1,COUNTIF($BH$3:$BH30,$BH30)) -> 3 | CP30: =IF($K30="Standard Match","Match",IF($K30="Name Only Match",IF($CO30="Yes","Match","Name Only Match"),"No Match")) -> Match | CQ30: =IF(AND(CP30="Match",CK30>0,CL30>0),"Y","N") -> Y | CS30: =IF($CQ30="Y",VLOOKUP($CM30,'SBA Size Standards'!$B$3:$G$57,MATCH('SBA Size Standards'!$G$3,'SBA Size Standards'!$B$3:$G$3,0),FALSE),"") -> Revenue | CT30: =IF(CQ30="Y",IF($CS30="Employment","N/A",VLOOKUP($CM30,'SBA Size Standards'!$B$3:$G$57,MATCH('SBA Size Standards'!$E$3,'SBA Size Standards'!$B$3:$G$3,0),FALSE)),"") -> 30000000 | CU30: =IF($CQ30="Y",IF($CS30="Revenue","N/A",VLOOKUP($CM30,'SBA Size Standards'!$B$3:$G$57,MATCH('SBA Size Standards'!$F$3,'SBA Size Standards'!$B$3:$G$3,0),FALSE)),"") -> N/A | CV30: =IF($CQ30="Y",IF(OR(AND($CS30="Employment",$CL30<$CU30),AND($CS30="Revenue",$CK30<$CT30)),"YES","NO"),"") -> NO | CW30: =IF($CQ30="Y",INDEX('SBA Size Standards'!$N$3:$N$12,MATCH($CK30,'SBA Size Standards'!$O$3:$O$12,1)),"") -> $1,000,000,001 -$125,000,000,000 | CX30: ELPASONATURALGASCOMPANYLLC2NORTHNEVADAAVENUECOLORADOSPRINGS | CY30: =INDEX('NM O&G Production'!$P$3:$P$537,MATCH(CX30,'NM O&G Production'!$Q$3:$Q$537,0)) -> 135 | CZ30: =INDEX('NM O&G Production'!$O$3:$O$537,MATCH(CY30,'NM O&G Production'!$P$3:$P$537,0)) -> No | DA30: =INDEX('NM O&G Production'!$K$3:$O$537,MATCH($CY30,'NM O&G Production'!$P$3:$P$537,0),MATCH(DA$2,'NM O&G Production'!$K$2:$O$2,0)) -> 0 | DB30: =INDEX('NM O&G Production'!$K$3:$O$537,MATCH($CY30,'NM O&G Production'!$P$3:$P$537,0),MATCH(DB$2,'NM O&G Production'!$K$2:$O$2,0)) -> 0 | DD30: =INDEX('NM O&G Production'!$K$3:$O$537,MATCH($CY30,'NM O&G Production'!$P$3:$P$537,0),MATCH(DD$2,'NM O&G Production'!$K$2:$O$2,0)) -> 0 | DE30: =INDEX('NM O&G Production'!$K$3:$O$537,MATCH($CY30,'NM O&G Production'!$P$3:$P$537,0),MATCH(DE$2,'NM O&G Production'!$K$2:$O$2,0)) -> 0 | DF30: =CK30/(DB30+DA30) -> #DIV/0! | DG30: =DD30*(12/18)*1.06*'Oil and Gas Prices'!$C$18 -> 0 | DH30: =DE30*(12/18)*'Oil and Gas Prices'!$C$4 -> 0 | DJ30: =(DG30+DH30)/(DA30+DB30) -> #DIV/0! | DK30: =CK30/DI30 -> #DIV/0!
A31: HollyFrontier Navajo Refining LLC | B31: PO Box 159 | D31: Artesia | E31: NM | F31: 88211 | G31: USA | I31: 209 | J31: M | K31: Standard Match | L31: AZZAAAZ | M31: 10 | N31: 04-891-8817 | O31: Hollyfrontier Navajo Refining LLC | Q31: 501 E Main St | R31: Artesia | S31: New Mexico | T31: 88210-9606 | U31: USA | V31: 5757483311 | W31: 162604085 | X31: 400 | Y31: 500 | Z31: 1969 | AA31: Headquarters | AB31: Michael C Jennings | AC31: Chairperson | AD31: Petroleum refining | AE31: 2911 | AF31: Petroleum Refining | AG31: 2951 | AH31: Asphalt Paving Mixtures and Blocks | AI31: 29110200 | AJ31: Light distillates | AK31: 29510000 | AL31: Asphalt paving mixtures and blocks | AM31: 324110 | AN31: Petroleum Refineries | AO31: 324121 | AP31: Asphalt Paving Mixture and Block Manufacturing | AQ31: Subsidiary | AR31: 00-896-5808 | AS31: Hollyfrontier Corporation | AT31: N | AU31: TX | AV31: USA | AW31: 00-896-5808 | AX31: Hollyfrontier Corporation | AY31: TX | AZ31: USA | BA31: 00-896-5808 | BC31: Hollyfrontier Corporation | BD31: TX | BE31: USA | BF31: 2 | BG31: 128 | BH31: 00-896-5808 | BI31: Hollyfrontier Corporation | BK31: 2828 N Harwood St Ste 1300 | BL31: Dallas | BM31: Texas | BN31: 75201-2174 | BO31: USA | BP31: 2148713555 | BQ31: 11183643000 | BR31: 380 | BS31: 4074 | BT31: 1947 | BU31: Headquarters | BV31: Michael C Jennings | BW31: President | BX31: Petroleum refining | BY31: 2911 | BZ31: Petroleum Refining | CA31: 4613 | CB31: Refined Petroleum Pipelines | CC31: 29110000 | CD31: Petroleum refining | CE31: 46130000 | CF31: Refined petroleum pipelines | CG31: 324110 | CH31: Petroleum Refineries | CI31: 486910 | CJ31: Pipeline Transportation of Refined Petroleum Products | CK31: =IF(BQ31>0,BQ31,W31) -> 11183643000 | CL31: =IF(BS31>0,BS31,Y31) -> 4074 | CM31: =IF(CG31>0,CG31,AM31) -> 324110 | CN31: =IF($BH31="",1,COUNTIF($BH$3:$BH31,$BH31)) -> 1 | CP31: =IF($K31="Standard Match","Match",IF($K31="Name Only Match",IF($CO31="Yes","Match","Name Only Match"),"No Match")) -> Match | CQ31: =IF(AND(CP31="Match",CK31>0,CL31>0),"Y","N") -> Y | CS31: =IF($CQ31="Y",VLOOKUP($CM31,'SBA Size Standards'!$B$3:$G$57,MATCH('SBA Size Standards'!$G$3,'SBA Size Standards'!$B$3:$G$3,0),FALSE),"") -> Employment | CT31: =IF(CQ31="Y",IF($CS31="Employment","N/A",VLOOKUP($CM31,'SBA Size Standards'!$B$3:$G$57,MATCH('SBA Size Standards'!$E$3,'SBA Size Standards'!$B$3:$G$3,0),FALSE)),"") -> N/A | CU31: =IF($CQ31="Y",IF($CS31="Revenue","N/A",VLOOKUP($CM31,'SBA Size Standards'!$B$3:$G$57,MATCH('SBA Size Standards'!$F$3,'SBA Size Standards'!$B$3:$G$3,0),FALSE)),"") -> 1500 | CV31: =IF($CQ31="Y",IF(OR(AND($CS31="Employment",$CL31<$CU31),AND($CS31="Revenue",$CK31<$CT31)),"YES","NO"),"") -> NO | CW31: =IF($CQ31="Y",INDEX('SBA Size Standards'!$N$3:$N$12,MATCH($CK31,'SBA Size Standards'!$O$3:$O$12,1)),"") -> $1,000,000,001 -$125,000,000,000 | CX31: HOLLYFRONTIERNAVAJOREFININGLLCPOBOX159ARTESIA | CY31: =INDEX('NM O&G Production'!$P$3:$P$537,MATCH(CX31,'NM O&G Production'!$Q$3:$Q$537,0)) -> 209 | CZ31: =INDEX('NM O&G Production'!$O$3:$O$537,MATCH(CY31,'NM O&G Production'!$P$3:$P$537,0)) -> No | DA31: =INDEX('NM O&G Production'!$K$3:$O$537,MATCH($CY31,'NM O&G Production'!$P$3:$P$537,0),MATCH(DA$2,'NM O&G Production'!$K$2:$O$2,0)) -> 0 | DB31: =INDEX('NM O&G Production'!$K$3:$O$537,MATCH($CY31,'NM O&G Production'!$P$3:$P$537,0),MATCH(DB$2,'NM O&G Production'!$K$2:$O$2,0)) -> 0 | DD31: =INDEX('NM O&G Production'!$K$3:$O$537,MATCH($CY31,'NM O&G Production'!$P$3:$P$537,0),MATCH(DD$2,'NM O&G Production'!$K$2:$O$2,0)) -> 0 | DE31: =INDEX('NM O&G Production'!$K$3:$O$537,MATCH($CY31,'NM O&G Production'!$P$3:$P$537,0),MATCH(DE$2,'NM O&G Production'!$K$2:$O$2,0)) -> 0 | DF31: =CK31/(DB31+DA31) -> #DIV/0! | DG31: =DD31*(12/18)*1.06*'Oil and Gas Prices'!$C$18 -> 0 | DH31: =DE31*(12/18)*'Oil and Gas Prices'!$C$4 -> 0 | DJ31: =(DG31+DH31)/(DA31+DB31) -> #DIV/0! | DK31: =CK31/DI31 -> #DIV/0!
A32: EOG RESOURCES INC | B32: P.O. Box 2267 | D32: Midland | E32: TX | F32: 79702 | G32: USA | I32: 153 | J32: A | K32: Standard Match | L32: AZZAAZZ | M32: 8 | N32: 02-207-8806 | O32: Eog Resources | Q32: 5023 Princeton Ave | R32: Midland | S32: Texas | T32: 79703-4501 | U32: USA | V32: 4326992379 | W32: 888233 | X32: 7 | Y32: 7 | Z32: 2011 | AA32: Single Location | AB32: WILLIAM THOMAS | AC32: Principal | AD32: Management consulting services | AE32: 8742 | AF32: Management Consulting Services | AI32: 87420500 | AJ32: Business planning and organizing services | AM32: 541611 | AN32: Administrative Management and General Management Consulting Services | AQ32: Not a Subsidiary | AT32: N | BF32: 0 | BG32: 0 | BI32: EOG Resources | BK32: 1111 Bagby,Sky Lobby 2 | BL32: Houston | BM32: Texas | BN32: 77002 | BO32: USA | BQ32: 9870000000 | BU32: Headquarters | CH32: Oil and Gas Exploration and Production | CK32: =IF(BQ32>0,BQ32,W32) -> 9870000000 | CL32: =IF(BS32>0,BS32,Y32) -> 7 | CM32: =IF(CG32>0,CG32,AM32) -> 541611 | CN32: =IF($BH32="",1,COUNTIF($BH$3:$BH32,$BH32)) -> 1 | CP32: =IF($K32="Standard Match","Match",IF($K32="Name Only Match",IF($CO32="Yes","Match","Name Only Match"),"No Match")) -> Match | CQ32: =IF(AND(CP32="Match",CK32>0,CL32>0),"Y","N") -> Y | CR32: Located correct HQ in D&B. Found Revenues but not employment in D&B. Replaced GULT info in this spreadsheet. | CS32: =IF($CQ32="Y",VLOOKUP($CM32,'SBA Size Standards'!$B$3:$G$57,MATCH('SBA Size Standards'!$G$3,'SBA Size Standards'!$B$3:$G$3,0),FALSE),"") -> Revenue | CT32: =IF(CQ32="Y",IF($CS32="Employment","N/A",VLOOKUP($CM32,'SBA Size Standards'!$B$3:$G$57,MATCH('SBA Size Standards'!$E$3,'SBA Size Standards'!$B$3:$G$3,0),FALSE)),"") -> 16500000 | CU32: =IF($CQ32="Y",IF($CS32="Revenue","N/A",VLOOKUP($CM32,'SBA Size Standards'!$B$3:$G$57,MATCH('SBA Size Standards'!$F$3,'SBA Size Standards'!$B$3:$G$3,0),FALSE)),"") -> N/A | CV32: =IF($CQ32="Y",IF(OR(AND($CS32="Employment",$CL32<$CU32),AND($CS32="Revenue",$CK32<$CT32)),"YES","NO"),"") -> NO | CW32: =IF($CQ32="Y",INDEX('SBA Size Standards'!$N$3:$N$12,MATCH($CK32,'SBA Size Standards'!$O$3:$O$12,1)),"") -> $1,000,000,001 -$125,000,000,000 | CX32: EOGRESOURCESINCPOBOX2267MIDLAND | CY32: =INDEX('NM O&G Production'!$P$3:$P$537,MATCH(CX32,'NM O&G Production'!$Q$3:$Q$537,0)) -> 153 | CZ32: =INDEX('NM O&G Production'!$O$3:$O$537,MATCH(CY32,'NM O&G Production'!$P$3:$P$537,0)) -> Yes | DA32: =INDEX('NM O&G Production'!$K$3:$O$537,MATCH($CY32,'NM O&G Production'!$P$3:$P$537,0),MATCH(DA$2,'NM O&G Production'!$K$2:$O$2,0)) -> 1170 | DB32: =INDEX('NM O&G Production'!$K$3:$O$537,MATCH($CY32,'NM O&G Production'!$P$3:$P$537,0),MATCH(DB$2,'NM O&G Production'!$K$2:$O$2,0)) -> 847 | DC32: =DA32+DB32 -> 2017 | DD32: =INDEX('NM O&G Production'!$K$3:$O$537,MATCH($CY32,'NM O&G Production'!$P$3:$P$537,0),MATCH(DD$2,'NM O&G Production'!$K$2:$O$2,0)) -> 215594964 | DE32: =INDEX('NM O&G Production'!$K$3:$O$537,MATCH($CY32,'NM O&G Production'!$P$3:$P$537,0),MATCH(DE$2,'NM O&G Production'!$K$2:$O$2,0)) -> 75846044 | DF32: =CK32/(DB32+DA32) -> 4893406 | DG32: =DD32*(12/18)*1.06*'Oil and Gas Prices'!$C$18 -> 3.6412552e+08 | DH32: =DE32*(12/18)*'Oil and Gas Prices'!$C$4 -> 2275381320 | DI32: =DG32+DH32 -> 2.6395068e+09 | DJ32: =(DG32+DH32)/(DA32+DB32) -> 1308630.1
A33: Evergreen Resources | B33: 128 S. Tryon St. | D33: Charlotte | E33: NC | F33: 28202 | G33: USA | I33: 160 | J33: M | K33: Name Only Match | L33: AZZZZZZ | M33: 8 | N33: 02-846-9039 | O33: Evergreen Resources, Inc | Q33: 1401 17TH St Ste 1200 | R33: Denver | S33: Colorado | T33: 80202-5928 | U33: USA | V33: 3032988100 | W33: 1119326666 | X33: 65 | Y33: 354 | Z33: 1981 | AA33: Headquarters | AB33: Mark S Sexton | AC33: President | AD33: Crude petroleum and natural gas, nsk | AE33: 1311 | AF33: Crude Petroleum and Natural Gas | AG33: 1382 | AH33: Oil and Gas Exploration Services | AI33: 13110102 | AJ33: Natural gas production | AK33: 13829902 | AL33: Geological exploration, oil and gas field | AM33: 211120 | AN33: Crude Petroleum Extraction | AO33: 213112 | AP33: Support Activities for Oil and Gas Operations | AQ33: Subsidiary | AR33: 16-003-2199 | AS33: Pioneer Natural Resources Company | AT33: N | AU33: TX | AV33: USA | AW33: 16-003-2199 | AX33: Pioneer Natural Resources Company | AY33: TX | AZ33: USA | BA33: 16-003-2199 | BC33: Pioneer Natural Resources Company | BD33: TX | BE33: USA | BF33: 2 | BG33: 76 | BH33: 16-003-2199 | BI33: Pioneer Natural Resources Company | BJ33: Pioneer | BK33: 777 Hidden RDG | BL33: Irving | BM33: Texas | BN33: 75038-3802 | BO33: USA | BP33: 9724449001 | BQ33: 9304000000 | BR33: 401 | BS33: 2323 | BT33: 1997 | BU33: Headquarters | BV33: Scott D Sheffield | BW33: Chief Executive Officer | BX33: Crude petroleum and natural gas, nsk | BY33: 1311 | BZ33: Crude Petroleum and Natural Gas | CC33: 13110101 | CD33: Crude petroleum production | CG33: 211120 | CH33: Crude Petroleum Extraction | CK33: =IF(BQ33>0,BQ33,W33) -> 9304000000 | CL33: =IF(BS33>0,BS33,Y33) -> 2323 | CM33: =IF(CG33>0,CG33,AM33) -> 211120 | CN33: =IF($BH33="",1,COUNTIF($BH$3:$BH33,$BH33)) -> 1 | CO33: Yes | CP33: =IF($K33="Standard Match","Match",IF($K33="Name Only Match",IF($CO33="Yes","Match","Name Only Match"),"No Match")) -> Match | CQ33: =IF(AND(CP33="Match",CK33>0,CL33>0),"Y","N") -> Y | CS33: =IF($CQ33="Y",VLOOKUP($CM33,'SBA Size Standards'!$B$3:$G$57,MATCH('SBA Size Standards'!$G$3,'SBA Size Standards'!$B$3:$G$3,0),FALSE),"") -> Employment | CT33: =IF(CQ33="Y",IF($CS33="Employment","N/A",VLOOKUP($CM33,'SBA Size Standards'!$B$3:$G$57,MATCH('SBA Size Standards'!$E$3,'SBA Size Standards'!$B$3:$G$3,0),FALSE)),"") -> N/A | CU33: =IF($CQ33="Y",IF($CS33="Revenue","N/A",VLOOKUP($CM33,'SBA Size Standards'!$B$3:$G$57,MATCH('SBA Size Standards'!$F$3,'SBA Size Standards'!$B$3:$G$3,0),FALSE)),"") -> 1250 | CV33: =IF($CQ33="Y",IF(OR(AND($CS33="Employment",$CL33<$CU33),AND($CS33="Revenue",$CK33<$CT33)),"YES","NO"),"") -> NO | CW33: =IF($CQ33="Y",INDEX('SBA Size Standards'!$N$3:$N$12,MATCH($CK33,'SBA Size Standards'!$O$3:$O$12,1)),"") -> $1,000,000,001 -$125,000,000,000 | CX33: EVERGREENRESOURCES128STRYONSTCHARLOTTE | CY33: =INDEX('NM O&G Production'!$P$3:$P$537,MATCH(CX33,'NM O&G Production'!$Q$3:$Q$537,0)) -> 160 | CZ33: =INDEX('NM O&G Production'!$O$3:$O$537,MATCH(CY33,'NM O&G Production'!$P$3:$P$537,0)) -> No | DA33: =INDEX('NM O&G Production'!$K$3:$O$537,MATCH($CY33,'NM O&G Production'!$P$3:$P$537,0),MATCH(DA$2,'NM O&G Production'!$K$2:$O$2,0)) -> 0 | DB33: =INDEX('NM O&G Production'!$K$3:$O$537,MATCH($CY33,'NM O&G Production'!$P$3:$P$537,0),MATCH(DB$2,'NM O&G Production'!$K$2:$O$2,0)) -> 0 | DD33: =INDEX('NM O&G Production'!$K$3:$O$537,MATCH($CY33,'NM O&G Production'!$P$3:$P$537,0),MATCH(DD$2,'NM O&G Production'!$K$2:$O$2,0)) -> 0 | DE33: =INDEX('NM O&G Production'!$K$3:$O$537,MATCH($CY33,'NM O&G Production'!$P$3:$P$537,0),MATCH(DE$2,'NM O&G Production'!$K$2:$O$2,0)) -> 0 | DF33: =CK33/(DB33+DA33) -> #DIV/0! | DG33: =DD33*(12/18)*1.06*'Oil and Gas Prices'!$C$18 -> 0 | DH33: =DE33*(12/18)*'Oil and Gas Prices'!$C$4 -> 0 | DJ33: =(DG33+DH33)/(DA33+DB33) -> #DIV/0! | DK33: =CK33/DI33 -> #DIV/0!
A34: Mark West Tornado Gas Plant, L.L.C. | B34: 1515 Arapahoe Street | D34: Denver | E34: CO | F34: 80202 | G34: USA | I34: 290 | J34: M | K34: Standard Match | L34: BAAAAZZ | M34: 8 | N34: 14-326-8097 | O34: Markwest Oklahoma Gas Co LLC | Q34: 1515 Arapahoe St Ste 1600 | R34: Denver | S34: Colorado | T34: 80202-2137 | U34: USA | V34: 3039259200 | W34: 83885717 | X34: 34 | Y34: 98 | Z34: 2003 | AA34: Headquarters | AB34: Frank M Semple | AC34: Chief Executive Officer | AD34: Oil and gas exploration services | AE34: 1382 | AF34: Oil and Gas Exploration Services | AI34: 13820000 | AJ34: Oil and gas exploration services | AM34: 213112 | AN34: Support Activities for Oil and Gas Operations | AQ34: Subsidiary | AR34: 07-854-2035 | AS34: Mplx LP | AT34: N | AU34: OH | AV34: USA | AW34: 07-854-2035 | AX34: Mplx LP | AY34: OH | AZ34: USA | BA34: 03-449-6146 | BC34: Markwest Energy Partners, L.P. | BD34: CO | BE34: USA | BF34: 3 | BG34: 207 | BH34: 07-854-2035 | BI34: Mplx LP | BK34: 200 E Hardin St | BL34: Findlay | BM34: Ohio | BN34: 45840 | BO34: USA | BP34: 4194212414 | BQ34: 9041000000 | BR34: 28 | BS34: 6200 | BT34: 2012 | BU34: Headquarters | BV34: MICHAEL J HENNIGAN | BW34: President | BX34: Crude petroleum pipelines | BY34: 4612 | BZ34: Crude Petroleum Pipelines | CA34: 4613 | CB34: Refined Petroleum Pipelines | CC34: 46120000 | CD34: Crude petroleum pipelines | CE34: 46130000 | CF34: Refined petroleum pipelines | CG34: 486110 | CH34: Pipeline Transportation of Crude Oil | CI34: 486910 | CJ34: Pipeline Transportation of Refined Petroleum Products | CK34: =IF(BQ34>0,BQ34,W34) -> 9041000000 | CL34: =IF(BS34>0,BS34,Y34) -> 6200 | CM34: =IF(CG34>0,CG34,AM34) -> 486110 | CN34: =IF($BH34="",1,COUNTIF($BH$3:$BH34,$BH34)) -> 1 | CP34: =IF($K34="Standard Match","Match",IF($K34="Name Only Match",IF($CO34="Yes","Match","Name Only Match"),"No Match")) -> Match | CQ34: =IF(AND(CP34="Match",CK34>0,CL34>0),"Y","N") -> Y | CS34: =IF($CQ34="Y",VLOOKUP($CM34,'SBA Size Standards'!$B$3:$G$57,MATCH('SBA Size Standards'!$G$3,'SBA Size Standards'!$B$3:$G$3,0),FALSE),"") -> Employment | CT34: =IF(CQ34="Y",IF($CS34="Employment","N/A",VLOOKUP($CM34,'SBA Size Standards'!$B$3:$G$57,MATCH('SBA Size Standards'!$E$3,'SBA Size Standards'!$B$3:$G$3,0),FALSE)),"") -> N/A | CU34: =IF($CQ34="Y",IF($CS34="Revenue","N/A",VLOOKUP($CM34,'SBA Size Standards'!$B$3:$G$57,MATCH('SBA Size Standards'!$F$3,'SBA Size Standards'!$B$3:$G$3,0),FALSE)),"") -> 1500 | CV34: =IF($CQ34="Y",IF(OR(AND($CS34="Employment",$CL34<$CU34),AND($CS34="Revenue",$CK34<$CT34)),"YES","NO"),"") -> NO | CW34: =IF($CQ34="Y",INDEX('SBA Size Standards'!$N$3:$N$12,MATCH($CK34,'SBA Size Standards'!$O$3:$O$12,1)),"") -> $1,000,000,001 -$125,000,000,000 | CX34: MARKWESTTORNADOGASPLANTLLC1515ARAPAHOESTREETDENVER | CY34: =INDEX('NM O&G Production'!$P$3:$P$537,MATCH(CX34,'NM O&G Production'!$Q$3:$Q$537,0)) -> 290 | CZ34: =INDEX('NM O&G Production'!$O$3:$O$537,MATCH(CY34,'NM O&G Production'!$P$3:$P$537,0)) -> No | DA34: =INDEX('NM O&G Production'!$K$3:$O$537,MATCH($CY34,'NM O&G Production'!$P$3:$P$537,0),MATCH(DA$2,'NM O&G Production'!$K$2:$O$2,0)) -> 0 | DB34: =INDEX('NM O&G Production'!$K$3:$O$537,MATCH($CY34,'NM O&G Production'!$P$3:$P$537,0),MATCH(DB$2,'NM O&G Production'!$K$2:$O$2,0)) -> 0 | DD34: =INDEX('NM O&G Production'!$K$3:$O$537,MATCH($CY34,'NM O&G Production'!$P$3:$P$537,0),MATCH(DD$2,'NM O&G Production'!$K$2:$O$2,0)) -> 0 | DE34: =INDEX('NM O&G Production'!$K$3:$O$537,MATCH($CY34,'NM O&G Production'!$P$3:$P$537,0),MATCH(DE$2,'NM O&G Production'!$K$2:$O$2,0)) -> 0 | DF34: =CK34/(DB34+DA34) -> #DIV/0! | DG34: =DD34*(12/18)*1.06*'Oil and Gas Prices'!$C$18 -> 0 | DH34: =DE34*(12/18)*'Oil and Gas Prices'!$C$4 -> 0 | DJ34: =(DG34+DH34)/(DA34+DB34) -> #DIV/0! | DK34: =CK34/DI34 -> #DIV/0!
A35: Western Refining Pipeline, LLC | B35: 200 East Hardin Street | D35: Findlay | E35: OH | F35: 45840 | G35: USA | I35: 521 | J35: M | K35: Standard Match | L35: BAAAAZZ | M35: 8 | N35: 11-729-0017 | O35: Western Refining Product Transport, LLC | Q35: 200 E Hardin St | R35: Findlay | S35: Ohio | T35: 45840 | U35: USA | W35: 540256 | X35: 23 | Y35: 23 | Z35: 2019 | AA35: Single Location | AD35: Crude petroleum pipelines | AE35: 4612 | AF35: Crude Petroleum Pipelines | AI35: 46120000 | AJ35: Crude petroleum pipelines | AM35: 486110 | AN35: Pipeline Transportation of Crude Oil | AQ35: Subsidiary | AR35: 07-854-2035 | AS35: Mplx LP | AT35: N | AU35: OH | AV35: USA | AW35: 07-854-2035 | AX35: Mplx LP | AY35: OH | AZ35: USA | BA35: 96-804-2452 | BC35: Andeavor Logistics LP | BD35: OH | BE35: USA | BF35: 3 | BG35: 207 | BH35: 07-854-2035 | BI35: Mplx LP | BK35: 200 E Hardin St | BL35: Findlay | BM35: Ohio | BN35: 45840 | BO35: USA | BP35: 4194212414 | BQ35: 9041000000 | BR35: 28 | BS35: 6200 | BT35: 2012 | BU35: Headquarters | BV35: MICHAEL J HENNIGAN | BW35: President | BX35: Crude petroleum pipelines | BY35: 4612 | BZ35: Crude Petroleum Pipelines | CA35: 4613 | CB35: Refined Petroleum Pipelines | CC35: 46120000 | CD35: Crude petroleum pipelines | CE35: 46130000 | CF35: Refined petroleum pipelines | CG35: 486110 | CH35: Pipeline Transportation of Crude Oil | CI35: 486910 | CJ35: Pipeline Transportation of Refined Petroleum Products | CK35: =IF(BQ35>0,BQ35,W35) -> 9041000000 | CL35: =IF(BS35>0,BS35,Y35) -> 6200 | CM35: =IF(CG35>0,CG35,AM35) -> 486110 | CN35: =IF($BH35="",1,COUNTIF($BH$3:$BH35,$BH35)) -> 2 | CP35: =IF($K35="Standard Match","Match",IF($K35="Name Only Match",IF($CO35="Yes","Match","Name Only Match"),"No Match")) -> Match | CQ35: =IF(AND(CP35="Match",CK35>0,CL35>0),"Y","N") -> Y | CS35: =IF($CQ35="Y",VLOOKUP($CM35,'SBA Size Standards'!$B$3:$G$57,MATCH('SBA Size Standards'!$G$3,'SBA Size Standards'!$B$3:$G$3,0),FALSE),"") -> Employment | CT35: =IF(CQ35="Y",IF($CS35="Employment","N/A",VLOOKUP($CM35,'SBA Size Standards'!$B$3:$G$57,MATCH('SBA Size Standards'!$E$3,'SBA Size Standards'!$B$3:$G$3,0),FALSE)),"") -> N/A | CU35: =IF($CQ35="Y",IF($CS35="Revenue","N/A",VLOOKUP($CM35,'SBA Size Standards'!$B$3:$G$57,MATCH('SBA Size Standards'!$F$3,'SBA Size Standards'!$B$3:$G$3,0),FALSE)),"") -> 1500 | CV35: =IF($CQ35="Y",IF(OR(AND($CS35="Employment",$CL35<$CU35),AND($CS35="Revenue",$CK35<$CT35)),"YES","NO"),"") -> NO | CW35: =IF($CQ35="Y",INDEX('SBA Size Standards'!$N$3:$N$12,MATCH($CK35,'SBA Size Standards'!$O$3:$O$12,1)),"") -> $1,000,000,001 -$125,000,000,000 | CX35: WESTERNREFININGPIPELINELLC200EASTHARDINSTREETFINDLAY | CY35: =INDEX('NM O&G Production'!$P$3:$P$537,MATCH(CX35,'NM O&G Production'!$Q$3:$Q$537,0)) -> 521 | CZ35: =INDEX('NM O&G Production'!$O$3:$O$537,MATCH(CY35,'NM O&G Production'!$P$3:$P$537,0)) -> No | DA35: =INDEX('NM O&G Production'!$K$3:$O$537,MATCH($CY35,'NM O&G Production'!$P$3:$P$537,0),MATCH(DA$2,'NM O&G Production'!$K$2:$O$2,0)) -> 0 | DB35: =INDEX('NM O&G Production'!$K$3:$O$537,MATCH($CY35,'NM O&G Production'!$P$3:$P$537,0),MATCH(DB$2,'NM O&G Production'!$K$2:$O$2,0)) -> 0 | DD35: =INDEX('NM O&G Production'!$K$3:$O$537,MATCH($CY35,'NM O&G Production'!$P$3:$P$537,0),MATCH(DD$2,'NM O&G Production'!$K$2:$O$2,0)) -> 0 | DE35: =INDEX('NM O&G Production'!$K$3:$O$537,MATCH($CY35,'NM O&G Production'!$P$3:$P$537,0),MATCH(DE$2,'NM O&G Production'!$K$2:$O$2,0)) -> 0 | DF35: =CK35/(DB35+DA35) -> #DIV/0! | DG35: =DD35*(12/18)*1.06*'Oil and Gas Prices'!$C$18 -> 0 | DH35: =DE35*(12/18)*'Oil and Gas Prices'!$C$4 -> 0 | DJ35: =(DG35+DH35)/(DA35+DB35) -> #DIV/0! | DK35: =CK35/DI35 -> #DIV/0!
A36: Western Refining Conan Gathering LLC | B36: 1703 Commerce Drive | D36: Carlsbad | E36: NM | F36: 88220 | G36: USA | I36: 520 | J36: M | K36: Name Only Match | L36: AZZZZZZ | M36: 8 | N36: 11-709-8949 | O36: Western Refining Conan Gathering, LLC | Q36: 19100 Ridgewood Pkwy | R36: San Antonio | S36: Texas | T36: 78259-1834 | U36: USA | V36: 2106266000 | W36: 39094643 | X36: 15 | Y36: 15 | Z36: 2019 | AA36: Single Location | AD36: Crude petroleum and natural gas, nsk | AE36: 1311 | AF36: Crude Petroleum and Natural Gas | AI36: 13110101 | AJ36: Crude petroleum production | AM36: 211120 | AN36: Crude Petroleum Extraction | AQ36: Subsidiary | AR36: 07-854-2035 | AS36: Mplx LP | AT36: N | AU36: OH | AV36: USA | AW36: 07-854-2035 | AX36: Mplx LP | AY36: OH | AZ36: USA | BA36: 96-804-2452 | BC36: Andeavor Logistics LP | BD36: OH | BE36: USA | BF36: 3 | BG36: 207 | BH36: 07-854-2035 | BI36: Mplx LP | BK36: 200 E Hardin St | BL36: Findlay | BM36: Ohio | BN36: 45840 | BO36: USA | BP36: 4194212414 | BQ36: 9041000000 | BR36: 28 | BS36: 6200 | BT36: 2012 | BU36: Headquarters | BV36: MICHAEL J HENNIGAN | BW36: President | BX36: Crude petroleum pipelines | BY36: 4612 | BZ36: Crude Petroleum Pipelines | CA36: 4613 | CB36: Refined Petroleum Pipelines | CC36: 46120000 | CD36: Crude petroleum pipelines | CE36: 46130000 | CF36: Refined petroleum pipelines | CG36: 486110 | CH36: Pipeline Transportation of Crude Oil | CI36: 486910 | CJ36: Pipeline Transportation of Refined Petroleum Products | CK36: =IF(BQ36>0,BQ36,W36) -> 9041000000 | CL36: =IF(BS36>0,BS36,Y36) -> 6200 | CM36: =IF(CG36>0,CG36,AM36) -> 486110 | CN36: =IF($BH36="",1,COUNTIF($BH$3:$BH36,$BH36)) -> 3 | CO36: Yes | CP36: =IF($K36="Standard Match","Match",IF($K36="Name Only Match",IF($CO36="Yes","Match","Name Only Match"),"No Match")) -> Match | CQ36: =IF(AND(CP36="Match",CK36>0,CL36>0),"Y","N") -> Y | CS36: =IF($CQ36="Y",VLOOKUP($CM36,'SBA Size Standards'!$B$3:$G$57,MATCH('SBA Size Standards'!$G$3,'SBA Size Standards'!$B$3:$G$3,0),FALSE),"") -> Employment | CT36: =IF(CQ36="Y",IF($CS36="Employment","N/A",VLOOKUP($CM36,'SBA Size Standards'!$B$3:$G$57,MATCH('SBA Size Standards'!$E$3,'SBA Size Standards'!$B$3:$G$3,0),FALSE)),"") -> N/A | CU36: =IF($CQ36="Y",IF($CS36="Revenue","N/A",VLOOKUP($CM36,'SBA Size Standards'!$B$3:$G$57,MATCH('SBA Size Standards'!$F$3,'SBA Size Standards'!$B$3:$G$3,0),FALSE)),"") -> 1500 | CV36: =IF($CQ36="Y",IF(OR(AND($CS36="Employment",$CL36<$CU36),AND($CS36="Revenue",$CK36<$CT36)),"YES","NO"),"") -> NO | CW36: =IF($CQ36="Y",INDEX('SBA Size Standards'!$N$3:$N$12,MATCH($CK36,'SBA Size Standards'!$O$3:$O$12,1)),"") -> $1,000,000,001 -$125,000,000,000 | CX36: WESTERNREFININGCONANGATHERINGLLC1703COMMERCEDRIVECARLSBAD | CY36: =INDEX('NM O&G Production'!$P$3:$P$537,MATCH(CX36,'NM O&G Production'!$Q$3:$Q$537,0)) -> 520 | CZ36: =INDEX('NM O&G Production'!$O$3:$O$537,MATCH(CY36,'NM O&G Production'!$P$3:$P$537,0)) -> No | DA36: =INDEX('NM O&G Production'!$K$3:$O$537,MATCH($CY36,'NM O&G Production'!$P$3:$P$537,0),MATCH(DA$2,'NM O&G Production'!$K$2:$O$2,0)) -> 0 | DB36: =INDEX('NM O&G Production'!$K$3:$O$537,MATCH($CY36,'NM O&G Production'!$P$3:$P$537,0),MATCH(DB$2,'NM O&G Production'!$K$2:$O$2,0)) -> 0 | DD36: =INDEX('NM O&G Production'!$K$3:$O$537,MATCH($CY36,'NM O&G Production'!$P$3:$P$537,0),MATCH(DD$2,'NM O&G Production'!$K$2:$O$2,0)) -> 0 | DE36: =INDEX('NM O&G Production'!$K$3:$O$537,MATCH($CY36,'NM O&G Production'!$P$3:$P$537,0),MATCH(DE$2,'NM O&G Production'!$K$2:$O$2,0)) -> 0 | DF36: =CK36/(DB36+DA36) -> #DIV/0! | DG36: =DD36*(12/18)*1.06*'Oil and Gas Prices'!$C$18 -> 0 | DH36: =DE36*(12/18)*'Oil and Gas Prices'!$C$4 -> 0 | DJ36: =(DG36+DH36)/(DA36+DB36) -> #DIV/0! | DK36: =CK36/DI36 -> #DIV/0!
A37: Chesapeake Operating Inc | B37: PO Box 18496 | D37: Oklahoma City, OK 73118 | E37: OK | F37: 73118 | G37: USA | I37: 75 | J37: M | K37: Standard Match | L37: AZZAAZZ | M37: 8 | N37: 60-128-5422 | O37: Chesapeake Operating, L.L.C. | Q37: 6100 N Western Ave | R37: Oklahoma City | S37: Oklahoma | T37: 73118-1044 | U37: USA | V37: 4058488000 | W37: 4226836055 | X37: 1458 | Y37: 1922 | Z37: 1989 | AA37: Headquarters | AB37: Robert D Lawler | AC37: Member | AD37: Crude petroleum and natural gas, nsk | AE37: 1311 | AF37: Crude Petroleum and Natural Gas | AG37: 1389 | AH37: Oil and Gas Field Services, Nec | AI37: 13110101 | AJ37: Crude petroleum production | AK37: 13890101 | AL37: Building oil and gas well foundations on site | AM37: 211120 | AN37: Crude Petroleum Extraction | AO37: 237120 | AP37: Oil and Gas Pipeline and Related Structures Construction | AQ37: Subsidiary | AR37: 80-009-0045 | AS37: Chesapeake Energy Corporation | AT37: N | AU37: OK | AV37: USA | AW37: 80-009-0045 | AX37: Chesapeake Energy Corporation | AY37: OK | AZ37: USA | BA37: 80-009-0045 | BC37: Chesapeake Energy Corporation | BD37: OK | BE37: USA | BF37: 2 | BG37: 112 | BH37: 80-009-0045 | BI37: Chesapeake Energy Corporation | BJ37: CHESAPEAKE ENERGY | BK37: 6100 N Western Ave | BL37: Oklahoma City | BM37: Oklahoma | BN37: 73118-1044 | BO37: USA | BP37: 4058488000 | BQ37: 8595000000 | BR37: 848 | BS37: 2300 | BT37: 1989 | BU37: Headquarters | BV37: Robert D Lawler | BW37: President | BX37: Crude petroleum and natural gas, nsk | BY37: 1311 | BZ37: Crude Petroleum and Natural Gas | CC37: 13110101 | CD37: Crude petroleum production | CG37: 211120 | CH37: Crude Petroleum Extraction | CK37: =IF(BQ37>0,BQ37,W37) -> 8595000000 | CL37: =IF(BS37>0,BS37,Y37) -> 2300 | CM37: =IF(CG37>0,CG37,AM37) -> 211120 | CN37: =IF($BH37="",1,COUNTIF($BH$3:$BH37,$BH37)) -> 1 | CP37: =IF($K37="Standard Match","Match",IF($K37="Name Only Match",IF($CO37="Yes","Match","Name Only Match"),"No Match")) -> Match | CQ37: =IF(AND(CP37="Match",CK37>0,CL37>0),"Y","N") -> Y | CS37: =IF($CQ37="Y",VLOOKUP($CM37,'SBA Size Standards'!$B$3:$G$57,MATCH('SBA Size Standards'!$G$3,'SBA Size Standards'!$B$3:$G$3,0),FALSE),"") -> Employment | CT37: =IF(CQ37="Y",IF($CS37="Employment","N/A",VLOOKUP($CM37,'SBA Size Standards'!$B$3:$G$57,MATCH('SBA Size Standards'!$E$3,'SBA Size Standards'!$B$3:$G$3,0),FALSE)),"") -> N/A | CU37: =IF($CQ37="Y",IF($CS37="Revenue","N/A",VLOOKUP($CM37,'SBA Size Standards'!$B$3:$G$57,MATCH('SBA Size Standards'!$F$3,'SBA Size Standards'!$B$3:$G$3,0),FALSE)),"") -> 1250 | CV37: =IF($CQ37="Y",IF(OR(AND($CS37="Employment",$CL37<$CU37),AND($CS37="Revenue",$CK37<$CT37)),"YES","NO"),"") -> NO | CW37: =IF($CQ37="Y",INDEX('SBA Size Standards'!$N$3:$N$12,MATCH($CK37,'SBA Size Standards'!$O$3:$O$12,1)),"") -> $1,000,000,001 -$125,000,000,000 | CX37: CHESAPEAKEOPERATINGINCPOBOX18496OKLAHOMACITYOK73118 | CY37: =INDEX('NM O&G Production'!$P$3:$P$537,MATCH(CX37,'NM O&G Production'!$Q$3:$Q$537,0)) -> 75 | CZ37: =INDEX('NM O&G Production'!$O$3:$O$537,MATCH(CY37,'NM O&G Production'!$P$3:$P$537,0)) -> No | DA37: =INDEX('NM O&G Production'!$K$3:$O$537,MATCH($CY37,'NM O&G Production'!$P$3:$P$537,0),MATCH(DA$2,'NM O&G Production'!$K$2:$O$2,0)) -> 0 | DB37: =INDEX('NM O&G Production'!$K$3:$O$537,MATCH($CY37,'NM O&G Production'!$P$3:$P$537,0),MATCH(DB$2,'NM O&G Production'!$K$2:$O$2,0)) -> 0 | DD37: =INDEX('NM O&G Production'!$K$3:$O$537,MATCH($CY37,'NM O&G Production'!$P$3:$P$537,0),MATCH(DD$2,'NM O&G Production'!$K$2:$O$2,0)) -> 0 | DE37: =INDEX('NM O&G Production'!$K$3:$O$537,MATCH($CY37,'NM O&G Production'!$P$3:$P$537,0),MATCH(DE$2,'NM O&G Production'!$K$2:$O$2,0)) -> 0 | DF37: =CK37/(DB37+DA37) -> #DIV/0! | DG37: =DD37*(12/18)*1.06*'Oil and Gas Prices'!$C$18 -> 0 | DH37: =DE37*(12/18)*'Oil and Gas Prices'!$C$4 -> 0 | DJ37: =(DG37+DH37)/(DA37+DB37) -> #DIV/0! | DK37: =CK37/DI37 -> #DIV/0!
A38: MidCon Compression LLC | B38: 300 N Broadway | D38: Joshua | E38: TX | F38: 76058 | G38: USA | I38: 309 | J38: M | K38: Name Only Match | L38: AZZZZZZ | M38: 8 | N38: 02-150-3340 | O38: Midcon Compression, L.L.C. | Q38: 6100 N Western Ave | R38: Oklahoma City | S38: Oklahoma | T38: 73118-1044 | U38: USA | V38: 4059354159 | W38: 21805519 | X38: 50 | Y38: 59 | Z38: 2007 | AA38: Headquarters | AB38: Robert D Lawler | AC38: Member | AD38: Repair services, nec, nsk | AE38: 7699 | AF38: Repair Services, Nec | AG38: 7353 | AH38: Heavy Construction Equipment Rental | AI38: 76990501 | AJ38: Compressor repair | AK38: 73530100 | AL38: Oil equipment rental services | AM38: 811310 | AN38: Commercial and Industrial Machinery and Equipment (except Automotive and Electronic) Repair and Maintenance | AO38: 532412 | AP38: Construction, Mining, and Forestry Machinery and Equipment Rental and Leasing | AQ38: Subsidiary | AR38: 80-009-0045 | AS38: Chesapeake Energy Corporation | AT38: N | AU38: OK | AV38: USA | AW38: 80-009-0045 | AX38: Chesapeake Energy Corporation | AY38: OK | AZ38: USA | BA38: 80-984-9326 | BC38: Chesapeake Energy Marketing, L.L.C. | BD38: OK | BE38: USA | BF38: 3 | BG38: 112 | BH38: 80-009-0045 | BI38: Chesapeake Energy Corporation | BJ38: CHESAPEAKE ENERGY | BK38: 6100 N Western Ave | BL38: Oklahoma City | BM38: Oklahoma | BN38: 73118-1044 | BO38: USA | BP38: 4058488000 | BQ38: 8595000000 | BR38: 848 | BS38: 2300 | BT38: 1989 | BU38: Headquarters | BV38: Robert D Lawler | BW38: President | BX38: Crude petroleum and natural gas, nsk | BY38: 1311 | BZ38: Crude Petroleum and Natural Gas | CC38: 13110101 | CD38: Crude petroleum production | CG38: 211120 | CH38: Crude Petroleum Extraction | CK38: =IF(BQ38>0,BQ38,W38) -> 8595000000 | CL38: =IF(BS38>0,BS38,Y38) -> 2300 | CM38: =IF(CG38>0,CG38,AM38) -> 211120 | CN38: =IF($BH38="",1,COUNTIF($BH$3:$BH38,$BH38)) -> 2 | CO38: Yes | CP38: =IF($K38="Standard Match","Match",IF($K38="Name Only Match",IF($CO38="Yes","Match","Name Only Match"),"No Match")) -> Match | CQ38: =IF(AND(CP38="Match",CK38>0,CL38>0),"Y","N") -> Y | CS38: =IF($CQ38="Y",VLOOKUP($CM38,'SBA Size Standards'!$B$3:$G$57,MATCH('SBA Size Standards'!$G$3,'SBA Size Standards'!$B$3:$G$3,0),FALSE),"") -> Employment | CT38: =IF(CQ38="Y",IF($CS38="Employment","N/A",VLOOKUP($CM38,'SBA Size Standards'!$B$3:$G$57,MATCH('SBA Size Standards'!$E$3,'SBA Size Standards'!$B$3:$G$3,0),FALSE)),"") -> N/A | CU38: =IF($CQ38="Y",IF($CS38="Revenue","N/A",VLOOKUP($CM38,'SBA Size Standards'!$B$3:$G$57,MATCH('SBA Size Standards'!$F$3,'SBA Size Standards'!$B$3:$G$3,0),FALSE)),"") -> 1250 | CV38: =IF($CQ38="Y",IF(OR(AND($CS38="Employment",$CL38<$CU38),AND($CS38="Revenue",$CK38<$CT38)),"YES","NO"),"") -> NO | CW38: =IF($CQ38="Y",INDEX('SBA Size Standards'!$N$3:$N$12,MATCH($CK38,'SBA Size Standards'!$O$3:$O$12,1)),"") -> $1,000,000,001 -$125,000,000,000 | CX38: MIDCONCOMPRESSIONLLC300NBROADWAYJOSHUA | CY38: =INDEX('NM O&G Production'!$P$3:$P$537,MATCH(CX38,'NM O&G Production'!$Q$3:$Q$537,0)) -> 309 | CZ38: =INDEX('NM O&G Production'!$O$3:$O$537,MATCH(CY38,'NM O&G Production'!$P$3:$P$537,0)) -> No | DA38: =INDEX('NM O&G Production'!$K$3:$O$537,MATCH($CY38,'NM O&G Production'!$P$3:$P$537,0),MATCH(DA$2,'NM O&G Production'!$K$2:$O$2,0)) -> 0 | DB38: =INDEX('NM O&G Production'!$K$3:$O$537,MATCH($CY38,'NM O&G Production'!$P$3:$P$537,0),MATCH(DB$2,'NM O&G Production'!$K$2:$O$2,0)) -> 0 | DD38: =INDEX('NM O&G Production'!$K$3:$O$537,MATCH($CY38,'NM O&G Production'!$P$3:$P$537,0),MATCH(DD$2,'NM O&G Production'!$K$2:$O$2,0)) -> 0 | DE38: =INDEX('NM O&G Production'!$K$3:$O$537,MATCH($CY38,'NM O&G Production'!$P$3:$P$537,0),MATCH(DE$2,'NM O&G Production'!$K$2:$O$2,0)) -> 0 | DF38: =CK38/(DB38+DA38) -> #DIV/0! | DG38: =DD38*(12/18)*1.06*'Oil and Gas Prices'!$C$18 -> 0 | DH38: =DE38*(12/18)*'Oil and Gas Prices'!$C$4 -> 0 | DJ38: =(DG38+DH38)/(DA38+DB38) -> #DIV/0! | DK38: =CK38/DI38 -> #DIV/0!
A39: Univar Solutions, USA Inc | B39: 3 Waterway Square Place | D39: The Woodlands | E39: TX | F39: 77380 | G39: USA | I39: 497 | J39: M | K39: Standard Match | L39: AAAAAZZ | M39: 10 | N39: 03-818-4475 | O39: Univar Solutions USA Inc. | Q39: 3 Waterway Square Pl Ste 1000 | R39: Spring | S39: Texas | T39: 77380-3488 | U39: USA | V39: 2812970678 | X39: 29 | Y39: 0 | AA39: Branch | AB39: DAVID A BRADLEY | AC39: Chief Executive Officer | AD39: Farm supplies, nsk | AE39: 5191 | AF39: Farm Supplies | AG39: 5169 | AH39: Chemicals and Allied Products, Nec | AI39: 51910101 | AJ39: Chemicals, agricultural | AK39: 51699911 | AL39: Silicon lubricants | AM39: 424910 | AN39: Farm Supplies Merchant Wholesalers | AO39: 424690 | AP39: Other Chemical and Allied Products Merchant Wholesalers | AQ39: Not a Subsidiary | AR39: 09-887-7053 | AS39: Univar Solutions Inc. | AT39: N | AU39: IL | AV39: USA | AW39: 09-887-7053 | AX39: Univar Solutions Inc. | AY39: IL | AZ39: USA | BB39: 10-297-1785 | BC39: Univar Solutions USA Inc. | BD39: IL | BE39: USA | BF39: 2 | BG39: 452 | BH39: 09-887-7053 | BI39: Univar Solutions Inc. | BJ39: UNIVAR | BK39: 3075 Highland Pkwy Ste 200 | BL39: Downers Grove | BM39: Illinois | BN39: 60515-5560 | BO39: USA | BP39: 3317776000 | BQ39: 8265000000 | BR39: 25 | BS39: 10300 | BT39: 1924 | BU39: Headquarters | BV39: David C Jukes | BW39: President | BX39: Chemicals and allied products, nec | BY39: 5169 | BZ39: Chemicals and Allied Products, Nec | CA39: 5191 | CB39: Farm Supplies | CC39: 51699907 | CD39: Industrial chemicals | CE39: 51910101 | CF39: Chemicals, agricultural | CG39: 424690 | CH39: Other Chemical and Allied Products Merchant Wholesalers | CI39: 424910 | CJ39: Farm Supplies Merchant Wholesalers | CK39: =IF(BQ39>0,BQ39,W39) -> 8265000000 | CL39: =IF(BS39>0,BS39,Y39) -> 10300 | CM39: =IF(CG39>0,CG39,AM39) -> 424690 | CN39: =IF($BH39="",1,COUNTIF($BH$3:$BH39,$BH39)) -> 1 | CP39: =IF($K39="Standard Match","Match",IF($K39="Name Only Match",IF($CO39="Yes","Match","Name Only Match"),"No Match")) -> Match | CQ39: =IF(AND(CP39="Match",CK39>0,CL39>0),"Y","N") -> Y | CS39: =IF($CQ39="Y",VLOOKUP($CM39,'SBA Size Standards'!$B$3:$G$57,MATCH('SBA Size Standards'!$G$3,'SBA Size Standards'!$B$3:$G$3,0),FALSE),"") -> Employment | CT39: =IF(CQ39="Y",IF($CS39="Employment","N/A",VLOOKUP($CM39,'SBA Size Standards'!$B$3:$G$57,MATCH('SBA Size Standards'!$E$3,'SBA Size Standards'!$B$3:$G$3,0),FALSE)),"") -> N/A | CU39: =IF($CQ39="Y",IF($CS39="Revenue","N/A",VLOOKUP($CM39,'SBA Size Standards'!$B$3:$G$57,MATCH('SBA Size Standards'!$F$3,'SBA Size Standards'!$B$3:$G$3,0),FALSE)),"") -> 150 | CV39: =IF($CQ39="Y",IF(OR(AND($CS39="Employment",$CL39<$CU39),AND($CS39="Revenue",$CK39<$CT39)),"YES","NO"),"") -> NO | CW39: =IF($CQ39="Y",INDEX('SBA Size Standards'!$N$3:$N$12,MATCH($CK39,'SBA Size Standards'!$O$3:$O$12,1)),"") -> $1,000,000,001 -$125,000,000,000 | CX39: UNIVARSOLUTIONSUSAINC3WATERWAYSQUAREPLACETHEWOODLANDS | CY39: =INDEX('NM O&G Production'!$P$3:$P$537,MATCH(CX39,'NM O&G Production'!$Q$3:$Q$537,0)) -> 497 | CZ39: =INDEX('NM O&G Production'!$O$3:$O$537,MATCH(CY39,'NM O&G Production'!$P$3:$P$537,0)) -> No | DA39: =INDEX('NM O&G Production'!$K$3:$O$537,MATCH($CY39,'NM O&G Production'!$P$3:$P$537,0),MATCH(DA$2,'NM O&G Production'!$K$2:$O$2,0)) -> 0 | DB39: =INDEX('NM O&G Production'!$K$3:$O$537,MATCH($CY39,'NM O&G Production'!$P$3:$P$537,0),MATCH(DB$2,'NM O&G Production'!$K$2:$O$2,0)) -> 0 | DD39: =INDEX('NM O&G Production'!$K$3:$O$537,MATCH($CY39,'NM O&G Production'!$P$3:$P$537,0),MATCH(DD$2,'NM O&G Production'!$K$2:$O$2,0)) -> 0 | DE39: =INDEX('NM O&G Production'!$K$3:$O$537,MATCH($CY39,'NM O&G Production'!$P$3:$P$537,0),MATCH(DE$2,'NM O&G Production'!$K$2:$O$2,0)) -> 0 | DF39: =CK39/(DB39+DA39) -> #DIV/0! | DG39: =DD39*(12/18)*1.06*'Oil and Gas Prices'!$C$18 -> 0 | DH39: =DE39*(12/18)*'Oil and Gas Prices'!$C$4 -> 0 | DJ39: =(DG39+DH39)/(DA39+DB39) -> #DIV/0! | DK39: =CK39/DI39 -> #DIV/0!
A40: Versado Gas Processors, LLC | B40: 6 Desta Drive | D40: Midland | E40: TX | F40: 79705 | G40: USA | I40: 503 | J40: M | K40: Name Only Match | L40: AZZZZZZ | M40: 8 | N40: 82-742-9601 | O40: Versado Gas Processors, L.L.C. | Q40: 1000 Louisiana St Ste 4700 | R40: Houston | S40: Texas | T40: 77002-5021 | U40: USA | V40: 7138731000 | W40: 167885 | X40: 1 | Y40: 1 | Z40: 2008 | AA40: Single Location | AB40: Kalyan Dusi | AC40: Principal | AD40: Oil and gas field services, nec, nsk | AE40: 1389 | AF40: Oil and Gas Field Services, Nec | AI40: 13899919 | AJ40: Servicing oil and gas wells | AM40: 213112 | AN40: Support Activities for Oil and Gas Operations | AQ40: Subsidiary | AR40: 82-738-9847 | AS40: Targa Resources Corp. | AT40: N | AU40: TX | AV40: USA | AW40: 82-738-9847 | AX40: Targa Resources Corp. | AY40: TX | AZ40: USA | BA40: 80-147-5463 | BC40: Targa Midstream Services LLC | BD40: TX | BE40: USA | BF40: 4 | BG40: 214 | BH40: 82-738-9847 | BI40: Targa Resources Corp. | BJ40: Targa | BK40: 811 Louisiana St Ste 2100 | BL40: Houston | BM40: Texas | BN40: 77002-1412 | BO40: USA | BP40: 7135841000 | BQ40: 8260300000 | BR40: 162 | BS40: 2680 | BT40: 2005 | BU40: Headquarters | BV40: Matthew J Meloy | BW40: Chief Executive Officer | BX40: Natural gas distribution | BY40: 4924 | BZ40: Natural Gas Distribution | CA40: 4922 | CB40: Natural Gas Transmission | CC40: 49240000 | CD40: Natural gas distribution | CE40: 49229901 | CF40: Pipelines, natural gas | CG40: 221210 | CH40: Natural Gas Distribution | CI40: 486210 | CJ40: Pipeline Transportation of Natural Gas | CK40: =IF(BQ40>0,BQ40,W40) -> 8260300000 | CL40: =IF(BS40>0,BS40,Y40) -> 2680 | CM40: =IF(CG40>0,CG40,AM40) -> 221210 | CN40: =IF($BH40="",1,COUNTIF($BH$3:$BH40,$BH40)) -> 1 | CO40: Yes | CP40: =IF($K40="Standard Match","Match",IF($K40="Name Only Match",IF($CO40="Yes","Match","Name Only Match"),"No Match")) -> Match | CQ40: =IF(AND(CP40="Match",CK40>0,CL40>0),"Y","N") -> Y | CS40: =IF($CQ40="Y",VLOOKUP($CM40,'SBA Size Standards'!$B$3:$G$57,MATCH('SBA Size Standards'!$G$3,'SBA Size Standards'!$B$3:$G$3,0),FALSE),"") -> Employment | CT40: =IF(CQ40="Y",IF($CS40="Employment","N/A",VLOOKUP($CM40,'SBA Size Standards'!$B$3:$G$57,MATCH('SBA Size Standards'!$E$3,'SBA Size Standards'!$B$3:$G$3,0),FALSE)),"") -> N/A | CU40: =IF($CQ40="Y",IF($CS40="Revenue","N/A",VLOOKUP($CM40,'SBA Size Standards'!$B$3:$G$57,MATCH('SBA Size Standards'!$F$3,'SBA Size Standards'!$B$3:$G$3,0),FALSE)),"") -> 1000 | CV40: =IF($CQ40="Y",IF(OR(AND($CS40="Employment",$CL40<$CU40),AND($CS40="Revenue",$CK40<$CT40)),"YES","NO"),"") -> NO | CW40: =IF($CQ40="Y",INDEX('SBA Size Standards'!$N$3:$N$12,MATCH($CK40,'SBA Size Standards'!$O$3:$O$12,1)),"") -> $1,000,000,001 -$125,000,000,000 | CX40: VERSADOGASPROCESSORSLLC6DESTADRIVEMIDLAND | CY40: =INDEX('NM O&G Production'!$P$3:$P$537,MATCH(CX40,'NM O&G Production'!$Q$3:$Q$537,0)) -> 503 | CZ40: =INDEX('NM O&G Production'!$O$3:$O$537,MATCH(CY40,'NM O&G Production'!$P$3:$P$537,0)) -> No | DA40: =INDEX('NM O&G Production'!$K$3:$O$537,MATCH($CY40,'NM O&G Production'!$P$3:$P$537,0),MATCH(DA$2,'NM O&G Production'!$K$2:$O$2,0)) -> 0 | DB40: =INDEX('NM O&G Production'!$K$3:$O$537,MATCH($CY40,'NM O&G Production'!$P$3:$P$537,0),MATCH(DB$2,'NM O&G Production'!$K$2:$O$2,0)) -> 0 | DD40: =INDEX('NM O&G Production'!$K$3:$O$537,MATCH($CY40,'NM O&G Production'!$P$3:$P$537,0),MATCH(DD$2,'NM O&G Production'!$K$2:$O$2,0)) -> 0 | DE40: =INDEX('NM O&G Production'!$K$3:$O$537,MATCH($CY40,'NM O&G Production'!$P$3:$P$537,0),MATCH(DE$2,'NM O&G Production'!$K$2:$O$2,0)) -> 0 | DF40: =CK40/(DB40+DA40) -> #DIV/0! | DG40: =DD40*(12/18)*1.06*'Oil and Gas Prices'!$C$18 -> 0 | DH40: =DE40*(12/18)*'Oil and Gas Prices'!$C$4 -> 0 | DJ40: =(DG40+DH40)/(DA40+DB40) -> #DIV/0! | DK40: =CK40/DI40 -> #DIV/0!
A41: NGL Water Solutions Permian LLC | B41: 3773 Cherry Creek North Dr | D41: Denver | E41: CO | F41: 80209 | G41: USA | I41: 331 | J41: M | K41: Standard Match | L41: BAAAAZZ | M41: 8 | N41: 05-303-8537 | O41: NGL Water Solutions Dj, LLC | Q41: 3773 E Cherry Creek North Dr | R41: Denver | S41: Colorado | T41: 80209-3804 | U41: USA | V41: 7202875335 | W41: 21626100 | X41: 53 | Y41: 100 | Z41: 2011 | AA41: Headquarters | AB41: James Burke | AC41: President | AD41: Business services, nec, nsk | AE41: 7389 | AF41: Business Services, Nec | AI41: 73899954 | AJ41: Water softener service | AM41: 561990 | AN41: All Other Support Services | AQ41: Subsidiary | AR41: 96-546-5086 | AS41: NGL Energy Partners LP | AT41: N | AU41: OK | AV41: USA | AW41: 96-546-5086 | AX41: NGL Energy Partners LP | AY41: OK | AZ41: USA | BA41: 96-546-5086 | BC41: NGL Energy Partners LP | BD41: OK | BE41: USA | BF41: 2 | BG41: 241 | BH41: 96-546-5086 | BI41: NGL Energy Partners LP | BK41: 6120 S Yale Ave Ste 805 | BL41: Tulsa | BM41: Oklahoma | BN41: 74136-4233 | BO41: USA | BP41: 9184811119 | BQ41: 7584000000 | BR41: 3 | BS41: 1400 | BT41: 1940 | BU41: Headquarters | BV41: H Michael Krimbill | BW41: Chief Executive Officer | BX41: Liquefied petroleum gas dealers | BY41: 5984 | BZ41: Liquefied Petroleum Gas Dealers | CA41: 5172 | CB41: Petroleum Products, Nec | CC41: 59849903 | CD41: Propane gas, bottled | CE41: 51720102 | CF41: Gases, liquefied petroleum (propane) | CG41: 454310 | CH41: Fuel Dealers | CI41: 424720 | CJ41: Petroleum and Petroleum Products Merchant Wholesalers (except Bulk Stations and Terminals) | CK41: =IF(BQ41>0,BQ41,W41) -> 7584000000 | CL41: =IF(BS41>0,BS41,Y41) -> 1400 | CM41: =IF(CG41>0,CG41,AM41) -> 454310 | CN41: =IF($BH41="",1,COUNTIF($BH$3:$BH41,$BH41)) -> 1 | CP41: =IF($K41="Standard Match","Match",IF($K41="Name Only Match",IF($CO41="Yes","Match","Name Only Match"),"No Match")) -> Match | CQ41: =IF(AND(CP41="Match",CK41>0,CL41>0),"Y","N") -> Y | CS41: =IF($CQ41="Y",VLOOKUP($CM41,'SBA Size Standards'!$B$3:$G$57,MATCH('SBA Size Standards'!$G$3,'SBA Size Standards'!$B$3:$G$3,0),FALSE),"") -> Employment | CT41: =IF(CQ41="Y",IF($CS41="Employment","N/A",VLOOKUP($CM41,'SBA Size Standards'!$B$3:$G$57,MATCH('SBA Size Standards'!$E$3,'SBA Size Standards'!$B$3:$G$3,0),FALSE)),"") -> N/A | CU41: =IF($CQ41="Y",IF($CS41="Revenue","N/A",VLOOKUP($CM41,'SBA Size Standards'!$B$3:$G$57,MATCH('SBA Size Standards'!$F$3,'SBA Size Standards'!$B$3:$G$3,0),FALSE)),"") -> 100 | CV41: =IF($CQ41="Y",IF(OR(AND($CS41="Employment",$CL41<$CU41),AND($CS41="Revenue",$CK41<$CT41)),"YES","NO"),"") -> NO | CW41: =IF($CQ41="Y",INDEX('SBA Size Standards'!$N$3:$N$12,MATCH($CK41,'SBA Size Standards'!$O$3:$O$12,1)),"") -> $1,000,000,001 -$125,000,000,000 | CX41: NGLWATERSOLUTIONSPERMIANLLC3773CHERRYCREEKNORTHDRDENVER | CY41: =INDEX('NM O&G Production'!$P$3:$P$537,MATCH(CX41,'NM O&G Production'!$Q$3:$Q$537,0)) -> 331 | CZ41: =INDEX('NM O&G Production'!$O$3:$O$537,MATCH(CY41,'NM O&G Production'!$P$3:$P$537,0)) -> No | DA41: =INDEX('NM O&G Production'!$K$3:$O$537,MATCH($CY41,'NM O&G Production'!$P$3:$P$537,0),MATCH(DA$2,'NM O&G Production'!$K$2:$O$2,0)) -> 0 | DB41: =INDEX('NM O&G Production'!$K$3:$O$537,MATCH($CY41,'NM O&G Production'!$P$3:$P$537,0),MATCH(DB$2,'NM O&G Production'!$K$2:$O$2,0)) -> 0 | DD41: =INDEX('NM O&G Production'!$K$3:$O$537,MATCH($CY41,'NM O&G Production'!$P$3:$P$537,0),MATCH(DD$2,'NM O&G Production'!$K$2:$O$2,0)) -> 0 | DE41: =INDEX('NM O&G Production'!$K$3:$O$537,MATCH($CY41,'NM O&G Production'!$P$3:$P$537,0),MATCH(DE$2,'NM O&G Production'!$K$2:$O$2,0)) -> 0 | DF41: =CK41/(DB41+DA41) -> #DIV/0! | DG41: =DD41*(12/18)*1.06*'Oil and Gas Prices'!$C$18 -> 0 | DH41: =DE41*(12/18)*'Oil and Gas Prices'!$C$4 -> 0 | DJ41: =(DG41+DH41)/(DA41+DB41) -> #DIV/0! | DK41: =CK41/DI41 -> #DIV/0!
A42: Valerus Compression Services LP | B42: 919 Milan | D42: Houston | E42: TX | F42: 77002 | G42: USA | I42: 501 | J42: M | K42: Standard Match | L42: BABAAZZ | M42: 8 | N42: 00-253-3378 | O42: Valerus Field Solutions Holdings LLC | P42: Valerus | Q42: 919 Milam St Ste 1000 | R42: Houston | S42: Texas | T42: 77002-5386 | U42: USA | V42: 7137446100 | W42: 216606260 | X42: 37 | Y42: 158 | Z42: 2014 | AA42: Headquarters | AB42: Christian I Brown | AC42: President | AD42: Oil and gas exploration services | AE42: 1382 | AF42: Oil and Gas Exploration Services | AG42: 6719 | AH42: Holding Companies, Nec | AI42: 13820000 | AJ42: Oil and gas exploration services | AK42: 67199901 | AL42: Investment holding companies, except banks | AM42: 213112 | AN42: Support Activities for Oil and Gas Operations | AO42: 551112 | AP42: Offices of Other Holding Companies | AQ42: Subsidiary | AR42: 20-542-9533 | AS42: Groupe SNC-Lavalin Inc | AT42: N | AU42: QC | AV42: Canada | AW42: 00-253-3378 | AX42: Valerus Field Solutions Holdings LLC | AY42: TX | AZ42: USA | BA42: 23-709-9031 | BC42: KENTZ CORPORATION LIMITED | BE42: Canada | BF42: 5 | BG42: 641 | BH42: 20-542-9533 | BI42: Groupe SNC-Lavalin Inc | BK42: 455 boul RenÃ©-LÃ©vesque O | BL42: MontrÃ©al | BM42: QUEBEC | BN42: H2Z 1Z3 | BO42: Canada | BP42: 5143931000 | BQ42: 7146461000 | BR42: 50 | BS42: 46490 | BT42: 1967 | BU42: Headquarters | BV42: Ian L. Edwards | BW42: President | BX42: Engineering services, nsk | BY42: 8711 | BZ42: Engineering Services | CA42: 6531 | CB42: Real Estate Agents and Managers | CC42: 87110000 | CD42: Engineering services | CE42: 65310200 | CF42: Real estate managers | CG42: 541330 | CH42: Engineering Services | CI42: 531210 | CJ42: Offices of Real Estate Agents and Brokers | CK42: =IF(BQ42>0,BQ42,W42) -> 7146461000 | CL42: =IF(BS42>0,BS42,Y42) -> 46490 | CM42: =IF(CG42>0,CG42,AM42) -> 541330 | CN42: =IF($BH42="",1,COUNTIF($BH$3:$BH42,$BH42)) -> 1 | CP42: =IF($K42="Standard Match","Match",IF($K42="Name Only Match",IF($CO42="Yes","Match","Name Only Match"),"No Match")) -> Match | CQ42: =IF(AND(CP42="Match",CK42>0,CL42>0),"Y","N") -> Y | CS42: =IF($CQ42="Y",VLOOKUP($CM42,'SBA Size Standards'!$B$3:$G$57,MATCH('SBA Size Standards'!$G$3,'SBA Size Standards'!$B$3:$G$3,0),FALSE),"") -> Revenue | CT42: =IF(CQ42="Y",IF($CS42="Employment","N/A",VLOOKUP($CM42,'SBA Size Standards'!$B$3:$G$57,MATCH('SBA Size Standards'!$E$3,'SBA Size Standards'!$B$3:$G$3,0),FALSE)),"") -> 16500000 | CU42: =IF($CQ42="Y",IF($CS42="Revenue","N/A",VLOOKUP($CM42,'SBA Size Standards'!$B$3:$G$57,MATCH('SBA Size Standards'!$F$3,'SBA Size Standards'!$B$3:$G$3,0),FALSE)),"") -> N/A | CV42: =IF($CQ42="Y",IF(OR(AND($CS42="Employment",$CL42<$CU42),AND($CS42="Revenue",$CK42<$CT42)),"YES","NO"),"") -> NO | CW42: =IF($CQ42="Y",INDEX('SBA Size Standards'!$N$3:$N$12,MATCH($CK42,'SBA Size Standards'!$O$3:$O$12,1)),"") -> $1,000,000,001 -$125,000,000,000 | CX42: VALERUSCOMPRESSIONSERVICESLP919MILANHOUSTON | CY42: =INDEX('NM O&G Production'!$P$3:$P$537,MATCH(CX42,'NM O&G Production'!$Q$3:$Q$537,0)) -> 501 | CZ42: =INDEX('NM O&G Production'!$O$3:$O$537,MATCH(CY42,'NM O&G Production'!$P$3:$P$537,0)) -> No | DA42: =INDEX('NM O&G Production'!$K$3:$O$537,MATCH($CY42,'NM O&G Production'!$P$3:$P$537,0),MATCH(DA$2,'NM O&G Production'!$K$2:$O$2,0)) -> 0 | DB42: =INDEX('NM O&G Production'!$K$3:$O$537,MATCH($CY42,'NM O&G Production'!$P$3:$P$537,0),MATCH(DB$2,'NM O&G Production'!$K$2:$O$2,0)) -> 0 | DD42: =INDEX('NM O&G Production'!$K$3:$O$537,MATCH($CY42,'NM O&G Production'!$P$3:$P$537,0),MATCH(DD$2,'NM O&G Production'!$K$2:$O$2,0)) -> 0 | DE42: =INDEX('NM O&G Production'!$K$3:$O$537,MATCH($CY42,'NM O&G Production'!$P$3:$P$537,0),MATCH(DE$2,'NM O&G Production'!$K$2:$O$2,0)) -> 0 | DF42: =CK42/(DB42+DA42) -> #DIV/0! | DG42: =DD42*(12/18)*1.06*'Oil and Gas Prices'!$C$18 -> 0 | DH42: =DE42*(12/18)*'Oil and Gas Prices'!$C$4 -> 0 | DJ42: =(DG42+DH42)/(DA42+DB42) -> #DIV/0! | DK42: =CK42/DI42 -> #DIV/0!
A43: Apache Corporation | B43: 303 Veterans Airpark Lane | D43: Midland | E43: TX | F43: 79705 | G43: USA | I43: 15 | J43: M | K43: Standard Match | L43: AAAAAZZ | M43: 10 | N43: 05-521-1626 | O43: Apache Corporation | Q43: 303 Veterans Airpark Ln Ste 3000 | R43: Midland | S43: Texas | T43: 79705-4561 | U43: USA | V43: 7132966000 | X43: 15 | Y43: 0 | AA43: Branch | AB43: RAY CAMPBELL | AC43: Branch Manager | AD43: Crude petroleum and natural gas, nsk | AE43: 1311 | AF43: Crude Petroleum and Natural Gas | AI43: 13110101 | AJ43: Crude petroleum production | AM43: 211120 | AN43: Crude Petroleum Extraction | AQ43: Not a Subsidiary | AR43: 00-696-1551 | AS43: Apache Corporation | AT43: N | AU43: TX | AV43: USA | AW43: 00-696-1551 | AX43: Apache Corporation | AY43: TX | AZ43: USA | BB43: 00-696-1551 | BC43: Apache Corporation | BD43: TX | BE43: USA | BF43: 1 | BG43: 133 | BH43: 00-696-1551 | BI43: Apache Corporation | BJ43: Apache | BK43: 2000 Post Oak Blvd Ste 100 | BL43: Houston | BM43: Texas | BN43: 77056-4400 | BO43: USA | BP43: 7132966000 | BQ43: 6411000000 | BR43: 507 | BS43: 3163 | BT43: 1954 | BU43: Headquarters | BV43: John J Christmann IV | BW43: President | BX43: Crude petroleum and natural gas, nsk | BY43: 1311 | BZ43: Crude Petroleum and Natural Gas | CC43: 13110101 | CD43: Crude petroleum production | CG43: 211120 | CH43: Crude Petroleum Extraction | CK43: =IF(BQ43>0,BQ43,W43) -> 6411000000 | CL43: =IF(BS43>0,BS43,Y43) -> 3163 | CM43: =IF(CG43>0,CG43,AM43) -> 211120 | CN43: =IF($BH43="",1,COUNTIF($BH$3:$BH43,$BH43)) -> 1 | CP43: =IF($K43="Standard Match","Match",IF($K43="Name Only Match",IF($CO43="Yes","Match","Name Only Match"),"No Match")) -> Match | CQ43: =IF(AND(CP43="Match",CK43>0,CL43>0),"Y","N") -> Y | CS43: =IF($CQ43="Y",VLOOKUP($CM43,'SBA Size Standards'!$B$3:$G$57,MATCH('SBA Size Standards'!$G$3,'SBA Size Standards'!$B$3:$G$3,0),FALSE),"") -> Employment | CT43: =IF(CQ43="Y",IF($CS43="Employment","N/A",VLOOKUP($CM43,'SBA Size Standards'!$B$3:$G$57,MATCH('SBA Size Standards'!$E$3,'SBA Size Standards'!$B$3:$G$3,0),FALSE)),"") -> N/A | CU43: =IF($CQ43="Y",IF($CS43="Revenue","N/A",VLOOKUP($CM43,'SBA Size Standards'!$B$3:$G$57,MATCH('SBA Size Standards'!$F$3,'SBA Size Standards'!$B$3:$G$3,0),FALSE)),"") -> 1250 | CV43: =IF($CQ43="Y",IF(OR(AND($CS43="Employment",$CL43<$CU43),AND($CS43="Revenue",$CK43<$CT43)),"YES","NO"),"") -> NO | CW43: =IF($CQ43="Y",INDEX('SBA Size Standards'!$N$3:$N$12,MATCH($CK43,'SBA Size Standards'!$O$3:$O$12,1)),"") -> $1,000,000,001 -$125,000,000,000 | CX43: APACHECORPORATION303VETERANSAIRPARKLANEMIDLAND | CY43: =INDEX('NM O&G Production'!$P$3:$P$537,MATCH(CX43,'NM O&G Production'!$Q$3:$Q$537,0)) -> 15 | CZ43: =INDEX('NM O&G Production'!$K$3:$O$537,MATCH($CY43,'NM O&G Production'!$P$3:$P$537,0),MATCH(CZ$2,'NM O&G Production'!$K$2:$O$2,0)) -> Yes | DA43: =INDEX('NM O&G Production'!$K$3:$O$537,MATCH($CY43,'NM O&G Production'!$P$3:$P$537,0),MATCH(DA$2,'NM O&G Production'!$K$2:$O$2,0)) -> 599 | DB43: =INDEX('NM O&G Production'!$K$3:$O$537,MATCH($CY43,'NM O&G Production'!$P$3:$P$537,0),MATCH(DB$2,'NM O&G Production'!$K$2:$O$2,0)) -> 1737 | DC43: =DA43+DB43 -> 2336 | DD43: =INDEX('NM O&G Production'!$K$3:$O$537,MATCH($CY43,'NM O&G Production'!$P$3:$P$537,0),MATCH(DD$2,'NM O&G Production'!$K$2:$O$2,0)) -> 51440989 | DE43: =INDEX('NM O&G Production'!$K$3:$O$537,MATCH($CY43,'NM O&G Production'!$P$3:$P$537,0),MATCH(DE$2,'NM O&G Production'!$K$2:$O$2,0)) -> 11909376 | DF43: =CK43/(DB43+DA43) -> 2744434.9 | DG43: =DD43*(12/18)*1.06*'Oil and Gas Prices'!$C$18 -> 86880401 | DH43: =DE43*(12/18)*'Oil and Gas Prices'!$C$4 -> 357281280 | DI43: =DG43+DH43 -> 4.4416168e+08 | DJ43: =(DG43+DH43)/(DA43+DB43) -> 190137.71
A44: Union Oil Co | B44: 3300 N Butler Ave | D44: Farmington | E44: NM | F44: 87401 | G44: USA | I44: 495 | J44: A | K44: Standard Match | L44: BAAAAZZ | M44: 8 | N44: 12-295-2641 | O44: Marathon Oil Company | P44: M A P Crude Petroleum & Naturl | Q44: 3300 N Butler Ave | R44: Farmington | S44: New Mexico | T44: 87401-5621 | U44: USA | V44: 5053251624 | X44: 50 | Y44: 0 | AA44: Branch | AB44: g w donaghey | AD44: Petroleum refining | AE44: 2911 | AF44: Petroleum Refining | AI44: 29110000 | AJ44: Petroleum refining | AM44: 324110 | AN44: Petroleum Refineries | AQ44: Not a Subsidiary | AR44: 00-202-8801 | AS44: Marathon Oil Corporation | AT44: N | AU44: TX | AV44: USA | AW44: 00-202-8801 | AX44: Marathon Oil Corporation | AY44: TX | AZ44: USA | BB44: 05-512-2568 | BC44: Marathon Oil Company | BD44: TX | BE44: USA | BF44: 2 | BG44: 237 | BH44: 00-202-8801 | BI44: Marathon Oil Corporation | BJ44: Marathon Oil | BK44: 5555 San Felipe St | BL44: Houston | BM44: Texas | BN44: 77056-2799 | BO44: USA | BP44: 7136296600 | BQ44: 5190000000 | BR44: 1300 | BS44: 2000 | BT44: 1887 | BU44: Headquarters | BV44: Lee M Tillman | BW44: President | BX44: Crude petroleum and natural gas, nsk | BY44: 1311 | BZ44: Crude Petroleum and Natural Gas | CA44: 2911 | CB44: Petroleum Refining | CC44: 13110000 | CD44: Crude petroleum and natural gas | CE44: 29110000 | CF44: Petroleum refining | CG44: 211120 | CH44: Crude Petroleum Extraction | CI44: 324110 | CJ44: Petroleum Refineries | CK44: =IF(BQ44>0,BQ44,W44) -> 5190000000 | CL44: =IF(BS44>0,BS44,Y44) -> 2000 | CM44: =IF(CG44>0,CG44,AM44) -> 211120 | CN44: =IF($BH44="",1,COUNTIF($BH$3:$BH44,$BH44)) -> 1 | CP44: =IF($K44="Standard Match","Match",IF($K44="Name Only Match",IF($CO44="Yes","Match","Name Only Match"),"No Match")) -> Match | CQ44: =IF(AND(CP44="Match",CK44>0,CL44>0),"Y","N") -> Y | CS44: =IF($CQ44="Y",VLOOKUP($CM44,'SBA Size Standards'!$B$3:$G$57,MATCH('SBA Size Standards'!$G$3,'SBA Size Standards'!$B$3:$G$3,0),FALSE),"") -> Employment | CT44: =IF(CQ44="Y",IF($CS44="Employment","N/A",VLOOKUP($CM44,'SBA Size Standards'!$B$3:$G$57,MATCH('SBA Size Standards'!$E$3,'SBA Size Standards'!$B$3:$G$3,0),FALSE)),"") -> N/A | CU44: =IF($CQ44="Y",IF($CS44="Revenue","N/A",VLOOKUP($CM44,'SBA Size Standards'!$B$3:$G$57,MATCH('SBA Size Standards'!$F$3,'SBA Size Standards'!$B$3:$G$3,0),FALSE)),"") -> 1250 | CV44: =IF($CQ44="Y",IF(OR(AND($CS44="Employment",$CL44<$CU44),AND($CS44="Revenue",$CK44<$CT44)),"YES","NO"),"") -> NO | CW44: =IF($CQ44="Y",INDEX('SBA Size Standards'!$N$3:$N$12,MATCH($CK44,'SBA Size Standards'!$O$3:$O$12,1)),"") -> $1,000,000,001 -$125,000,000,000 | CX44: UNIONOILCO3300NBUTLERAVEFARMINGTON | CY44: =INDEX('NM O&G Production'!$P$3:$P$537,MATCH(CX44,'NM O&G Production'!$Q$3:$Q$537,0)) -> 495 | CZ44: =INDEX('NM O&G Production'!$O$3:$O$537,MATCH(CY44,'NM O&G Production'!$P$3:$P$537,0)) -> No | DA44: =INDEX('NM O&G Production'!$K$3:$O$537,MATCH($CY44,'NM O&G Production'!$P$3:$P$537,0),MATCH(DA$2,'NM O&G Production'!$K$2:$O$2,0)) -> 0 | DB44: =INDEX('NM O&G Production'!$K$3:$O$537,MATCH($CY44,'NM O&G Production'!$P$3:$P$537,0),MATCH(DB$2,'NM O&G Production'!$K$2:$O$2,0)) -> 0 | DD44: =INDEX('NM O&G Production'!$K$3:$O$537,MATCH($CY44,'NM O&G Production'!$P$3:$P$537,0),MATCH(DD$2,'NM O&G Production'!$K$2:$O$2,0)) -> 0 | DE44: =INDEX('NM O&G Production'!$K$3:$O$537,MATCH($CY44,'NM O&G Production'!$P$3:$P$537,0),MATCH(DE$2,'NM O&G Production'!$K$2:$O$2,0)) -> 0 | DF44: =CK44/(DB44+DA44) -> #DIV/0! | DG44: =DD44*(12/18)*1.06*'Oil and Gas Prices'!$C$18 -> 0 | DH44: =DE44*(12/18)*'Oil and Gas Prices'!$C$4 -> 0 | DJ44: =(DG44+DH44)/(DA44+DB44) -> #DIV/0! | DK44: =CK44/DI44 -> #DIV/0!
A45: Marathon Oil Permian LLC | B45: 5555 San Felipe Street | D45: Houston | E45: TX | F45: 77056 | G45: USA | I45: 288 | J45: M | K45: Standard Match | L45: AAAAAZZ | M45: 10 | N45: 11-727-6719 | O45: Marathon Oil Permian LLC | Q45: 5555 San Felipe St | R45: Houston | S45: Texas | T45: 77056-2799 | U45: USA | W45: 163313 | X45: 3 | Y45: 3 | Z45: 2019 | AA45: Single Location | AD45: Gasoline service stations | AE45: 5541 | AF45: Gasoline Service Stations | AI45: 55410000 | AJ45: Gasoline service stations | AM45: 447190 | AN45: Other Gasoline Stations | AQ45: Subsidiary | AR45: 00-202-8801 | AS45: Marathon Oil Corporation | AT45: N | AU45: TX | AV45: USA | AW45: 00-202-8801 | AX45: Marathon Oil Corporation | AY45: TX | AZ45: USA | BA45: 00-202-8801 | BC45: Marathon Oil Corporation | BD45: TX | BE45: USA | BF45: 2 | BG45: 237 | BH45: 00-202-8801 | BI45: Marathon Oil Corporation | BJ45: Marathon Oil | BK45: 5555 San Felipe St | BL45: Houston | BM45: Texas | BN45: 77056-2799 | BO45: USA | BP45: 7136296600 | BQ45: 5190000000 | BR45: 1300 | BS45: 2000 | BT45: 1887 | BU45: Headquarters | BV45: Lee M Tillman | BW45: President | BX45: Crude petroleum and natural gas, nsk | BY45: 1311 | BZ45: Crude Petroleum and Natural Gas | CA45: 2911 | CB45: Petroleum Refining | CC45: 13110000 | CD45: Crude petroleum and natural gas | CE45: 29110000 | CF45: Petroleum refining | CG45: 211120 | CH45: Crude Petroleum Extraction | CI45: 324110 | CJ45: Petroleum Refineries | CK45: =IF(BQ45>0,BQ45,W45) -> 5190000000 | CL45: =IF(BS45>0,BS45,Y45) -> 2000 | CM45: =IF(CG45>0,CG45,AM45) -> 211120 | CN45: =IF($BH45="",1,COUNTIF($BH$3:$BH45,$BH45)) -> 2 | CP45: =IF($K45="Standard Match","Match",IF($K45="Name Only Match",IF($CO45="Yes","Match","Name Only Match"),"No Match")) -> Match | CQ45: =IF(AND(CP45="Match",CK45>0,CL45>0),"Y","N") -> Y | CS45: =IF($CQ45="Y",VLOOKUP($CM45,'SBA Size Standards'!$B$3:$G$57,MATCH('SBA Size Standards'!$G$3,'SBA Size Standards'!$B$3:$G$3,0),FALSE),"") -> Employment | CT45: =IF(CQ45="Y",IF($CS45="Employment","N/A",VLOOKUP($CM45,'SBA Size Standards'!$B$3:$G$57,MATCH('SBA Size Standards'!$E$3,'SBA Size Standards'!$B$3:$G$3,0),FALSE)),"") -> N/A | CU45: =IF($CQ45="Y",IF($CS45="Revenue","N/A",VLOOKUP($CM45,'SBA Size Standards'!$B$3:$G$57,MATCH('SBA Size Standards'!$F$3,'SBA Size Standards'!$B$3:$G$3,0),FALSE)),"") -> 1250 | CV45: =IF($CQ45="Y",IF(OR(AND($CS45="Employment",$CL45<$CU45),AND($CS45="Revenue",$CK45<$CT45)),"YES","NO"),"") -> NO | CW45: =IF($CQ45="Y",INDEX('SBA Size Standards'!$N$3:$N$12,MATCH($CK45,'SBA Size Standards'!$O$3:$O$12,1)),"") -> $1,000,000,001 -$125,000,000,000 | CX45: MARATHONOILPERMIANLLC5555SANFELIPESTREETHOUSTON | CY45: =INDEX('NM O&G Production'!$P$3:$P$537,MATCH(CX45,'NM O&G Production'!$Q$3:$Q$537,0)) -> 288 | CZ45: =INDEX('NM O&G Production'!$O$3:$O$537,MATCH(CY45,'NM O&G Production'!$P$3:$P$537,0)) -> Yes | DA45: =INDEX('NM O&G Production'!$K$3:$O$537,MATCH($CY45,'NM O&G Production'!$P$3:$P$537,0),MATCH(DA$2,'NM O&G Production'!$K$2:$O$2,0)) -> 183 | DB45: =INDEX('NM O&G Production'!$K$3:$O$537,MATCH($CY45,'NM O&G Production'!$P$3:$P$537,0),MATCH(DB$2,'NM O&G Production'!$K$2:$O$2,0)) -> 96 | DC45: =DA45+DB45 -> 279 | DD45: =INDEX('NM O&G Production'!$K$3:$O$537,MATCH($CY45,'NM O&G Production'!$P$3:$P$537,0),MATCH(DD$2,'NM O&G Production'!$K$2:$O$2,0)) -> 39774691 | DE45: =INDEX('NM O&G Production'!$K$3:$O$537,MATCH($CY45,'NM O&G Production'!$P$3:$P$537,0),MATCH(DE$2,'NM O&G Production'!$K$2:$O$2,0)) -> 9793899 | DF45: =CK45/(DB45+DA45) -> 18602151 | DG45: =DD45*(12/18)*1.06*'Oil and Gas Prices'!$C$18 -> 67176801 | DH45: =DE45*(12/18)*'Oil and Gas Prices'!$C$4 -> 293816970 | DI45: =DG45+DH45 -> 3.6099377e+08 | DJ45: =(DG45+DH45)/(DA45+DB45) -> 1293884.5
A46: Stateline Gathering LLC | B46: 1001 17th St | D46: Denver | E46: CO | F46: 80202 | G46: USA | I46: 452 | J46: A | K46: Name Only Match | L46: AZZZZZZ | M46: 8 | N46: 08-073-3511 | O46: Stateline Gathering, , LLC | Q46: 3500 One Williams Ctr | R46: Tulsa | S46: Oklahoma | T46: 74172-0135 | U46: USA | V46: 8559792012 | W46: 574744 | X46: 16 | Y46: 16 | Z46: 2012 | AA46: Single Location | AD46: Oil and gas exploration services | AE46: 1382 | AF46: Oil and Gas Exploration Services | AI46: 13820000 | AJ46: Oil and gas exploration services | AM46: 213112 | AN46: Support Activities for Oil and Gas Operations | AQ46: Subsidiary | AR46: 04-940-1565 | AS46: Devon Energy Corporation | AT46: N | AU46: OK | AV46: USA | AW46: 04-940-1565 | AX46: Devon Energy Corporation | AY46: OK | AZ46: USA | BA46: 96-825-7084 | BC46: Wpx Energy, Inc. | BD46: OK | BE46: USA | BF46: 3 | BG46: 170 | BH46: 04-940-1565 | BI46: Devon Energy Corporation | BJ46: Devon | BK46: 333 W Sheridan Ave | BL46: Oklahoma City | BM46: Oklahoma | BN46: 73102-5015 | BO46: USA | BP46: 4052353611 | BQ46: 4828000000 | BR46: 180 | BS46: 1800 | BT46: 1971 | BU46: Headquarters | BV46: David A Hager | BW46: President | BX46: Crude petroleum and natural gas, nsk | BY46: 1311 | BZ46: Crude Petroleum and Natural Gas | CA46: 1382 | CB46: Oil and Gas Exploration Services | CC46: 13110101 | CD46: Crude petroleum production | CE46: 13820000 | CF46: Oil and gas exploration services | CG46: 211120 | CH46: Crude Petroleum Extraction | CI46: 213112 | CJ46: Support Activities for Oil and Gas Operations | CK46: =IF(BQ46>0,BQ46,W46) -> 4828000000 | CL46: =IF(BS46>0,BS46,Y46) -> 1800 | CM46: =IF(CG46>0,CG46,AM46) -> 211120 | CN46: =IF($BH46="",1,COUNTIF($BH$3:$BH46,$BH46)) -> 1 | CO46: Yes | CP46: =IF($K46="Standard Match","Match",IF($K46="Name Only Match",IF($CO46="Yes","Match","Name Only Match"),"No Match")) -> Match | CQ46: =IF(AND(CP46="Match",CK46>0,CL46>0),"Y","N") -> Y | CS46: =IF($CQ46="Y",VLOOKUP($CM46,'SBA Size Standards'!$B$3:$G$57,MATCH('SBA Size Standards'!$G$3,'SBA Size Standards'!$B$3:$G$3,0),FALSE),"") -> Employment | CT46: =IF(CQ46="Y",IF($CS46="Employment","N/A",VLOOKUP($CM46,'SBA Size Standards'!$B$3:$G$57,MATCH('SBA Size Standards'!$E$3,'SBA Size Standards'!$B$3:$G$3,0),FALSE)),"") -> N/A | CU46: =IF($CQ46="Y",IF($CS46="Revenue","N/A",VLOOKUP($CM46,'SBA Size Standards'!$B$3:$G$57,MATCH('SBA Size Standards'!$F$3,'SBA Size Standards'!$B$3:$G$3,0),FALSE)),"") -> 1250 | CV46: =IF($CQ46="Y",IF(OR(AND($CS46="Employment",$CL46<$CU46),AND($CS46="Revenue",$CK46<$CT46)),"YES","NO"),"") -> NO | CW46: =IF($CQ46="Y",INDEX('SBA Size Standards'!$N$3:$N$12,MATCH($CK46,'SBA Size Standards'!$O$3:$O$12,1)),"") -> $1,000,000,001 -$125,000,000,000 | CX46: STATELINEGATHERINGLLC100117THSTDENVER | CY46: =INDEX('NM O&G Production'!$P$3:$P$537,MATCH(CX46,'NM O&G Production'!$Q$3:$Q$537,0)) -> 452 | CZ46: =INDEX('NM O&G Production'!$O$3:$O$537,MATCH(CY46,'NM O&G Production'!$P$3:$P$537,0)) -> No | DA46: =INDEX('NM O&G Production'!$K$3:$O$537,MATCH($CY46,'NM O&G Production'!$P$3:$P$537,0),MATCH(DA$2,'NM O&G Production'!$K$2:$O$2,0)) -> 0 | DB46: =INDEX('NM O&G Production'!$K$3:$O$537,MATCH($CY46,'NM O&G Production'!$P$3:$P$537,0),MATCH(DB$2,'NM O&G Production'!$K$2:$O$2,0)) -> 0 | DD46: =INDEX('NM O&G Production'!$K$3:$O$537,MATCH($CY46,'NM O&G Production'!$P$3:$P$537,0),MATCH(DD$2,'NM O&G Production'!$K$2:$O$2,0)) -> 0 | DE46: =INDEX('NM O&G Production'!$K$3:$O$537,MATCH($CY46,'NM O&G Production'!$P$3:$P$537,0),MATCH(DE$2,'NM O&G Production'!$K$2:$O$2,0)) -> 0 | DF46: =CK46/(DB46+DA46) -> #DIV/0! | DG46: =DD46*(12/18)*1.06*'Oil and Gas Prices'!$C$18 -> 0 | DH46: =DE46*(12/18)*'Oil and Gas Prices'!$C$4 -> 0 | DJ46: =(DG46+DH46)/(DA46+DB46) -> #DIV/0! | DK46: =CK46/DI46 -> #DIV/0!
A47: Devon Energy Production Company LP | B47: 333 West Sheridan Avenue | D47: Oklahoma City | E47: OK | F47: 73102 | G47: USA | I47: 118 | J47: M | K47: Standard Match | L47: AAAAAZZ | M47: 10 | N47: 08-800-3756 | O47: Devon Energy Production Company, LP | Q47: 333 W Sheridan Ave | R47: Oklahoma City | S47: Oklahoma | T47: 73102-5010 | U47: USA | V47: 4052353611 | W47: 2536000000 | X47: 1300 | Y47: 1800 | Z47: 1999 | AA47: Headquarters | AB47: J Larry Nichols | AC47: Chairperson | AD47: Crude petroleum and natural gas, nsk | AE47: 1311 | AF47: Crude Petroleum and Natural Gas | AG47: 5172 | AH47: Petroleum Products, Nec | AI47: 13110101 | AJ47: Crude petroleum production | AK47: 51729901 | AL47: Crude oil | AM47: 211120 | AN47: Crude Petroleum Extraction | AO47: 424720 | AP47: Petroleum and Petroleum Products Merchant Wholesalers (except Bulk Stations and Terminals) | AQ47: Subsidiary | AR47: 04-940-1565 | AS47: Devon Energy Corporation | AT47: N | AU47: OK | AV47: USA | AW47: 04-940-1565 | AX47: Devon Energy Corporation | AY47: OK | AZ47: USA | BA47: 04-940-1565 | BC47: Devon Energy Corporation | BD47: OK | BE47: USA | BF47: 2 | BG47: 170 | BH47: 04-940-1565 | BI47: Devon Energy Corporation | BJ47: Devon | BK47: 333 W Sheridan Ave | BL47: Oklahoma City | BM47: Oklahoma | BN47: 73102-5015 | BO47: USA | BP47: 4052353611 | BQ47: 4828000000 | BR47: 180 | BS47: 1800 | BT47: 1971 | BU47: Headquarters | BV47: David A Hager | BW47: President | BX47: Crude petroleum and natural gas, nsk | BY47: 1311 | BZ47: Crude Petroleum and Natural Gas | CA47: 1382 | CB47: Oil and Gas Exploration Services | CC47: 13110101 | CD47: Crude petroleum production | CE47: 13820000 | CF47: Oil and gas exploration services | CG47: 211120 | CH47: Crude Petroleum Extraction | CI47: 213112 | CJ47: Support Activities for Oil and Gas Operations | CK47: =IF(BQ47>0,BQ47,W47) -> 4828000000 | CL47: =IF(BS47>0,BS47,Y47) -> 1800 | CM47: =IF(CG47>0,CG47,AM47) -> 211120 | CN47: =IF($BH47="",1,COUNTIF($BH$3:$BH47,$BH47)) -> 2 | CP47: =IF($K47="Standard Match","Match",IF($K47="Name Only Match",IF($CO47="Yes","Match","Name Only Match"),"No Match")) -> Match | CQ47: =IF(AND(CP47="Match",CK47>0,CL47>0),"Y","N") -> Y | CS47: =IF($CQ47="Y",VLOOKUP($CM47,'SBA Size Standards'!$B$3:$G$57,MATCH('SBA Size Standards'!$G$3,'SBA Size Standards'!$B$3:$G$3,0),FALSE),"") -> Employment | CT47: =IF(CQ47="Y",IF($CS47="Employment","N/A",VLOOKUP($CM47,'SBA Size Standards'!$B$3:$G$57,MATCH('SBA Size Standards'!$E$3,'SBA Size Standards'!$B$3:$G$3,0),FALSE)),"") -> N/A | CU47: =IF($CQ47="Y",IF($CS47="Revenue","N/A",VLOOKUP($CM47,'SBA Size Standards'!$B$3:$G$57,MATCH('SBA Size Standards'!$F$3,'SBA Size Standards'!$B$3:$G$3,0),FALSE)),"") -> 1250 | CV47: =IF($CQ47="Y",IF(OR(AND($CS47="Employment",$CL47<$CU47),AND($CS47="Revenue",$CK47<$CT47)),"YES","NO"),"") -> NO | CW47: =IF($CQ47="Y",INDEX('SBA Size Standards'!$N$3:$N$12,MATCH($CK47,'SBA Size Standards'!$O$3:$O$12,1)),"") -> $1,000,000,001 -$125,000,000,000 | CX47: DEVONENERGYPRODUCTIONCOMPANYLP333WESTSHERIDANAVENUEOKLAHOMACITY | CY47: =INDEX('NM O&G Production'!$P$3:$P$537,MATCH(CX47,'NM O&G Production'!$Q$3:$Q$537,0)) -> 118 | CZ47: =INDEX('NM O&G Production'!$O$3:$O$537,MATCH(CY47,'NM O&G Production'!$P$3:$P$537,0)) -> Yes | DA47: =INDEX('NM O&G Production'!$K$3:$O$537,MATCH($CY47,'NM O&G Production'!$P$3:$P$537,0),MATCH(DA$2,'NM O&G Production'!$K$2:$O$2,0)) -> 844 | DB47: =INDEX('NM O&G Production'!$K$3:$O$537,MATCH($CY47,'NM O&G Production'!$P$3:$P$537,0),MATCH(DB$2,'NM O&G Production'!$K$2:$O$2,0)) -> 392 | DC47: =DA47+DB47 -> 1236 | DD47: =INDEX('NM O&G Production'!$K$3:$O$537,MATCH($CY47,'NM O&G Production'!$P$3:$P$537,0),MATCH(DD$2,'NM O&G Production'!$K$2:$O$2,0)) -> 191597016 | DE47: =INDEX('NM O&G Production'!$K$3:$O$537,MATCH($CY47,'NM O&G Production'!$P$3:$P$537,0),MATCH(DE$2,'NM O&G Production'!$K$2:$O$2,0)) -> 50174674 | DF47: =CK47/(DB47+DA47) -> 3906148.9 | DG47: =DD47*(12/18)*1.06*'Oil and Gas Prices'!$C$18 -> 3.2359459e+08 | DH47: =DE47*(12/18)*'Oil and Gas Prices'!$C$4 -> 1505240220 | DI47: =DG47+DH47 -> 1.8288348e+09 | DJ47: =(DG47+DH47)/(DA47+DB47) -> 1479639.8
A48: WPX Energy Permian LLC | B48: One Williams Center | D48: Tulsa | E48: OK | F48: 74172 | G48: USA | I48: 528 | J48: M | K48: Standard Match | L48: AFAAAZZ | M48: 9 | N48: 61-926-3606 | O48: Wpx Energy Permian, LLC | Q48: 3500 One Williams Ctr | R48: Tulsa | S48: Oklahoma | T48: 74172-0135 | U48: USA | V48: 8559792102 | W48: 37437314 | X48: 38 | Y48: 38 | Z48: 2005 | AA48: Single Location | AB48: Ronnie K Irani | AC48: President | AD48: Oil and gas exploration services | AE48: 1382 | AF48: Oil and Gas Exploration Services | AI48: 13820000 | AJ48: Oil and gas exploration services | AM48: 213112 | AN48: Support Activities for Oil and Gas Operations | AQ48: Subsidiary | AR48: 04-940-1565 | AS48: Devon Energy Corporation | AT48: N | AU48: OK | AV48: USA | AW48: 04-940-1565 | AX48: Devon Energy Corporation | AY48: OK | AZ48: USA | BA48: 96-825-7084 | BC48: Wpx Energy, Inc. | BD48: OK | BE48: USA | BF48: 3 | BG48: 170 | BH48: 04-940-1565 | BI48: Devon Energy Corporation | BJ48: Devon | BK48: 333 W Sheridan Ave | BL48: Oklahoma City | BM48: Oklahoma | BN48: 73102-5015 | BO48: USA | BP48: 4052353611 | BQ48: 4828000000 | BR48: 180 | BS48: 1800 | BT48: 1971 | BU48: Headquarters | BV48: David A Hager | BW48: President | BX48: Crude petroleum and natural gas, nsk | BY48: 1311 | BZ48: Crude Petroleum and Natural Gas | CA48: 1382 | CB48: Oil and Gas Exploration Services | CC48: 13110101 | CD48: Crude petroleum production | CE48: 13820000 | CF48: Oil and gas exploration services | CG48: 211120 | CH48: Crude Petroleum Extraction | CI48: 213112 | CJ48: Support Activities for Oil and Gas Operations | CK48: =IF(BQ48>0,BQ48,W48) -> 4828000000 | CL48: =IF(BS48>0,BS48,Y48) -> 1800 | CM48: =IF(CG48>0,CG48,AM48) -> 211120 | CN48: =IF($BH48="",1,COUNTIF($BH$3:$BH48,$BH48)) -> 3 | CP48: =IF($K48="Standard Match","Match",IF($K48="Name Only Match",IF($CO48="Yes","Match","Name Only Match"),"No Match")) -> Match | CQ48: =IF(AND(CP48="Match",CK48>0,CL48>0),"Y","N") -> Y | CS48: =IF($CQ48="Y",VLOOKUP($CM48,'SBA Size Standards'!$B$3:$G$57,MATCH('SBA Size Standards'!$G$3,'SBA Size Standards'!$B$3:$G$3,0),FALSE),"") -> Employment | CT48: =IF(CQ48="Y",IF($CS48="Employment","N/A",VLOOKUP($CM48,'SBA Size Standards'!$B$3:$G$57,MATCH('SBA Size Standards'!$E$3,'SBA Size Standards'!$B$3:$G$3,0),FALSE)),"") -> N/A | CU48: =IF($CQ48="Y",IF($CS48="Revenue","N/A",VLOOKUP($CM48,'SBA Size Standards'!$B$3:$G$57,MATCH('SBA Size Standards'!$F$3,'SBA Size Standards'!$B$3:$G$3,0),FALSE)),"") -> 1250 | CV48: =IF($CQ48="Y",IF(OR(AND($CS48="Employment",$CL48<$CU48),AND($CS48="Revenue",$CK48<$CT48)),"YES","NO"),"") -> NO | CW48: =IF($CQ48="Y",INDEX('SBA Size Standards'!$N$3:$N$12,MATCH($CK48,'SBA Size Standards'!$O$3:$O$12,1)),"") -> $1,000,000,001 -$125,000,000,000 | CX48: WPXENERGYPERMIANLLCONEWILLIAMSCENTERTULSA | CY48: =INDEX('NM O&G Production'!$P$3:$P$537,MATCH(CX48,'NM O&G Production'!$Q$3:$Q$537,0)) -> 528 | CZ48: =INDEX('NM O&G Production'!$O$3:$O$537,MATCH(CY48,'NM O&G Production'!$P$3:$P$537,0)) -> Yes | DA48: =INDEX('NM O&G Production'!$K$3:$O$537,MATCH($CY48,'NM O&G Production'!$P$3:$P$537,0),MATCH(DA$2,'NM O&G Production'!$K$2:$O$2,0)) -> 147 | DB48: =INDEX('NM O&G Production'!$K$3:$O$537,MATCH($CY48,'NM O&G Production'!$P$3:$P$537,0),MATCH(DB$2,'NM O&G Production'!$K$2:$O$2,0)) -> 125 | DC48: =DA48+DB48 -> 272 | DD48: =INDEX('NM O&G Production'!$K$3:$O$537,MATCH($CY48,'NM O&G Production'!$P$3:$P$537,0),MATCH(DD$2,'NM O&G Production'!$K$2:$O$2,0)) -> 21510113 | DE48: =INDEX('NM O&G Production'!$K$3:$O$537,MATCH($CY48,'NM O&G Production'!$P$3:$P$537,0),MATCH(DE$2,'NM O&G Production'!$K$2:$O$2,0)) -> 3905038 | DF48: =CK48/(DB48+DA48) -> 17750000 | DG48: =DD48*(12/18)*1.06*'Oil and Gas Prices'!$C$18 -> 36329147 | DH48: =DE48*(12/18)*'Oil and Gas Prices'!$C$4 -> 117151140 | DI48: =DG48+DH48 -> 1.5348029e+08 | DJ48: =(DG48+DH48)/(DA48+DB48) -> 564265.76
A49: New Mexico Gas Company (NMGC) | B49: PO Box 97500 | D49: Albuquerque | E49: NM | F49: 87199 | G49: USA | I49: 330 | J49: M | K49: Standard Match | L49: BZZAAAZ | M49: 8 | N49: 82-524-4697 | O49: New Mexico Gas Company, Inc. | Q49: 7120 Wyoming Blvd NE Ste 20 | R49: Albuquerque | S49: New Mexico | T49: 87109-4869 | U49: USA | V49: 5056973803 | W49: 454716539 | X49: 97 | Y49: 729 | Z49: 2008 | AA49: Headquarters | AB49: Ryan Shell | AC49: President | AD49: Natural gas distribution | AE49: 4924 | AF49: Natural Gas Distribution | AG49: 4922 | AH49: Natural Gas Transmission | AI49: 49240000 | AJ49: Natural gas distribution | AK49: 49229901 | AL49: Pipelines, natural gas | AM49: 221210 | AN49: Natural Gas Distribution | AO49: 486210 | AP49: Pipeline Transportation of Natural Gas | AQ49: Subsidiary | AR49: 24-853-5390 | AS49: Emera Incorporated | AT49: N | AU49: NS | AV49: Canada | AW49: 04-829-5869 | AX49: Teco Energy, Inc. | AY49: FL | AZ49: USA | BA49: 07-954-8183 | BC49: New Mexico Gas Intermediate, Inc. | BD49: NM | BE49: Canada | BF49: 4 | BG49: 134 | BH49: 24-853-5390 | BI49: Emera Incorporated | BK49: 1223 Lower Water St | BL49: Halifax | BM49: NOVA SCOTIA | BN49: B3J 3S8 | BO49: Canada | BP49: 9024500507 | BQ49: 4589513775 | BR49: 20 | BS49: 7418 | BT49: 1998 | BU49: Headquarters | BV49: Scott Balfour | BW49: President | BX49: Electric services, nsk | BY49: 4911 | BZ49: Electric Services | CC49: 49110000 | CD49: Electric services | CG49: 221118 | CH49: Other Electric Power Generation | CK49: =IF(BQ49>0,BQ49,W49) -> 4589513775 | CL49: =IF(BS49>0,BS49,Y49) -> 7418 | CM49: =IF(CG49>0,CG49,AM49) -> 221118 | CN49: =IF($BH49="",1,COUNTIF($BH$3:$BH49,$BH49)) -> 1 | CP49: =IF($K49="Standard Match","Match",IF($K49="Name Only Match",IF($CO49="Yes","Match","Name Only Match"),"No Match")) -> Match | CQ49: =IF(AND(CP49="Match",CK49>0,CL49>0),"Y","N") -> Y | CS49: =IF($CQ49="Y",VLOOKUP($CM49,'SBA Size Standards'!$B$3:$G$57,MATCH('SBA Size Standards'!$G$3,'SBA Size Standards'!$B$3:$G$3,0),FALSE),"") -> Employment | CT49: =IF(CQ49="Y",IF($CS49="Employment","N/A",VLOOKUP($CM49,'SBA Size Standards'!$B$3:$G$57,MATCH('SBA Size Standards'!$E$3,'SBA Size Standards'!$B$3:$G$3,0),FALSE)),"") -> N/A | CU49: =IF($CQ49="Y",IF($CS49="Revenue","N/A",VLOOKUP($CM49,'SBA Size Standards'!$B$3:$G$57,MATCH('SBA Size Standards'!$F$3,'SBA Size Standards'!$B$3:$G$3,0),FALSE)),"") -> 250 | CV49: =IF($CQ49="Y",IF(OR(AND($CS49="Employment",$CL49<$CU49),AND($CS49="Revenue",$CK49<$CT49)),"YES","NO"),"") -> NO | CW49: =IF($CQ49="Y",INDEX('SBA Size Standards'!$N$3:$N$12,MATCH($CK49,'SBA Size Standards'!$O$3:$O$12,1)),"") -> $1,000,000,001 -$125,000,000,000 | CX49: NEWMEXICOGASCOMPANY(NMGC)POBOX97500ALBUQUERQUE | CY49: =INDEX('NM O&G Production'!$P$3:$P$537,MATCH(CX49,'NM O&G Production'!$Q$3:$Q$537,0)) -> 330 | CZ49: =INDEX('NM O&G Production'!$O$3:$O$537,MATCH(CY49,'NM O&G Production'!$P$3:$P$537,0)) -> No | DA49: =INDEX('NM O&G Production'!$K$3:$O$537,MATCH($CY49,'NM O&G Production'!$P$3:$P$537,0),MATCH(DA$2,'NM O&G Production'!$K$2:$O$2,0)) -> 0 | DB49: =INDEX('NM O&G Production'!$K$3:$O$537,MATCH($CY49,'NM O&G Production'!$P$3:$P$537,0),MATCH(DB$2,'NM O&G Production'!$K$2:$O$2,0)) -> 0 | DD49: =INDEX('NM O&G Production'!$K$3:$O$537,MATCH($CY49,'NM O&G Production'!$P$3:$P$537,0),MATCH(DD$2,'NM O&G Production'!$K$2:$O$2,0)) -> 0 | DE49: =INDEX('NM O&G Production'!$K$3:$O$537,MATCH($CY49,'NM O&G Production'!$P$3:$P$537,0),MATCH(DE$2,'NM O&G Production'!$K$2:$O$2,0)) -> 0 | DF49: =CK49/(DB49+DA49) -> #DIV/0! | DG49: =DD49*(12/18)*1.06*'Oil and Gas Prices'!$C$18 -> 0 | DH49: =DE49*(12/18)*'Oil and Gas Prices'!$C$4 -> 0 | DJ49: =(DG49+DH49)/(DA49+DB49) -> #DIV/0! | DK49: =CK49/DI49 -> #DIV/0!
A50: Energen Resources | B50: 2010 Afton Place | D50: Farmington | E50: NM | F50: 87401 | G50: USA | I50: 142 | J50: M | K50: Standard Match | L50: AAAAAZZ | M50: 10 | N50: 11-651-1007 | O50: Energen Resources Corporation | P50: Energen | Q50: 2010 Afton Pl | R50: Farmington | S50: New Mexico | T50: 87401-1601 | U50: USA | V50: 5053256800 | W50: 4308765 | X50: 1 | Y50: 1 | Z50: 1997 | AA50: Single Location | AB50: James T Mc Manus II | AC50: President | AD50: Oil and gas exploration services | AE50: 1382 | AF50: Oil and Gas Exploration Services | AI50: 13820000 | AJ50: Oil and gas exploration services | AM50: 213112 | AN50: Support Activities for Oil and Gas Operations | AQ50: Subsidiary | AR50: 07-853-6538 | AS50: Diamondback Energy, Inc. | AT50: N | AU50: TX | AV50: USA | AW50: 07-853-6538 | AX50: Diamondback Energy, Inc. | AY50: TX | AZ50: USA | BA50: 09-570-6032 | BC50: Energen Corporation | BD50: TX | BE50: USA | BF50: 3 | BG50: 25 | BH50: 07-853-6538 | BI50: Diamondback Energy, Inc. | BJ50: Diamondback | BK50: 500 W Texas Ave Ste 1200 | BL50: Midland | BM50: Texas | BN50: 79701-4203 | BO50: USA | BP50: 4322217400 | BQ50: 3964000000 | BR50: 22 | BS50: 711 | BT50: 2007 | BU50: Headquarters | BV50: Travis D Stice | BW50: Chief Executive Officer | BX50: Oil and gas exploration services | BY50: 1311 | BZ50: Crude Petroleum and Natural Gas | CC50: 13110000 | CD50: Crude petroleum and natural gas | CG50: 213112 | CH50: Support Activities for Oil and Gas Operations | CK50: =IF(BQ50>0,BQ50,W50) -> 3964000000 | CL50: =IF(BS50>0,BS50,Y50) -> 711 | CM50: =IF(CG50>0,CG50,AM50) -> 213112 | CN50: =IF($BH50="",1,COUNTIF($BH$3:$BH50,$BH50)) -> 1 | CP50: =IF($K50="Standard Match","Match",IF($K50="Name Only Match",IF($CO50="Yes","Match","Name Only Match"),"No Match")) -> Match | CQ50: =IF(AND(CP50="Match",CK50>0,CL50>0),"Y","N") -> Y | CS50: =IF($CQ50="Y",VLOOKUP($CM50,'SBA Size Standards'!$B$3:$G$57,MATCH('SBA Size Standards'!$G$3,'SBA Size Standards'!$B$3:$G$3,0),FALSE),"") -> Revenue | CT50: =IF(CQ50="Y",IF($CS50="Employment","N/A",VLOOKUP($CM50,'SBA Size Standards'!$B$3:$G$57,MATCH('SBA Size Standards'!$E$3,'SBA Size Standards'!$B$3:$G$3,0),FALSE)),"") -> 41500000 | CU50: =IF($CQ50="Y",IF($CS50="Revenue","N/A",VLOOKUP($CM50,'SBA Size Standards'!$B$3:$G$57,MATCH('SBA Size Standards'!$F$3,'SBA Size Standards'!$B$3:$G$3,0),FALSE)),"") -> N/A | CV50: =IF($CQ50="Y",IF(OR(AND($CS50="Employment",$CL50<$CU50),AND($CS50="Revenue",$CK50<$CT50)),"YES","NO"),"") -> NO | CW50: =IF($CQ50="Y",INDEX('SBA Size Standards'!$N$3:$N$12,MATCH($CK50,'SBA Size Standards'!$O$3:$O$12,1)),"") -> $1,000,000,001 -$125,000,000,000 | CX50: ENERGENRESOURCES2010AFTONPLACEFARMINGTON | CY50: =INDEX('NM O&G Production'!$P$3:$P$537,MATCH(CX50,'NM O&G Production'!$Q$3:$Q$537,0)) -> 142 | CZ50: =INDEX('NM O&G Production'!$O$3:$O$537,MATCH(CY50,'NM O&G Production'!$P$3:$P$537,0)) -> No | DA50: =INDEX('NM O&G Production'!$K$3:$O$537,MATCH($CY50,'NM O&G Production'!$P$3:$P$537,0),MATCH(DA$2,'NM O&G Production'!$K$2:$O$2,0)) -> 0 | DB50: =INDEX('NM O&G Production'!$K$3:$O$537,MATCH($CY50,'NM O&G Production'!$P$3:$P$537,0),MATCH(DB$2,'NM O&G Production'!$K$2:$O$2,0)) -> 0 | DD50: =INDEX('NM O&G Production'!$K$3:$O$537,MATCH($CY50,'NM O&G Production'!$P$3:$P$537,0),MATCH(DD$2,'NM O&G Production'!$K$2:$O$2,0)) -> 0 | DE50: =INDEX('NM O&G Production'!$K$3:$O$537,MATCH($CY50,'NM O&G Production'!$P$3:$P$537,0),MATCH(DE$2,'NM O&G Production'!$K$2:$O$2,0)) -> 0 | DF50: =CK50/(DB50+DA50) -> #DIV/0! | DG50: =DD50*(12/18)*1.06*'Oil and Gas Prices'!$C$18 -> 0 | DH50: =DE50*(12/18)*'Oil and Gas Prices'!$C$4 -> 0 | DJ50: =(DG50+DH50)/(DA50+DB50) -> #DIV/0! | DK50: =CK50/DI50 -> #DIV/0!
A51: ENERGEN RESOURCES CORPORATION | B51: 3510 N A St | D51: Midland | E51: TX | F51: 79705 | G51: USA | I51: 143 | J51: M | K51: Standard Match | L51: ABAAAZZ | M51: 10 | N51: 04-731-6166 | O51: Energen Resources Corporation | P51: Energen Resources | Q51: 3300 N A St Bldg 4 | R51: Midland | S51: Texas | T51: 79705-5421 | U51: USA | V51: 4326871155 | X51: 11 | Y51: 0 | AA51: Branch | AB51: JOE NIEDERHOFER | AC51: Branch Manager | AD51: Crude petroleum and natural gas, nsk | AE51: 1311 | AF51: Crude Petroleum and Natural Gas | AG51: 4922 | AH51: Natural Gas Transmission | AI51: 13110101 | AJ51: Crude petroleum production | AK51: 49220000 | AL51: Natural gas transmission | AM51: 211120 | AN51: Crude Petroleum Extraction | AO51: 486210 | AP51: Pipeline Transportation of Natural Gas | AQ51: Not a Subsidiary | AR51: 07-853-6538 | AS51: Diamondback Energy, Inc. | AT51: N | AU51: TX | AV51: USA | AW51: 07-853-6538 | AX51: Diamondback Energy, Inc. | AY51: TX | AZ51: USA | BB51: 14-787-1420 | BC51: Energen Resources Corporation | BD51: AL | BE51: USA | BF51: 3 | BG51: 25 | BH51: 07-853-6538 | BI51: Diamondback Energy, Inc. | BJ51: Diamondback | BK51: 500 W Texas Ave Ste 1200 | BL51: Midland | BM51: Texas | BN51: 79701-4203 | BO51: USA | BP51: 4322217400 | BQ51: 3964000000 | BR51: 22 | BS51: 711 | BT51: 2007 | BU51: Headquarters | BV51: Travis D Stice | BW51: Chief Executive Officer | BX51: Oil and gas exploration services | BY51: 1311 | BZ51: Crude Petroleum and Natural Gas | CC51: 13110000 | CD51: Crude petroleum and natural gas | CG51: 213112 | CH51: Support Activities for Oil and Gas Operations | CK51: =IF(BQ51>0,BQ51,W51) -> 3964000000 | CL51: =IF(BS51>0,BS51,Y51) -> 711 | CM51: =IF(CG51>0,CG51,AM51) -> 213112 | CN51: =IF($BH51="",1,COUNTIF($BH$3:$BH51,$BH51)) -> 2 | CP51: =IF($K51="Standard Match","Match",IF($K51="Name Only Match",IF($CO51="Yes","Match","Name Only Match"),"No Match")) -> Match | CQ51: =IF(AND(CP51="Match",CK51>0,CL51>0),"Y","N") -> Y | CS51: =IF($CQ51="Y",VLOOKUP($CM51,'SBA Size Standards'!$B$3:$G$57,MATCH('SBA Size Standards'!$G$3,'SBA Size Standards'!$B$3:$G$3,0),FALSE),"") -> Revenue | CT51: =IF(CQ51="Y",IF($CS51="Employment","N/A",VLOOKUP($CM51,'SBA Size Standards'!$B$3:$G$57,MATCH('SBA Size Standards'!$E$3,'SBA Size Standards'!$B$3:$G$3,0),FALSE)),"") -> 41500000 | CU51: =IF($CQ51="Y",IF($CS51="Revenue","N/A",VLOOKUP($CM51,'SBA Size Standards'!$B$3:$G$57,MATCH('SBA Size Standards'!$F$3,'SBA Size Standards'!$B$3:$G$3,0),FALSE)),"") -> N/A | CV51: =IF($CQ51="Y",IF(OR(AND($CS51="Employment",$CL51<$CU51),AND($CS51="Revenue",$CK51<$CT51)),"YES","NO"),"") -> NO | CW51: =IF($CQ51="Y",INDEX('SBA Size Standards'!$N$3:$N$12,MATCH($CK51,'SBA Size Standards'!$O$3:$O$12,1)),"") -> $1,000,000,001 -$125,000,000,000 | CX51: ENERGENRESOURCESCORPORATION3510NASTMIDLAND | CY51: =INDEX('NM O&G Production'!$P$3:$P$537,MATCH(CX51,'NM O&G Production'!$Q$3:$Q$537,0)) -> 143 | CZ51: =INDEX('NM O&G Production'!$O$3:$O$537,MATCH(CY51,'NM O&G Production'!$P$3:$P$537,0)) -> Yes | DA51: =INDEX('NM O&G Production'!$K$3:$O$537,MATCH($CY51,'NM O&G Production'!$P$3:$P$537,0),MATCH(DA$2,'NM O&G Production'!$K$2:$O$2,0)) -> 1 | DB51: =INDEX('NM O&G Production'!$K$3:$O$537,MATCH($CY51,'NM O&G Production'!$P$3:$P$537,0),MATCH(DB$2,'NM O&G Production'!$K$2:$O$2,0)) -> 1 | DC51: =DA51+DB51 -> 2 | DD51: =INDEX('NM O&G Production'!$K$3:$O$537,MATCH($CY51,'NM O&G Production'!$P$3:$P$537,0),MATCH(DD$2,'NM O&G Production'!$K$2:$O$2,0)) -> 147874 | DE51: =INDEX('NM O&G Production'!$K$3:$O$537,MATCH($CY51,'NM O&G Production'!$P$3:$P$537,0),MATCH(DE$2,'NM O&G Production'!$K$2:$O$2,0)) -> 39972 | DF51: =CK51/(DB51+DA51) -> 1982000000 | DG51: =DD51*(12/18)*1.06*'Oil and Gas Prices'!$C$18 -> 249749.33 | DH51: =DE51*(12/18)*'Oil and Gas Prices'!$C$4 -> 1199160 | DI51: =DG51+DH51 -> 1448909.3 | DJ51: =(DG51+DH51)/(DA51+DB51) -> 724454.66
A52: EnLink Delaware Crude Pipeline LLC | B52: 1722 Routh Street | D52: Dallas | E52: TX | F52: 75201 | G52: USA | I52: 148 | J52: M | K52: Standard Match | L52: BAAAAZZ | M52: 8 | N52: 11-709-3002 | O52: Enlink Crude Pipeline, LLC | Q52: 1722 Routh St Ste 1300 | R52: Dallas | S52: Texas | T52: 75201-2502 | U52: USA | V52: 2149539500 | W52: 810033 | X52: 32 | Y52: 32 | Z52: 2019 | AA52: Single Location | AD52: Natural gas transmission | AE52: 4922 | AF52: Natural Gas Transmission | AI52: 49229901 | AJ52: Pipelines, natural gas | AM52: 486210 | AN52: Pipeline Transportation of Natural Gas | AQ52: Subsidiary | AR52: 07-926-8238 | AS52: Enlink Midstream, LLC | AT52: N | AU52: TX | AV52: USA | AW52: 07-926-8238 | AX52: Enlink Midstream, LLC | AY52: TX | AZ52: USA | BA52: 87-863-6729 | BC52: Enlink Midstream Partners, LP | BD52: TX | BE52: USA | BF52: 3 | BG52: 103 | BH52: 07-926-8238 | BI52: Enlink Midstream, LLC | BK52: 1722 Routh St Ste 1300 | BL52: Dallas | BM52: Texas | BN52: 75201-2502 | BO52: USA | BP52: 2149539500 | BQ52: 3893800000 | BR52: 70 | BS52: 1449 | BT52: 2002 | BU52: Headquarters | BV52: Barry E Davis | BW52: Chief Executive Officer | BX52: Natural gas transmission | BY52: 4922 | BZ52: Natural Gas Transmission | CC52: 49220000 | CD52: Natural gas transmission | CG52: 486210 | CH52: Pipeline Transportation of Natural Gas | CK52: =IF(BQ52>0,BQ52,W52) -> 3893800000 | CL52: =IF(BS52>0,BS52,Y52) -> 1449 | CM52: =IF(CG52>0,CG52,AM52) -> 486210 | CN52: =IF($BH52="",1,COUNTIF($BH$3:$BH52,$BH52)) -> 1 | CP52: =IF($K52="Standard Match","Match",IF($K52="Name Only Match",IF($CO52="Yes","Match","Name Only Match"),"No Match")) -> Match | CQ52: =IF(AND(CP52="Match",CK52>0,CL52>0),"Y","N") -> Y | CS52: =IF($CQ52="Y",VLOOKUP($CM52,'SBA Size Standards'!$B$3:$G$57,MATCH('SBA Size Standards'!$G$3,'SBA Size Standards'!$B$3:$G$3,0),FALSE),"") -> Revenue | CT52: =IF(CQ52="Y",IF($CS52="Employment","N/A",VLOOKUP($CM52,'SBA Size Standards'!$B$3:$G$57,MATCH('SBA Size Standards'!$E$3,'SBA Size Standards'!$B$3:$G$3,0),FALSE)),"") -> 30000000 | CU52: =IF($CQ52="Y",IF($CS52="Revenue","N/A",VLOOKUP($CM52,'SBA Size Standards'!$B$3:$G$57,MATCH('SBA Size Standards'!$F$3,'SBA Size Standards'!$B$3:$G$3,0),FALSE)),"") -> N/A | CV52: =IF($CQ52="Y",IF(OR(AND($CS52="Employment",$CL52<$CU52),AND($CS52="Revenue",$CK52<$CT52)),"YES","NO"),"") -> NO | CW52: =IF($CQ52="Y",INDEX('SBA Size Standards'!$N$3:$N$12,MATCH($CK52,'SBA Size Standards'!$O$3:$O$12,1)),"") -> $1,000,000,001 -$125,000,000,000 | CX52: ENLINKDELAWARECRUDEPIPELINELLC1722ROUTHSTREETDALLAS | CY52: =INDEX('NM O&G Production'!$P$3:$P$537,MATCH(CX52,'NM O&G Production'!$Q$3:$Q$537,0)) -> 148 | CZ52: =INDEX('NM O&G Production'!$O$3:$O$537,MATCH(CY52,'NM O&G Production'!$P$3:$P$537,0)) -> No | DA52: =INDEX('NM O&G Production'!$K$3:$O$537,MATCH($CY52,'NM O&G Production'!$P$3:$P$537,0),MATCH(DA$2,'NM O&G Production'!$K$2:$O$2,0)) -> 0 | DB52: =INDEX('NM O&G Production'!$K$3:$O$537,MATCH($CY52,'NM O&G Production'!$P$3:$P$537,0),MATCH(DB$2,'NM O&G Production'!$K$2:$O$2,0)) -> 0 | DD52: =INDEX('NM O&G Production'!$K$3:$O$537,MATCH($CY52,'NM O&G Production'!$P$3:$P$537,0),MATCH(DD$2,'NM O&G Production'!$K$2:$O$2,0)) -> 0 | DE52: =INDEX('NM O&G Production'!$K$3:$O$537,MATCH($CY52,'NM O&G Production'!$P$3:$P$537,0),MATCH(DE$2,'NM O&G Production'!$K$2:$O$2,0)) -> 0 | DF52: =CK52/(DB52+DA52) -> #DIV/0! | DG52: =DD52*(12/18)*1.06*'Oil and Gas Prices'!$C$18 -> 0 | DH52: =DE52*(12/18)*'Oil and Gas Prices'!$C$4 -> 0 | DJ52: =(DG52+DH52)/(DA52+DB52) -> #DIV/0! | DK52: =CK52/DI52 -> #DIV/0!
A53: Crestwood New Mexico, LLC | B53: 811 Main Street | D53: Houston | E53: TX | F53: 77002 | G53: USA | I53: 104 | J53: M | K53: Standard Match | L53: BAAAAZZ | M53: 8 | N53: 03-994-9222 | O53: Crestwood Equity Partners LP | P53: Crestwood | Q53: 811 Main St Ste 3400 | R53: Houston | S53: Texas | T53: 77002-6131 | U53: USA | V53: 8325192200 | W53: 3181900000 | X53: 90 | Y53: 894 | Z53: 2001 | AA53: Headquarters | AB53: Robert G Phillips | AC53: Chairman of the Board | AD53: Petroleum products, nec | AE53: 5172 | AF53: Petroleum Products, Nec | AG53: 5984 | AH53: Liquefied Petroleum Gas Dealers | AI53: 51720000 | AJ53: Petroleum products, nec | AK53: 59849903 | AL53: Propane gas, bottled | AM53: 424720 | AN53: Petroleum and Petroleum Products Merchant Wholesalers (except Bulk Stations and Terminals) | AO53: 454310 | AP53: Fuel Dealers | AQ53: Not a Subsidiary | AR53: 03-994-9222 | AS53: Crestwood Equity Partners LP | AT53: Y | AU53: TX | AV53: USA | AW53: 03-994-9222 | AX53: Crestwood Equity Partners LP | AY53: TX | AZ53: USA | BE53: USA | BF53: 1 | BG53: 264 | BH53: 03-994-9222 | BI53: Crestwood Equity Partners LP | BJ53: Crestwood | BK53: 811 Main St Ste 3400 | BL53: Houston | BM53: Texas | BN53: 77002-6131 | BO53: USA | BP53: 8325192200 | BQ53: 3181900000 | BR53: 90 | BS53: 894 | BT53: 2001 | BU53: Headquarters | BV53: Robert G Phillips | BW53: Chairman of the Board | BX53: Petroleum products, nec | BY53: 5172 | BZ53: Petroleum Products, Nec | CA53: 5984 | CB53: Liquefied Petroleum Gas Dealers | CC53: 51720000 | CD53: Petroleum products, nec | CE53: 59849903 | CF53: Propane gas, bottled | CG53: 424720 | CH53: Petroleum and Petroleum Products Merchant Wholesalers (except Bulk Stations and Terminals) | CI53: 454310 | CJ53: Fuel Dealers | CK53: =IF(BQ53>0,BQ53,W53) -> 3181900000 | CL53: =IF(BS53>0,BS53,Y53) -> 894 | CM53: =IF(CG53>0,CG53,AM53) -> 424720 | CN53: =IF($BH53="",1,COUNTIF($BH$3:$BH53,$BH53)) -> 1 | CP53: =IF($K53="Standard Match","Match",IF($K53="Name Only Match",IF($CO53="Yes","Match","Name Only Match"),"No Match")) -> Match | CQ53: =IF(AND(CP53="Match",CK53>0,CL53>0),"Y","N") -> Y | CS53: =IF($CQ53="Y",VLOOKUP($CM53,'SBA Size Standards'!$B$3:$G$57,MATCH('SBA Size Standards'!$G$3,'SBA Size Standards'!$B$3:$G$3,0),FALSE),"") -> Employment | CT53: =IF(CQ53="Y",IF($CS53="Employment","N/A",VLOOKUP($CM53,'SBA Size Standards'!$B$3:$G$57,MATCH('SBA Size Standards'!$E$3,'SBA Size Standards'!$B$3:$G$3,0),FALSE)),"") -> N/A | CU53: =IF($CQ53="Y",IF($CS53="Revenue","N/A",VLOOKUP($CM53,'SBA Size Standards'!$B$3:$G$57,MATCH('SBA Size Standards'!$F$3,'SBA Size Standards'!$B$3:$G$3,0),FALSE)),"") -> 200 | CV53: =IF($CQ53="Y",IF(OR(AND($CS53="Employment",$CL53<$CU53),AND($CS53="Revenue",$CK53<$CT53)),"YES","NO"),"") -> NO | CW53: =IF($CQ53="Y",INDEX('SBA Size Standards'!$N$3:$N$12,MATCH($CK53,'SBA Size Standards'!$O$3:$O$12,1)),"") -> $1,000,000,001 -$125,000,000,000 | CX53: CRESTWOODNEWMEXICOLLC811MAINSTREETHOUSTON | CY53: =INDEX('NM O&G Production'!$P$3:$P$537,MATCH(CX53,'NM O&G Production'!$Q$3:$Q$537,0)) -> 104 | CZ53: =INDEX('NM O&G Production'!$O$3:$O$537,MATCH(CY53,'NM O&G Production'!$P$3:$P$537,0)) -> No | DA53: =INDEX('NM O&G Production'!$K$3:$O$537,MATCH($CY53,'NM O&G Production'!$P$3:$P$537,0),MATCH(DA$2,'NM O&G Production'!$K$2:$O$2,0)) -> 0 | DB53: =INDEX('NM O&G Production'!$K$3:$O$537,MATCH($CY53,'NM O&G Production'!$P$3:$P$537,0),MATCH(DB$2,'NM O&G Production'!$K$2:$O$2,0)) -> 0 | DD53: =INDEX('NM O&G Production'!$K$3:$O$537,MATCH($CY53,'NM O&G Production'!$P$3:$P$537,0),MATCH(DD$2,'NM O&G Production'!$K$2:$O$2,0)) -> 0 | DE53: =INDEX('NM O&G Production'!$K$3:$O$537,MATCH($CY53,'NM O&G Production'!$P$3:$P$537,0),MATCH(DE$2,'NM O&G Production'!$K$2:$O$2,0)) -> 0 | DF53: =CK53/(DB53+DA53) -> #DIV/0! | DG53: =DD53*(12/18)*1.06*'Oil and Gas Prices'!$C$18 -> 0 | DH53: =DE53*(12/18)*'Oil and Gas Prices'!$C$4 -> 0 | DJ53: =(DG53+DH53)/(DA53+DB53) -> #DIV/0! | DK53: =CK53/DI53 -> #DIV/0!
A54: Delaware Basin Midstream LLC | B54: 1099 18th Street | D54: Denver | E54: CO | F54: 80202 | G54: USA | I54: 116 | J54: M | K54: Name Only Match | L54: AZZZZZZ | M54: 8 | N54: 96-808-8067 | O54: Delaware Basin Midstream, LLC | Q54: 1221 Lamar St Ste 1100 | R54: Houston | S54: Texas | T54: 77010-3075 | U54: USA | V54: 8326361000 | W54: 1216501 | X54: 5 | Y54: 5 | Z54: 2011 | AA54: Single Location | AB54: John J Lendrum III | AC54: Chief Executive Officer | AD54: Oil and gas exploration services | AE54: 1382 | AF54: Oil and Gas Exploration Services | AG54: 4923 | AH54: Gas Transmission and Distribution | AI54: 13820000 | AJ54: Oil and gas exploration services | AK54: 49230000 | AL54: Gas transmission and distribution | AM54: 213112 | AN54: Support Activities for Oil and Gas Operations | AO54: 221210 | AP54: Natural Gas Distribution | AQ54: Subsidiary | AR54: 07-861-9740 | AS54: Western Midstream Partners, LP | AT54: N | AU54: TX | AV54: USA | AW54: 07-861-9740 | AX54: Western Midstream Partners, LP | AY54: TX | AZ54: USA | BA54: 80-910-7803 | BC54: Western Midstream Operating, LP | BD54: TX | BE54: USA | BF54: 3 | BG54: 17 | BH54: 07-861-9740 | BI54: Western Midstream Partners, LP | BK54: 9950 Woodloch Forest Dr | BL54: The Woodlands | BM54: Texas | BN54: 77380-3991 | BO54: USA | BP54: 8326366000 | BQ54: 2983692000 | BR54: 13 | BS54: 602 | BT54: 2007 | BU54: Headquarters | BV54: Michael P Ure | BW54: President | BX54: Crude petroleum and natural gas, nsk | BY54: 1311 | BZ54: Crude Petroleum and Natural Gas | CA54: 7371 | CB54: Custom Computer Programming Services | CC54: 13110000 | CD54: Crude petroleum and natural gas | CE54: 73710300 | CF54: Computer software development and applications | CG54: 211120 | CH54: Crude Petroleum Extraction | CI54: 541511 | CJ54: Custom Computer Programming Services | CK54: =IF(BQ54>0,BQ54,W54) -> 2983692000 | CL54: =IF(BS54>0,BS54,Y54) -> 602 | CM54: =IF(CG54>0,CG54,AM54) -> 211120 | CN54: =IF($BH54="",1,COUNTIF($BH$3:$BH54,$BH54)) -> 1 | CO54: Yes | CP54: =IF($K54="Standard Match","Match",IF($K54="Name Only Match",IF($CO54="Yes","Match","Name Only Match"),"No Match")) -> Match | CQ54: =IF(AND(CP54="Match",CK54>0,CL54>0),"Y","N") -> Y | CS54: =IF($CQ54="Y",VLOOKUP($CM54,'SBA Size Standards'!$B$3:$G$57,MATCH('SBA Size Standards'!$G$3,'SBA Size Standards'!$B$3:$G$3,0),FALSE),"") -> Employment | CT54: =IF(CQ54="Y",IF($CS54="Employment","N/A",VLOOKUP($CM54,'SBA Size Standards'!$B$3:$G$57,MATCH('SBA Size Standards'!$E$3,'SBA Size Standards'!$B$3:$G$3,0),FALSE)),"") -> N/A | CU54: =IF($CQ54="Y",IF($CS54="Revenue","N/A",VLOOKUP($CM54,'SBA Size Standards'!$B$3:$G$57,MATCH('SBA Size Standards'!$F$3,'SBA Size Standards'!$B$3:$G$3,0),FALSE)),"") -> 1250 | CV54: =IF($CQ54="Y",IF(OR(AND($CS54="Employment",$CL54<$CU54),AND($CS54="Revenue",$CK54<$CT54)),"YES","NO"),"") -> YES | CW54: =IF($CQ54="Y",INDEX('SBA Size Standards'!$N$3:$N$12,MATCH($CK54,'SBA Size Standards'!$O$3:$O$12,1)),"") -> $1,000,000,001 -$125,000,000,000 | CX54: DELAWAREBASINMIDSTREAMLLC109918THSTREETDENVER | CY54: =INDEX('NM O&G Production'!$P$3:$P$537,MATCH(CX54,'NM O&G Production'!$Q$3:$Q$537,0)) -> 116 | CZ54: =INDEX('NM O&G Production'!$O$3:$O$537,MATCH(CY54,'NM O&G Production'!$P$3:$P$537,0)) -> No | DA54: =INDEX('NM O&G Production'!$K$3:$O$537,MATCH($CY54,'NM O&G Production'!$P$3:$P$537,0),MATCH(DA$2,'NM O&G Production'!$K$2:$O$2,0)) -> 0 | DB54: =INDEX('NM O&G Production'!$K$3:$O$537,MATCH($CY54,'NM O&G Production'!$P$3:$P$537,0),MATCH(DB$2,'NM O&G Production'!$K$2:$O$2,0)) -> 0 | DD54: =INDEX('NM O&G Production'!$K$3:$O$537,MATCH($CY54,'NM O&G Production'!$P$3:$P$537,0),MATCH(DD$2,'NM O&G Production'!$K$2:$O$2,0)) -> 0 | DE54: =INDEX('NM O&G Production'!$K$3:$O$537,MATCH($CY54,'NM O&G Production'!$P$3:$P$537,0),MATCH(DE$2,'NM O&G Production'!$K$2:$O$2,0)) -> 0 | DF54: =CK54/(DB54+DA54) -> #DIV/0! | DG54: =DD54*(12/18)*1.06*'Oil and Gas Prices'!$C$18 -> 0 | DH54: =DE54*(12/18)*'Oil and Gas Prices'!$C$4 -> 0 | DJ54: =(DG54+DH54)/(DA54+DB54) -> #DIV/0! | DK54: =CK54/DI54 -> #DIV/0!
